Workbook

Sheet CAPA - ORÇAMENTO
C9: ORÇAMENTO
C14: OBJETO: | D14: ='DADOS DA OBRA'!$B$12 -> CONCLUSÃO DO REMANESCENTE DA OBRA DE REFORMA E AMPLIAÇÃO DA EFG EM ARTES BASILEU FRANÇA, LOCALIZADA EM GOIÂNIA-GO.
C15: LOCAL: | D15: ='DADOS DA OBRA'!$B$15&", "&'DADOS DA OBRA'!$B$18&"" -> AVENIDA UNIVERSITÁRIA, N. 1750, SETOR UNIVERSITÁRIO
C16: MUNICÍPIO: | D16: ='DADOS DA OBRA'!$J$18 & "-" & 'DADOS DA OBRA'!$M$18 -> GOIÂNIA-GO
C17: DATA: | D17: 10/04/2026
C18: REVISÃO: | D18: 00
C20: RESPONSÁVEL: | D20: ENGENHEIRO CIVIL LUCIANO MARTINS PARREIRA DE OLIVEIRA E SILVA
C21: CREA: | D21: 101881435-3/D-GO
C22: ART: | D22: 0
C23: RESPONSÁVEL: | D23: ENGENHEIRA CIVIL STEFANY SOARES VIEIRA
C24: CREA: | D24: 101914996-5/D-GO
C25: ART:
B500: CREA 101881435-3/D-GO CREA 1019149965D-GO

Sheet DADOS DA OBRA
B6: DADOS DO EMPREENDIMENTO
B11: OBJETO
B12: CONCLUSÃO DO REMANESCENTE DA OBRA DE REFORMA E AMPLIAÇÃO DA EFG EM ARTES BASILEU FRANÇA, LOCALIZADA EM GOIÂNIA-GO.
B14: ENDEREÇO
B15: AVENIDA UNIVERSITÁRIA, N. 1750
B17: Bairro | J17: Município | M17: UF
B18: SETOR UNIVERSITÁRIO | J18: GOIÂNIA | M18: GO
B20: Área Total de Construção | F20: BDI | J20: Data do Orçamento
F21: ='BDI NORMAL (SD) '!$J$25/100 -> 0.2507 | J21: 10/04/2026
B23: Prazo | F23: BDI REDUZIDO | J23: Valor sem BDI
B24: 6 MESES | F24: ='BDI DIFERENCIADO (SD) '!$J$25/100 -> 0.2086 | J24: ='ORÇAMENTO RESUMO (SD)'!$L$74 -> 25762830
B26: Vantajosidade | F26: Valor R$/M² | J26: Valor com BDI
B27: =VANTAJOSIDADE!$J$16 -> SEM DESONERAÇÃO | F27: ='ORÇAMENTO RESUMO (SD)'!$L$7 -> 0 | J27: ='ORÇAMENTO RESUMO (SD)'!$L$76 -> 31981615
B29: BASES
B30: SINAPI - 02/2026 - Goiás / SICRO3 - 10/2025 - Goiás / ORSE - 02/2026 - Sergipe / SEDOP - 03/2026 - Pará / SEINFRA - 028 - Ceará / SETOP - 01/2026 - Minas Gerais / IOPES - 12/2025 - Espírito Santo / SIURB - 07/2025 - São Paulo / SUDECAP - 10/2025 - Minas Gerais / CPOS/CDHU - 01/2026 - São Paulo / FDE - 01/2026 - São Paulo / AGESUL - 01/2026 - Mato Grosso do Sul / AGETOP CIVIL - 12/2025 - Goiás / AGETOP RODOVIARIA - 12/2025 - Goiás / EMBASA - 06/2025 - sem_encargos / EMOP - 02/2026 - Rio de Janeiro
B499: CREA 101881435-3/D-GO CREA 1019149965D-GO

Sheet CAPA - VANTAJOSIDADE
C13: VANTAJOSIDADE
B500: CREA 101881435-3/D-GO CREA 1019149965D-GO

Sheet VANTAJOSIDADE
B1: CÁLCULO DE VANTAJOSIDADE
B4: OBJETO: | C4: ='DADOS DA OBRA'!$B$12 -> CONCLUSÃO DO REMANESCENTE DA OBRA DE REFORMA E AMPLIAÇÃO DA EFG EM ARTES BASILEU FRANÇA, LOCALIZADA EM GOIÂNIA-GO. | M4: DATA: | N4: ='DADOS DA OBRA'!$J$21 -> 10/04/2026
B5: LOCAL: | C5: ='DADOS DA OBRA'!$B$15&", "&'DADOS DA OBRA'!$B$18&"" -> AVENIDA UNIVERSITÁRIA, N. 1750, SETOR UNIVERSITÁRIO | M5: REVISÃO: | N5: ='CAPA - ORÇAMENTO'!$D$18 -> 00
B6: MUNICÍPIO: | C6: ='DADOS DA OBRA'!$J$18 & "-" & 'DADOS DA OBRA'!$M$18 -> GOIÂNIA-GO
B8: O cálculo de vantajosidade se baseia na comparação direta entre os valores totais do orçamento e a escolha pelo que representa o menor valor, para tanto temos:
F11: a. Orçamento com desoneração: | J11: ='ORÇAMENTO SINTÉTICO (CD)'!L1487 -> 32719400
F12: b. Orçamento sem desoneração: | J12: ='ORÇAMENTO SINTÉTICO (SD)'!L1487 -> 31981615
F14: % de Diferença (a / b) | K14: =(J11/J12)-1 -> 0.023069034
F16: ORÇAMENTO COM MELHOR VANTAJOSIDADE: | J16: =+IF(J12<J11,"SEM DESONERAÇÃO","COM DESONERAÇÃO") -> SEM DESONERAÇÃO
B500: CREA 101881435-3/D-GO CREA 1019149965D-GO

Sheet CAPA - ORÇAMENTO (SD)
C13: ORÇAMENTO SEM DESONERAÇÃO
B500: CREA 101881435-3/D-GO CREA 1019149965D-GO

Sheet ORÇAMENTO RESUMO (SD)
B1: ORÇAMENTO RESUMO SEM DESONERAÇÃO
B3: OBJETO: | C3: ='DADOS DA OBRA'!$B$12 -> CONCLUSÃO DO REMANESCENTE DA OBRA DE REFORMA E AMPLIAÇÃO DA EFG EM ARTES BASILEU FRANÇA, LOCALIZADA EM GOIÂNIA-GO. | H3: DATA: | I3: ='DADOS DA OBRA'!$J$21 -> 10/04/2026 | K3: BDI OBRA: | L3: ='BDI NORMAL (SD) '!$J$25/100 -> 0.2507
B4: LOCAL: | C4: ='DADOS DA OBRA'!$B$15&", "&'DADOS DA OBRA'!$B$18&"" -> AVENIDA UNIVERSITÁRIA, N. 1750, SETOR UNIVERSITÁRIO | H4: REVISÃO: | I4: ='CAPA - ORÇAMENTO'!$D$18 -> 00 | K4: BDI DIFERENCIADO: | L4: ='BDI DIFERENCIADO (SD) '!$J$25/100 -> 0.2086
B5: MUNICÍPIO: | C5: ='DADOS DA OBRA'!$J$18 & "-" & 'DADOS DA OBRA'!$M$18 -> GOIÂNIA-GO | H5: PRAZO: | I5: ='DADOS DA OBRA'!$B$24 -> 6 MESES
B9: Item | E9: Descrição | J9: Total Sem BDI | K9: Total Com BDI | L9: Peso (%)
B10: ='ORÇAMENTO SINTÉTICO (SD)'!B11 -> 1 | E10: =VLOOKUP(B10,'ORÇAMENTO SINTÉTICO (SD)'!$B$11:$L$1488,4,FALSE) -> ADMINISTRAÇÃO LOCAL | J10: =VLOOKUP(B10,'ORÇAMENTO SINTÉTICO (SD)'!B6:L796,8,FALSE) -> 524239.2 | K10: =VLOOKUP(B10,'ORÇAMENTO SINTÉTICO (SD)'!B6:L796,11,FALSE) -> 655665.6 | L10: =K10/$L$76 -> 0.020501329
B11: ='ORÇAMENTO SINTÉTICO (SD)'!B20 -> 2 | E11: =VLOOKUP(B11,'ORÇAMENTO SINTÉTICO (SD)'!$B$11:$L$1488,4,FALSE) -> IMPLANTAÇÃO E ABRIGO DE RESÍDUOS | J11: =VLOOKUP(B11,'ORÇAMENTO SINTÉTICO (SD)'!B7:L796,8,FALSE) -> 3140874.4 | K11: =VLOOKUP(B11,'ORÇAMENTO SINTÉTICO (SD)'!B7:L796,11,FALSE) -> 3919512.6 | L11: =K11/$L$76 -> 0.12255518
B12: ='ORÇAMENTO SINTÉTICO (SD)'!B21 -> 2.1 | E12: =VLOOKUP(B12,'ORÇAMENTO SINTÉTICO (SD)'!$B$11:$L$1488,4,FALSE) -> SERVIÇOS PRELIMINARES | J12: =VLOOKUP(B12,'ORÇAMENTO SINTÉTICO (SD)'!B8:L796,8,FALSE) -> 18621.38 | K12: =VLOOKUP(B12,'ORÇAMENTO SINTÉTICO (SD)'!B8:L796,11,FALSE) -> 23288.99 | L12: =K12/$L$76 -> 0.00072819932
B13: ='ORÇAMENTO SINTÉTICO (SD)'!B25 -> 2.2 | E13: =VLOOKUP(B13,'ORÇAMENTO SINTÉTICO (SD)'!$B$11:$L$1488,4,FALSE) -> SERVIÇO EM TERRA | J13: =VLOOKUP(B13,'ORÇAMENTO SINTÉTICO (SD)'!B9:L796,8,FALSE) -> 14352.6 | K13: =VLOOKUP(B13,'ORÇAMENTO SINTÉTICO (SD)'!B9:L796,11,FALSE) -> 17934.58 | L13: =K13/$L$76 -> 0.00056077781
B14: ='ORÇAMENTO SINTÉTICO (SD)'!B31 -> 2.3 | E14: =VLOOKUP(B14,'ORÇAMENTO SINTÉTICO (SD)'!$B$11:$L$1488,4,FALSE) -> TRANSPORTES | J14: =VLOOKUP(B14,'ORÇAMENTO SINTÉTICO (SD)'!B10:L796,8,FALSE) -> 138864.66 | K14: =VLOOKUP(B14,'ORÇAMENTO SINTÉTICO (SD)'!B10:L796,11,FALSE) -> 173384.04 | L14: =K14/$L$76 -> 0.005421366
B15: ='ORÇAMENTO SINTÉTICO (SD)'!B34 -> 2.4 | E15: =VLOOKUP(B15,'ORÇAMENTO SINTÉTICO (SD)'!$B$11:$L$1488,4,FALSE) -> FUNDAÇÕES E SONDAGENS | J15: =VLOOKUP(B15,'ORÇAMENTO SINTÉTICO (SD)'!B11:L796,8,FALSE) -> 233644.18 | K15: =VLOOKUP(B15,'ORÇAMENTO SINTÉTICO (SD)'!B11:L796,11,FALSE) -> 292192.81 | L15: =K15/$L$76 -> 0.0091362744
B16: ='ORÇAMENTO SINTÉTICO (SD)'!B95 -> 2.5 | E16: =VLOOKUP(B16,'ORÇAMENTO SINTÉTICO (SD)'!$B$11:$L$1488,4,FALSE) -> ESTRUTURA | J16: =VLOOKUP(B16,'ORÇAMENTO SINTÉTICO (SD)'!B12:L796,8,FALSE) -> 137320.13 | K16: =VLOOKUP(B16,'ORÇAMENTO SINTÉTICO (SD)'!B12:L796,11,FALSE) -> 171725.24 | L16: =K16/$L$76 -> 0.0053694987
B17: ='ORÇAMENTO SINTÉTICO (SD)'!B114 -> 2.6 | E17: =VLOOKUP(B17,'ORÇAMENTO SINTÉTICO (SD)'!$B$11:$L$1488,4,FALSE) -> INST. ELÉT./TELEFÔNICA/CABEAMENTO ESTRUTURADO | J17: =VLOOKUP(B17,'ORÇAMENTO SINTÉTICO (SD)'!B13:L796,8,FALSE) -> 491877.87 | K17: =VLOOKUP(B17,'ORÇAMENTO SINTÉTICO (SD)'!B13:L796,11,FALSE) -> 615145.87 | L17: =K17/$L$76 -> 0.019234359
B18: ='ORÇAMENTO SINTÉTICO (SD)'!B229 -> 2.7 | E18: =VLOOKUP(B18,'ORÇAMENTO SINTÉTICO (SD)'!$B$11:$L$1488,4,FALSE) -> INSTALAÇÕES HDRO-SANITÁRIAS | J18: =VLOOKUP(B18,'ORÇAMENTO SINTÉTICO (SD)'!B14:L796,8,FALSE) -> 521582.13 | K18: =VLOOKUP(B18,'ORÇAMENTO SINTÉTICO (SD)'!B14:L796,11,FALSE) -> 645620.88 | L18: =K18/$L$76 -> 0.020187251
B19: ='ORÇAMENTO SINTÉTICO (SD)'!B360 -> 2.8 | E19: =VLOOKUP(B19,'ORÇAMENTO SINTÉTICO (SD)'!$B$11:$L$1488,4,FALSE) -> ALVENARIAS E DIVISÓRIAS | J19: =VLOOKUP(B19,'ORÇAMENTO SINTÉTICO (SD)'!B15:L796,8,FALSE) -> 155085.83 | K19: =VLOOKUP(B19,'ORÇAMENTO SINTÉTICO (SD)'!B15:L796,11,FALSE) -> 193961.57 | L19: =K19/$L$76 -> 0.0060647835
B20: ='ORÇAMENTO SINTÉTICO (SD)'!B367 -> 2.9 | E20: =VLOOKUP(B20,'ORÇAMENTO SINTÉTICO (SD)'!$B$11:$L$1488,4,FALSE) -> IMPERMEABILIZAÇÃO | J20: =VLOOKUP(B20,'ORÇAMENTO SINTÉTICO (SD)'!B16:L1483,8,FALSE) -> 11183.43 | K20: =VLOOKUP(B20,'ORÇAMENTO SINTÉTICO (SD)'!B16:L1483,11,FALSE) -> 13985.74 | L20: =K20/$L$76 -> 0.00043730562
B21: ='ORÇAMENTO SINTÉTICO (SD)'!B372 -> 2.10 | E21: =VLOOKUP(B21,'ORÇAMENTO SINTÉTICO (SD)'!$B$11:$L$1488,4,FALSE) -> COBERTURA | J21: =VLOOKUP(B21,'ORÇAMENTO SINTÉTICO (SD)'!B17:L1484,8,FALSE) -> 7181.04 | K21: =VLOOKUP(B21,'ORÇAMENTO SINTÉTICO (SD)'!B17:L1484,11,FALSE) -> 8979.99 | L21: =K21/$L$76 -> 0.00028078601
B22: ='ORÇAMENTO SINTÉTICO (SD)'!B377 -> 2.11 | E22: =VLOOKUP(B22,'ORÇAMENTO SINTÉTICO (SD)'!$B$11:$L$1488,4,FALSE) -> ESQUADRIAS METÁLICAS | J22: =VLOOKUP(B22,'ORÇAMENTO SINTÉTICO (SD)'!B18:L1485,8,FALSE) -> 201837.98 | K22: =VLOOKUP(B22,'ORÇAMENTO SINTÉTICO (SD)'!B18:L1485,11,FALSE) -> 252435.97 | L22: =K22/$L$76 -> 0.007893159
B23: ='ORÇAMENTO SINTÉTICO (SD)'!B388 -> 2.12 | E23: =VLOOKUP(B23,'ORÇAMENTO SINTÉTICO (SD)'!$B$11:$L$1488,4,FALSE) -> REVESTIMENTO DE PAREDES | J23: =VLOOKUP(B23,'ORÇAMENTO SINTÉTICO (SD)'!B19:L1486,8,FALSE) -> 268944.48 | K23: =VLOOKUP(B23,'ORÇAMENTO SINTÉTICO (SD)'!B19:L1486,11,FALSE) -> 336361.82 | L23: =K23/$L$76 -> 0.010517349
B24: ='ORÇAMENTO SINTÉTICO (SD)'!B393 -> 2.13 | E24: =VLOOKUP(B24,'ORÇAMENTO SINTÉTICO (SD)'!$B$11:$L$1488,4,FALSE) -> FORROS | J24: =VLOOKUP(B24,'ORÇAMENTO SINTÉTICO (SD)'!B20:L1487,8,FALSE) -> 1671.06 | K24: =VLOOKUP(B24,'ORÇAMENTO SINTÉTICO (SD)'!B20:L1487,11,FALSE) -> 2089.85 | L24: =K24/$L$76 -> 6.5345356e-05
B25: ='ORÇAMENTO SINTÉTICO (SD)'!B395 -> 2.14 | E25: =VLOOKUP(B25,'ORÇAMENTO SINTÉTICO (SD)'!$B$11:$L$1488,4,FALSE) -> REVESTIMENTO DE PISO | J25: =VLOOKUP(B25,'ORÇAMENTO SINTÉTICO (SD)'!B21:L1488,8,FALSE) -> 618097.74 | K25: =VLOOKUP(B25,'ORÇAMENTO SINTÉTICO (SD)'!B21:L1488,11,FALSE) -> 773015.85 | L25: =K25/$L$76 -> 0.024170632
B26: ='ORÇAMENTO SINTÉTICO (SD)'!B407 -> 2.15 | E26: =VLOOKUP(B26,'ORÇAMENTO SINTÉTICO (SD)'!$B$11:$L$1488,4,FALSE) -> PINTURA | J26: =VLOOKUP(B26,'ORÇAMENTO SINTÉTICO (SD)'!B22:L1489,8,FALSE) -> 96574.51 | K26: =VLOOKUP(B26,'ORÇAMENTO SINTÉTICO (SD)'!B22:L1489,11,FALSE) -> 120748.87 | L26: =K26/$L$76 -> 0.0037755714
B27: ='ORÇAMENTO SINTÉTICO (SD)'!B424 -> 2.16 | E27: =VLOOKUP(B27,'ORÇAMENTO SINTÉTICO (SD)'!$B$11:$L$1488,4,FALSE) -> PAISAGISMO | J27: =VLOOKUP(B27,'ORÇAMENTO SINTÉTICO (SD)'!B23:L1490,8,FALSE) -> 105575.81 | K27: =VLOOKUP(B27,'ORÇAMENTO SINTÉTICO (SD)'!B23:L1490,11,FALSE) -> 132020.16 | L27: =K27/$L$76 -> 0.0041280017
B28: ='ORÇAMENTO SINTÉTICO (SD)'!B437 -> 2.17 | E28: =VLOOKUP(B28,'ORÇAMENTO SINTÉTICO (SD)'!B11:L1488,4,FALSE) -> DIVERSOS | J28: =VLOOKUP(B28,'ORÇAMENTO SINTÉTICO (SD)'!B24:L1491,8,FALSE) -> 118459.53 | K28: =VLOOKUP(B28,'ORÇAMENTO SINTÉTICO (SD)'!B24:L1491,11,FALSE) -> 146620.4 | L28: =K28/$L$76 -> 0.0045845215
B29: ='ORÇAMENTO SINTÉTICO (SD)'!B444 -> 3 | E29: =VLOOKUP(B29,'ORÇAMENTO SINTÉTICO (SD)'!B11:L1488,4,FALSE) -> BLOCO 01 | J29: =VLOOKUP(B29,'ORÇAMENTO SINTÉTICO (SD)'!B25:L1492,8,FALSE) -> 4117305.1 | K29: =VLOOKUP(B29,'ORÇAMENTO SINTÉTICO (SD)'!B25:L1492,11,FALSE) -> 5080657.8 | L29: =K29/$L$76 -> 0.15886183
B30: ='ORÇAMENTO SINTÉTICO (SD)'!B445 -> 3.1 | E30: =VLOOKUP(B30,'ORÇAMENTO SINTÉTICO (SD)'!B24:L1488,4,FALSE) -> SERVIÇOS PRELIMINARES | J30: =VLOOKUP(B30,'ORÇAMENTO SINTÉTICO (SD)'!B25:L1493,8,FALSE) -> 32387.4 | K30: =VLOOKUP(B30,'ORÇAMENTO SINTÉTICO (SD)'!B25:L1493,11,FALSE) -> 40505.16 | L30: =K30/$L$76 -> 0.0012665139
B31: ='ORÇAMENTO SINTÉTICO (SD)'!B449 -> 3.2 | E31: =VLOOKUP(B31,'ORÇAMENTO SINTÉTICO (SD)'!B25:L1489,4,FALSE) -> SERVIÇO EM TERRA | J31: =VLOOKUP(B31,'ORÇAMENTO SINTÉTICO (SD)'!B25:L1494,8,FALSE) -> 13476.94 | K31: =VLOOKUP(B31,'ORÇAMENTO SINTÉTICO (SD)'!B25:L1494,11,FALSE) -> 16850.45 | L31: =K31/$L$76 -> 0.00052687927
B32: ='ORÇAMENTO SINTÉTICO (SD)'!B452 -> 3.3 | E32: =VLOOKUP(B32,'ORÇAMENTO SINTÉTICO (SD)'!B25:L1490,4,FALSE) -> TRANSPORTES | J32: =VLOOKUP(B32,'ORÇAMENTO SINTÉTICO (SD)'!B25:L1495,8,FALSE) -> 37823.4 | K32: =VLOOKUP(B32,'ORÇAMENTO SINTÉTICO (SD)'!B25:L1495,11,FALSE) -> 47243.8 | L32: =K32/$L$76 -> 0.0014772175
B33: ='ORÇAMENTO SINTÉTICO (SD)'!B455 -> 3.4 | E33: =VLOOKUP(B33,'ORÇAMENTO SINTÉTICO (SD)'!B25:L1491,4,FALSE) -> INST. ELÉT./TELEFÔNICA/CABEAMENTO ESTRUTURADO | J33: =VLOOKUP(B33,'ORÇAMENTO SINTÉTICO (SD)'!B25:L1496,8,FALSE) -> 397902.6 | K33: =VLOOKUP(B33,'ORÇAMENTO SINTÉTICO (SD)'!B25:L1496,11,FALSE) -> 497527.27 | L33: =K33/$L$76 -> 0.015556665
B34: ='ORÇAMENTO SINTÉTICO (SD)'!B553 -> 3.5 | E34: =VLOOKUP(B34,'ORÇAMENTO SINTÉTICO (SD)'!B25:L1492,4,FALSE) -> INSTALAÇÕES HDRO-SANITÁRIAS | J34: =VLOOKUP(B34,'ORÇAMENTO SINTÉTICO (SD)'!B25:L1497,8,FALSE) -> 250243.89 | K34: =VLOOKUP(B34,'ORÇAMENTO SINTÉTICO (SD)'!B25:L1497,11,FALSE) -> 312957.23 | L34: =K34/$L$76 -> 0.0097855356
B35: ='ORÇAMENTO SINTÉTICO (SD)'!B688 -> 3.6 | E35: =VLOOKUP(B35,'ORÇAMENTO SINTÉTICO (SD)'!B25:L1493,4,FALSE) -> INSTALAÇÕES ESPECIAIS | J35: =VLOOKUP(B35,'ORÇAMENTO SINTÉTICO (SD)'!B25:L1498,8,FALSE) -> 824932.53 | K35: =VLOOKUP(B35,'ORÇAMENTO SINTÉTICO (SD)'!B25:L1498,11,FALSE) -> 997002.32 | L35: =K35/$L$76 -> 0.031174233
B36: ='ORÇAMENTO SINTÉTICO (SD)'!B710 -> 3.7 | E36: =VLOOKUP(B36,'ORÇAMENTO SINTÉTICO (SD)'!B25:L1494,4,FALSE) -> ELEVADOR | J36: =VLOOKUP(B36,'ORÇAMENTO SINTÉTICO (SD)'!B25:L1499,8,FALSE) -> 224200 | K36: =VLOOKUP(B36,'ORÇAMENTO SINTÉTICO (SD)'!B25:L1499,11,FALSE) -> 270968.12 | L36: =K36/$L$76 -> 0.0084726216
B37: ='ORÇAMENTO SINTÉTICO (SD)'!B712 -> 3.8 | E37: =VLOOKUP(B37,'ORÇAMENTO SINTÉTICO (SD)'!B25:L1495,4,FALSE) -> ALVENARIAS E DIVISÓRIAS | J37: =VLOOKUP(B37,'ORÇAMENTO SINTÉTICO (SD)'!B26:L1500,8,FALSE) -> 447624.66 | K37: =VLOOKUP(B37,'ORÇAMENTO SINTÉTICO (SD)'!B26:L1500,11,FALSE) -> 559841.35 | L37: =K37/$L$76 -> 0.0175051
B38: ='ORÇAMENTO SINTÉTICO (SD)'!B718 -> 3.9 | E38: =VLOOKUP(B38,'ORÇAMENTO SINTÉTICO (SD)'!B25:L1496,4,FALSE) -> ISOLAMENTO TÉRMICO E ACÚSTICO | J38: =VLOOKUP(B38,'ORÇAMENTO SINTÉTICO (SD)'!B29:L1501,8,FALSE) -> 296508.57 | K38: =VLOOKUP(B38,'ORÇAMENTO SINTÉTICO (SD)'!B29:L1501,11,FALSE) -> 358358.77 | L38: =K38/$L$76 -> 0.011205149
B39: ='ORÇAMENTO SINTÉTICO (SD)'!B722 -> 3.10 | E39: =VLOOKUP(B39,'ORÇAMENTO SINTÉTICO (SD)'!B22:L1494,4,FALSE) -> ESQUADRIAS DE MADEIRA | J39: =VLOOKUP(B39,'ORÇAMENTO SINTÉTICO (SD)'!B27:L1499,8,FALSE) -> 211348.32 | K39: =VLOOKUP(B39,'ORÇAMENTO SINTÉTICO (SD)'!B27:L1499,11,FALSE) -> 264332.96 | L39: =K39/$L$76 -> 0.0082651536
B40: ='ORÇAMENTO SINTÉTICO (SD)'!B730 -> 3.11 | E40: =VLOOKUP(B40,'ORÇAMENTO SINTÉTICO (SD)'!B22:L1495,4,FALSE) -> ESQUADRIAS METÁLICAS | J40: =VLOOKUP(B40,'ORÇAMENTO SINTÉTICO (SD)'!B31:L1500,8,FALSE) -> 301763.99 | K40: =VLOOKUP(B40,'ORÇAMENTO SINTÉTICO (SD)'!B31:L1500,11,FALSE) -> 377414.56 | L40: =K40/$L$76 -> 0.011800985
B41: ='ORÇAMENTO SINTÉTICO (SD)'!B741 -> 3.12 | E41: =VLOOKUP(B41,'ORÇAMENTO SINTÉTICO (SD)'!B22:L1496,4,FALSE) -> BRISES FACHADAS | J41: =VLOOKUP(B41,'ORÇAMENTO SINTÉTICO (SD)'!B31:L1501,8,FALSE) -> 368402.4 | K41: =VLOOKUP(B41,'ORÇAMENTO SINTÉTICO (SD)'!B31:L1501,11,FALSE) -> 448957.03 | L41: =K41/$L$76 -> 0.014037973
B42: ='ORÇAMENTO SINTÉTICO (SD)'!B744 -> 3.13 | E42: =VLOOKUP(B42,'ORÇAMENTO SINTÉTICO (SD)'!B25:L1497,4,FALSE) -> VIDROS | J42: =VLOOKUP(B42,'ORÇAMENTO SINTÉTICO (SD)'!B30:L1502,8,FALSE) -> 23296.63 | K42: =VLOOKUP(B42,'ORÇAMENTO SINTÉTICO (SD)'!B30:L1502,11,FALSE) -> 29136.47 | L42: =K42/$L$76 -> 0.00091103811
B43: ='ORÇAMENTO SINTÉTICO (SD)'!B746 -> 3.14 | E43: =VLOOKUP(B43,'ORÇAMENTO SINTÉTICO (SD)'!B22:L1495,4,FALSE) -> REVESTIMENTO DE PAREDES | J43: =VLOOKUP(B43,'ORÇAMENTO SINTÉTICO (SD)'!B31:L1500,8,FALSE) -> 17444.64 | K43: =VLOOKUP(B43,'ORÇAMENTO SINTÉTICO (SD)'!B31:L1500,11,FALSE) -> 21813.27 | L43: =K43/$L$76 -> 0.00068205655
B44: ='ORÇAMENTO SINTÉTICO (SD)'!B749 -> 3.15 | E44: =VLOOKUP(B44,'ORÇAMENTO SINTÉTICO (SD)'!B22:L1496,4,FALSE) -> FORROS | J44: =VLOOKUP(B44,'ORÇAMENTO SINTÉTICO (SD)'!B31:L1501,8,FALSE) -> 168114.65 | K44: =VLOOKUP(B44,'ORÇAMENTO SINTÉTICO (SD)'!B31:L1501,11,FALSE) -> 210244.07 | L44: =K44/$L$76 -> 0.0065739041
B45: ='ORÇAMENTO SINTÉTICO (SD)'!B755 -> 3.16 | E45: =VLOOKUP(B45,'ORÇAMENTO SINTÉTICO (SD)'!B23:L1497,4,FALSE) -> REVESTIMENTO DE PISO | J45: =VLOOKUP(B45,'ORÇAMENTO SINTÉTICO (SD)'!B32:L1502,8,FALSE) -> 74930.02 | K45: =VLOOKUP(B45,'ORÇAMENTO SINTÉTICO (SD)'!B32:L1502,11,FALSE) -> 93713.51 | L45: =K45/$L$76 -> 0.0029302307
B46: ='ORÇAMENTO SINTÉTICO (SD)'!B763 -> 3.17 | E46: =VLOOKUP(B46,'ORÇAMENTO SINTÉTICO (SD)'!B25:L1498,4,FALSE) -> FERRAGENS | J46: =VLOOKUP(B46,'ORÇAMENTO SINTÉTICO (SD)'!B34:L1503,8,FALSE) -> 55468.5 | K46: =VLOOKUP(B46,'ORÇAMENTO SINTÉTICO (SD)'!B34:L1503,11,FALSE) -> 69368.92 | L46: =K46/$L$76 -> 0.0021690249
B47: ='ORÇAMENTO SINTÉTICO (SD)'!B775 -> 3.18 | E47: =VLOOKUP(B47,'ORÇAMENTO SINTÉTICO (SD)'!B25:L1499,4,FALSE) -> PINTURA | J47: =VLOOKUP(B47,'ORÇAMENTO SINTÉTICO (SD)'!B34:L1504,8,FALSE) -> 335115.27 | K47: =VLOOKUP(B47,'ORÇAMENTO SINTÉTICO (SD)'!B34:L1504,11,FALSE) -> 419011.49 | L47: =K47/$L$76 -> 0.013101636
B48: ='ORÇAMENTO SINTÉTICO (SD)'!B793 -> 3.19 | E48: =VLOOKUP(B48,'ORÇAMENTO SINTÉTICO (SD)'!B26:L1500,4,FALSE) -> DIVERSOS | J48: =VLOOKUP(B48,'ORÇAMENTO SINTÉTICO (SD)'!B35:L1505,8,FALSE) -> 36320.66 | K48: =VLOOKUP(B48,'ORÇAMENTO SINTÉTICO (SD)'!B35:L1505,11,FALSE) -> 45411.1 | L48: =K48/$L$76 -> 0.0014199127
B49: ='ORÇAMENTO SINTÉTICO (SD)'!B797 -> 4 | E49: =VLOOKUP(B49,'ORÇAMENTO SINTÉTICO (SD)'!B34:L1503,4,FALSE) -> BLOCO 04 | J49: =VLOOKUP(B49,'ORÇAMENTO SINTÉTICO (SD)'!B37:L1507,8,FALSE) -> 17980411 | K49: =VLOOKUP(B49,'ORÇAMENTO SINTÉTICO (SD)'!B37:L1507,11,FALSE) -> 22325779 | L49: =K49/$L$76 -> 0.69808166
B50: ='ORÇAMENTO SINTÉTICO (SD)'!B798 -> 4.1 | E50: =VLOOKUP(B50,'ORÇAMENTO SINTÉTICO (SD)'!B34:L1503,4,FALSE) -> SERVIÇOS PRELIMINARES | J50: =VLOOKUP(B50,'ORÇAMENTO SINTÉTICO (SD)'!B38:L1508,8,FALSE) -> 613718.64 | K50: =VLOOKUP(B50,'ORÇAMENTO SINTÉTICO (SD)'!B38:L1508,11,FALSE) -> 767544 | L50: =K50/$L$76 -> 0.023999539
B51: ='ORÇAMENTO SINTÉTICO (SD)'!B809 -> 4.2 | E51: =VLOOKUP(B51,'ORÇAMENTO SINTÉTICO (SD)'!B34:L1504,4,FALSE) -> SERVIÇO EM TERRA | J51: =VLOOKUP(B51,'ORÇAMENTO SINTÉTICO (SD)'!B39:L1509,8,FALSE) -> 19095.53 | K51: =VLOOKUP(B51,'ORÇAMENTO SINTÉTICO (SD)'!B39:L1509,11,FALSE) -> 23873.73 | L51: =K51/$L$76 -> 0.00074648294
B52: ='ORÇAMENTO SINTÉTICO (SD)'!B815 -> 4.3 | E52: =VLOOKUP(B52,'ORÇAMENTO SINTÉTICO (SD)'!B35:L1505,4,FALSE) -> TRANSPORTES | J52: =VLOOKUP(B52,'ORÇAMENTO SINTÉTICO (SD)'!B40:L1510,8,FALSE) -> 80647.61 | K52: =VLOOKUP(B52,'ORÇAMENTO SINTÉTICO (SD)'!B40:L1510,11,FALSE) -> 100756.92 | L52: =K52/$L$76 -> 0.0031504638
B53: ='ORÇAMENTO SINTÉTICO (SD)'!B819 -> 4.4 | E53: =VLOOKUP(B53,'ORÇAMENTO SINTÉTICO (SD)'!B36:L1506,4,FALSE) -> FUNDAÇÕES E SONDAGENS | J53: =VLOOKUP(B53,'ORÇAMENTO SINTÉTICO (SD)'!B41:L1511,8,FALSE) -> 208210.09 | K53: =VLOOKUP(B53,'ORÇAMENTO SINTÉTICO (SD)'!B41:L1511,11,FALSE) -> 260379.44 | L53: =K53/$L$76 -> 0.0081415351
B54: ='ORÇAMENTO SINTÉTICO (SD)'!B860 -> 4.5 | E54: =VLOOKUP(B54,'ORÇAMENTO SINTÉTICO (SD)'!B37:L1507,4,FALSE) -> ESTRUTURA | J54: =VLOOKUP(B54,'ORÇAMENTO SINTÉTICO (SD)'!B42:L1512,8,FALSE) -> 5129736.6 | K54: =VLOOKUP(B54,'ORÇAMENTO SINTÉTICO (SD)'!B42:L1512,11,FALSE) -> 6414625.7 | L54: =K54/$L$76 -> 0.20057229
B55: ='ORÇAMENTO SINTÉTICO (SD)'!B888 -> 4.6 | E55: =VLOOKUP(B55,'ORÇAMENTO SINTÉTICO (SD)'!B30:L1500,4,FALSE) -> INST. ELÉT./TELEFÔNICA/CABEAMENTO ESTRUTURADO | J55: =VLOOKUP(B55,'ORÇAMENTO SINTÉTICO (SD)'!B34:L1505,8,FALSE) -> 2392754.4 | K55: =VLOOKUP(B55,'ORÇAMENTO SINTÉTICO (SD)'!B34:L1505,11,FALSE) -> 2944446.7 | L55: =K55/$L$76 -> 0.092066855
B56: ='ORÇAMENTO SINTÉTICO (SD)'!B1092 -> 4.7 | E56: =VLOOKUP(B56,'ORÇAMENTO SINTÉTICO (SD)'!B31:L1501,4,FALSE) -> INSTALAÇÕES HDRO-SANITÁRIAS | J56: =VLOOKUP(B56,'ORÇAMENTO SINTÉTICO (SD)'!B34:L1506,8,FALSE) -> 474722.12 | K56: =VLOOKUP(B56,'ORÇAMENTO SINTÉTICO (SD)'!B34:L1506,11,FALSE) -> 593682.98 | L56: =K56/$L$76 -> 0.018563258
B57: ='ORÇAMENTO SINTÉTICO (SD)'!B1316 -> 4.8 | E57: =VLOOKUP(B57,'ORÇAMENTO SINTÉTICO (SD)'!B32:L1502,4,FALSE) -> INSTALAÇÕES ESPECIAIS | J57: =VLOOKUP(B57,'ORÇAMENTO SINTÉTICO (SD)'!B35:L1507,8,FALSE) -> 1801068.5 | K57: =VLOOKUP(B57,'ORÇAMENTO SINTÉTICO (SD)'!B35:L1507,11,FALSE) -> 2176745 | L57: =K57/$L$76 -> 0.068062384
B58: ='ORÇAMENTO SINTÉTICO (SD)'!B1353 -> 4.9 | E58: =VLOOKUP(B58,'ORÇAMENTO SINTÉTICO (SD)'!B33:L1503,4,FALSE) -> ELEVADOR | J58: =VLOOKUP(B58,'ORÇAMENTO SINTÉTICO (SD)'!B789:L1508,8,FALSE) -> 186081.45 | K58: =VLOOKUP(B58,'ORÇAMENTO SINTÉTICO (SD)'!B789:L1508,11,FALSE) -> 224898.04 | L58: =K58/$L$76 -> 0.007032104
B59: ='ORÇAMENTO SINTÉTICO (SD)'!B1355 -> 4.10 | E59: =VLOOKUP(B59,'ORÇAMENTO SINTÉTICO (SD)'!B34:L1504,4,FALSE) -> ALVENARIAS E DIVISÓRIAS | J59: =VLOOKUP(B59,'ORÇAMENTO SINTÉTICO (SD)'!B789:L1509,8,FALSE) -> 1558575.1 | K59: =VLOOKUP(B59,'ORÇAMENTO SINTÉTICO (SD)'!B789:L1509,11,FALSE) -> 1949264.7 | L59: =K59/$L$76 -> 0.060949539
B60: ='ORÇAMENTO SINTÉTICO (SD)'!B1366 -> 4.11 | E60: =VLOOKUP(B60,'ORÇAMENTO SINTÉTICO (SD)'!B34:L1505,4,FALSE) -> IMPERMEABILIZAÇÃO | J60: =VLOOKUP(B60,'ORÇAMENTO SINTÉTICO (SD)'!B790:L1510,8,FALSE) -> 64322.53 | K60: =VLOOKUP(B60,'ORÇAMENTO SINTÉTICO (SD)'!B790:L1510,11,FALSE) -> 80436.92 | L60: =K60/$L$76 -> 0.0025150988
B61: ='ORÇAMENTO SINTÉTICO (SD)'!B1372 -> 4.12 | E61: =VLOOKUP(B61,'ORÇAMENTO SINTÉTICO (SD)'!B34:L1506,4,FALSE) -> ISOLAMENTO TÉRMICO E ACÚSTICO | J61: =VLOOKUP(B61,'ORÇAMENTO SINTÉTICO (SD)'!B791:L1511,8,FALSE) -> 196972.15 | K61: =VLOOKUP(B61,'ORÇAMENTO SINTÉTICO (SD)'!B791:L1511,11,FALSE) -> 240225.8 | L61: =K61/$L$76 -> 0.0075113718
B62: ='ORÇAMENTO SINTÉTICO (SD)'!B1376 -> 4.13 | E62: =VLOOKUP(B62,'ORÇAMENTO SINTÉTICO (SD)'!B35:L1507,4,FALSE) -> COBERTURA | J62: =VLOOKUP(B62,'ORÇAMENTO SINTÉTICO (SD)'!B792:L1512,8,FALSE) -> 426131.77 | K62: =VLOOKUP(B62,'ORÇAMENTO SINTÉTICO (SD)'!B792:L1512,11,FALSE) -> 532863.69 | L62: =K62/$L$76 -> 0.016661563
B63: ='ORÇAMENTO SINTÉTICO (SD)'!B1381 -> 4.14 | E63: =VLOOKUP(B63,'ORÇAMENTO SINTÉTICO (SD)'!B38:L1508,4,FALSE) -> ESQUADRIAS DE MADEIRA | J63: =VLOOKUP(B63,'ORÇAMENTO SINTÉTICO (SD)'!B42:L1513,8,FALSE) -> 227453.13 | K63: =VLOOKUP(B63,'ORÇAMENTO SINTÉTICO (SD)'!B42:L1513,11,FALSE) -> 284475.15 | L63: =K63/$L$76 -> 0.0088949589
B64: ='ORÇAMENTO SINTÉTICO (SD)'!B1391 -> 4.15 | E64: =VLOOKUP(B64,'ORÇAMENTO SINTÉTICO (SD)'!B39:L1509,4,FALSE) -> ESQUADRIAS METÁLICAS | J64: =VLOOKUP(B64,'ORÇAMENTO SINTÉTICO (SD)'!B42:L1514,8,FALSE) -> 679380.55 | K64: =VLOOKUP(B64,'ORÇAMENTO SINTÉTICO (SD)'!B42:L1514,11,FALSE) -> 849698.62 | L64: =K64/$L$76 -> 0.026568346
B65: ='ORÇAMENTO SINTÉTICO (SD)'!B1402 -> 4.16 | E65: =VLOOKUP(B65,'ORÇAMENTO SINTÉTICO (SD)'!B40:L1510,4,FALSE) -> BRISES FACHADAS | J65: =VLOOKUP(B65,'ORÇAMENTO SINTÉTICO (SD)'!B43:L1515,8,FALSE) -> 754646.22 | K65: =VLOOKUP(B65,'ORÇAMENTO SINTÉTICO (SD)'!B43:L1515,11,FALSE) -> 921503.42 | L65: =K65/$L$76 -> 0.028813536
B66: ='ORÇAMENTO SINTÉTICO (SD)'!B1405 -> 4.17 | E66: =VLOOKUP(B66,'ORÇAMENTO SINTÉTICO (SD)'!B41:L1511,4,FALSE) -> VIDROS | J66: =VLOOKUP(B66,'ORÇAMENTO SINTÉTICO (SD)'!B44:L1516,8,FALSE) -> 31611.98 | K66: =VLOOKUP(B66,'ORÇAMENTO SINTÉTICO (SD)'!B44:L1516,11,FALSE) -> 39536.28 | L66: =K66/$L$76 -> 0.001236219
B67: ='ORÇAMENTO SINTÉTICO (SD)'!B1408 -> 4.18 | E67: =VLOOKUP(B67,'ORÇAMENTO SINTÉTICO (SD)'!B42:L1512,4,FALSE) -> REVESTIMENTO DE PAREDES | J67: =VLOOKUP(B67,'ORÇAMENTO SINTÉTICO (SD)'!B45:L1517,8,FALSE) -> 410877.02 | K67: =VLOOKUP(B67,'ORÇAMENTO SINTÉTICO (SD)'!B45:L1517,11,FALSE) -> 513829.81 | L67: =K67/$L$76 -> 0.016066412
B68: ='ORÇAMENTO SINTÉTICO (SD)'!B1418 -> 4.19 | E68: =VLOOKUP(B68,'ORÇAMENTO SINTÉTICO (SD)'!B38:L1509,4,FALSE) -> FORROS | J68: =VLOOKUP(B68,'ORÇAMENTO SINTÉTICO (SD)'!B46:L1518,8,FALSE) -> 446796.64 | K68: =VLOOKUP(B68,'ORÇAMENTO SINTÉTICO (SD)'!B46:L1518,11,FALSE) -> 558769.33 | L68: =K68/$L$76 -> 0.01747158
B69: ='ORÇAMENTO SINTÉTICO (SD)'!B1424 -> 4.20 | E69: =VLOOKUP(B69,'ORÇAMENTO SINTÉTICO (SD)'!B38:L1510,4,FALSE) -> REVESTIMENTO DE PISO | J69: =VLOOKUP(B69,'ORÇAMENTO SINTÉTICO (SD)'!B47:L1519,8,FALSE) -> 1550792.9 | K69: =VLOOKUP(B69,'ORÇAMENTO SINTÉTICO (SD)'!B47:L1519,11,FALSE) -> 1939504.5 | L69: =K69/$L$76 -> 0.060644359
B70: ='ORÇAMENTO SINTÉTICO (SD)'!B1445 -> 4.21 | E70: =VLOOKUP(B70,'ORÇAMENTO SINTÉTICO (SD)'!B39:L1511,4,FALSE) -> FERRAGENS | J70: =VLOOKUP(B70,'ORÇAMENTO SINTÉTICO (SD)'!B48:L1520,8,FALSE) -> 63840.59 | K70: =VLOOKUP(B70,'ORÇAMENTO SINTÉTICO (SD)'!B48:L1520,11,FALSE) -> 79839.01 | L70: =K70/$L$76 -> 0.0024964033
B71: ='ORÇAMENTO SINTÉTICO (SD)'!B1457 -> 4.22 | E71: =VLOOKUP(B71,'ORÇAMENTO SINTÉTICO (SD)'!B41:L1512,4,FALSE) -> PINTURA | J71: =VLOOKUP(B71,'ORÇAMENTO SINTÉTICO (SD)'!B49:L1521,8,FALSE) -> 636968.12 | K71: =VLOOKUP(B71,'ORÇAMENTO SINTÉTICO (SD)'!B49:L1521,11,FALSE) -> 796380.53 | L71: =K71/$L$76 -> 0.024901198
B72: ='ORÇAMENTO SINTÉTICO (SD)'!B1480 -> 4.23 | E72: =VLOOKUP(B72,'ORÇAMENTO SINTÉTICO (SD)'!B42:L1513,4,FALSE) -> DIVERSOS | J72: =VLOOKUP(B72,'ORÇAMENTO SINTÉTICO (SD)'!B50:L1522,8,FALSE) -> 26007.55 | K72: =VLOOKUP(B72,'ORÇAMENTO SINTÉTICO (SD)'!B50:L1522,11,FALSE) -> 32498.56 | L72: =K72/$L$76 -> 0.0010161638
B74: BASE: | C74: ='DADOS DA OBRA'!$B$30 -> SINAPI - 02/2026 - Goiás / SICRO3 - 10/2025 - Goiás / ORSE - 02/2026 - Sergipe / SEDOP - 03/2026 - Pará / SEINFRA - 028 - Ceará / SETOP - 01/2026 - Minas Gerais / IOPES - 12/2025 - Espírito Santo / SIURB - 07/2025 - São Paulo / SUDECAP - 10/2025 - Minas Gerais / CPOS/CDHU - 01/2026 - São Paulo / FDE - 01/2026 - São Paulo / AGESUL - 01/2026 - Mato Grosso do Sul / AGETOP CIVIL - 12/2025 - Goiás / AGETOP RODOVIARIA - 12/2025 - Goiás / EMBASA - 06/2025 - sem_encargos / EMOP - 02/2026 - Rio de Janeiro | K74: Total sem BDI | L74: =SUM(J10,J11,J29,J49) -> 25762830
K75: Total do BDI | L75: =L76-L74 -> 6218784.9
K76: Total Geral | L76: =IF(SUM(K10,K11,K29,K49)= 'ORÇAMENTO SINTÉTICO (SD)'!$L$1487,SUM(K10,K11,K29,K49),"ERRO") -> 31981615

Sheet ORÇAMENTO SINTÉTICO (SD)
B1: ORÇAMENTO SINTÉTICO SEM DESONERAÇÃO
H3: DATA: | I3: ='DADOS DA OBRA'!$J$21 -> 10/04/2026 | K3: BDI OBRA: | L3: ='BDI NORMAL (SD) '!$J$25/100 -> 0.2507
B4: OBJETO: | C4: ='DADOS DA OBRA'!B12 -> CONCLUSÃO DO REMANESCENTE DA OBRA DE REFORMA E AMPLIAÇÃO DA EFG EM ARTES BASILEU FRANÇA, LOCALIZADA EM GOIÂNIA-GO. | H4: REVISÃO: | I4: ='CAPA - ORÇAMENTO'!$D$18 -> 00 | K4: BDI DIFERENCIADO: | L4: ='BDI DIFERENCIADO (SD) '!$J$25/100 -> 0.2086
B5: LOCAL: | C5: ='DADOS DA OBRA'!$B$15&", "&'DADOS DA OBRA'!$B$18&"" -> AVENIDA UNIVERSITÁRIA, N. 1750, SETOR UNIVERSITÁRIO | H5: PRAZO: | I5: ='DADOS DA OBRA'!$B$24 -> 6 MESES
B6: MUNICÍPIO: | C6: ='DADOS DA OBRA'!$J$18 & "-" & 'DADOS DA OBRA'!$M$18 -> GOIÂNIA-GO
B10: Item | C10: Código | D10: Banco | E10: Descrição | F10: Und | G10: Qtd | H10: Valor Unit | I10: Valor Total sem BDI | J10: BDI | K10: Valor Unit com BDI | L10: Valor Total com BDI
B11: 1 | E11: ADMINISTRAÇÃO LOCAL | I11: =SUBTOTAL(9,I12:I19) -> 524239.2 | L11: =SUBTOTAL(9,L12:L19) -> 655665.6
B12: 1.1 | C12: 250101 | D12: AGETOP CIVIL | E12: ENGENHEIRO - (OBRAS CIVIS) | F12: MÊS | G12: 6 | H12: 24998.87 | I12: =TRUNC(G12 * H12, 2) -> 149993.22 | J12: =+$L$3 -> 0.2507 | K12: =TRUNC(H12 * (1 + J12), 2) -> 31266.08 | L12: =TRUNC(G12 * K12, 2) -> 187596.48
B13: 1.2 | C13: 250102 | D13: AGETOP CIVIL | E13: MESTRE DE OBRA - (OBRAS CIVIS) | F13: MÊS | G13: 6 | H13: 12985.9 | I13: =TRUNC(G13 * H13, 2) -> 77915.4 | J13: =+$L$3 -> 0.2507 | K13: =TRUNC(H13 * (1 + J13), 2) -> 16241.46 | L13: =TRUNC(G13 * K13, 2) -> 97448.76
B14: 1.3 | C14: 250103 | D14: AGETOP CIVIL | E14: ENCARREGADO - (OBRAS CIVIS) | F14: MÊS | G14: 12 | H14: 7069.47 | I14: =TRUNC(G14 * H14, 2) -> 84833.64 | J14: =+$L$3 -> 0.2507 | K14: =TRUNC(H14 * (1 + J14), 2) -> 8841.78 | L14: =TRUNC(G14 * K14, 2) -> 106101.36
B15: 1.4 | C15: 250105 | D15: AGETOP CIVIL | E15: ALMOXARIFE - (OBRAS CIVIS) | F15: MÊS | G15: 6 | H15: 5372.51 | I15: =TRUNC(G15 * H15, 2) -> 32235.06 | J15: =+$L$3 -> 0.2507 | K15: =TRUNC(H15 * (1 + J15), 2) -> 6719.39 | L15: =TRUNC(G15 * K15, 2) -> 40316.34
B16: 1.5 | C16: 250112 | D16: AGETOP CIVIL | E16: ADMINISTRATIVO DE OBRAS - (OBRAS CIVIS ) | F16: MÊS | G16: 6 | H16: 6301.56 | I16: =TRUNC(G16 * H16, 2) -> 37809.36 | J16: =+$L$3 -> 0.2507 | K16: =TRUNC(H16 * (1 + J16), 2) -> 7881.36 | L16: =TRUNC(G16 * K16, 2) -> 47288.16
B17: 1.6 | C17: 250109 | D17: AGETOP CIVIL | E17: APONTADOR - (OBRAS CIVIS) | F17: MÊS | G17: 6 | H17: 5372.51 | I17: =TRUNC(G17 * H17, 2) -> 32235.06 | J17: =+$L$3 -> 0.2507 | K17: =TRUNC(H17 * (1 + J17), 2) -> 6719.39 | L17: =TRUNC(G17 * K17, 2) -> 40316.34
B18: 1.7 | C18: 250113 | D18: AGETOP CIVIL | E18: TÉCNICO EM SEGURANÇA DO TRABALHO (O. CIVIS) | F18: MÊS | G18: 6 | H18: 6881.96 | I18: =TRUNC(G18 * H18, 2) -> 41291.76 | J18: =+$L$3 -> 0.2507 | K18: =TRUNC(H18 * (1 + J18), 2) -> 8607.26 | L18: =TRUNC(G18 * K18, 2) -> 51643.56
B19: 1.8 | C19: 250104 | D19: AGETOP CIVIL | E19: VIGIA DE OBRAS DIURNO - OBRAS CIVIS | F19: MÊS | G19: 18 | H19: 3773.65 | I19: =TRUNC(G19 * H19, 2) -> 67925.7 | J19: =+$L$3 -> 0.2507 | K19: =TRUNC(H19 * (1 + J19), 2) -> 4719.7 | L19: =TRUNC(G19 * K19, 2) -> 84954.6
B20: 2 | E20: IMPLANTAÇÃO E ABRIGO DE RESÍDUOS | I20: =SUBTOTAL(9,I21:I443) -> 3140874.4 | L20: =SUBTOTAL(9,L21:L443) -> 3919512.6
B21: 2.1 | E21: SERVIÇOS PRELIMINARES | I21: =SUBTOTAL(9,I22:I24) -> 18621.38 | L21: =SUBTOTAL(9,L22:L24) -> 23288.99
B22: 2.1.1 | C22: 020701 | D22: AGETOP CIVIL | E22: LOCAÇÃO DA OBRA, EXECUÇÃO DE GABARITO SEM REAPROVEITAMENTO, INCLUSO PINTURA (FACE INTERNA DO RIPÃO 15CM) E PIQUETE COM TESTEMUNHA | F22: m² | G22: 34.97 | H22: 6.15 | I22: =TRUNC(G22 * H22, 2) -> 215.06 | J22: =+$L$3 -> 0.2507 | K22: =TRUNC(H22 * (1 + J22), 2) -> 7.69 | L22: =TRUNC(G22 * K22, 2) -> 268.91
B23: 2.1.2 | C23: 98459 | D23: SINAPI | E23: TAPUME COM TELHA METÁLICA. AF_03/2024 | F23: m² | G23: 160 | H23: 102.69 | I23: =TRUNC(G23 * H23, 2) -> 16430.4 | J23: =+$L$3 -> 0.2507 | K23: =TRUNC(H23 * (1 + J23), 2) -> 128.43 | L23: =TRUNC(G23 * K23, 2) -> 20548.8
B24: 2.1.3 | C24: 180304 | D24: AGETOP CIVIL | E24: PORTÃO DE ABRIR 01 FOLHA CHAPA 14 PT-4 C/FERRAGENS | F24: m² | G24: 4 | H24: 493.98 | I24: =TRUNC(G24 * H24, 2) -> 1975.92 | J24: =+$L$3 -> 0.2507 | K24: =TRUNC(H24 * (1 + J24), 2) -> 617.82 | L24: =TRUNC(G24 * K24, 2) -> 2471.28
B25: 2.2 | E25: SERVIÇO EM TERRA | I25: =SUBTOTAL(9,I26:I30) -> 14352.6 | L25: =SUBTOTAL(9,L26:L30) -> 17934.58
B26: 2.2.1 | C26: 040101 | D26: AGETOP CIVIL | E26: ESCAVACAO MANUAL DE VALAS < 1 MTS. (OBRAS CIVIS) | F26: m³ | G26: 179.99 | H26: 52.26 | I26: =TRUNC(G26 * H26, 2) -> 9406.27 | J26: =+$L$3 -> 0.2507 | K26: =TRUNC(H26 * (1 + J26), 2) -> 65.36 | L26: =TRUNC(G26 * K26, 2) -> 11764.14
B27: 2.2.2 | C27: 040904 | D27: AGETOP CIVIL | E27: REATERRO COM APILOAMENTO MECÂNICO | F27: m³ | G27: 409.33 | H27: 5.49 | I27: =TRUNC(G27 * H27, 2) -> 2247.22 | J27: =+$L$3 -> 0.2507 | K27: =TRUNC(H27 * (1 + J27), 2) -> 6.86 | L27: =TRUNC(G27 * K27, 2) -> 2808
B28: 2.2.3 | C28: 041004 | D28: AGETOP CIVIL | E28: ESCAVACAO MECANICA | F28: m³ | G28: 44.5 | H28: 2.39 | I28: =TRUNC(G28 * H28, 2) -> 106.35 | J28: =+$L$3 -> 0.2507 | K28: =TRUNC(H28 * (1 + J28), 2) -> 2.98 | L28: =TRUNC(G28 * K28, 2) -> 132.61
B29: 2.2.4 | C29: 040905 | D29: AGETOP CIVIL | E29: APILOAMENTO MECÂNICO | F29: m² | G29: 448.81 | H29: 0.59 | I29: =TRUNC(G29 * H29, 2) -> 264.79 | J29: =+$L$3 -> 0.2507 | K29: =TRUNC(H29 * (1 + J29), 2) -> 0.73 | L29: =TRUNC(G29 * K29, 2) -> 327.63
B30: 2.2.5 | C30: 041005 | D30: AGETOP CIVIL | E30: CARGA MECANIZADA | F30: m³ | G30: 1551.98 | H30: 1.5 | I30: =TRUNC(G30 * H30, 2) -> 2327.97 | J30: =+$L$3 -> 0.2507 | K30: =TRUNC(H30 * (1 + J30), 2) -> 1.87 | L30: =TRUNC(G30 * K30, 2) -> 2902.2
B31: 2.3 | E31: TRANSPORTES | I31: =SUBTOTAL(9,I32:I33) -> 138864.66 | L31: =SUBTOTAL(9,L32:L33) -> 173384.04
B32: 2.3.1 | C32: 030105 | D32: AGETOP CIVIL | E32: TRANSPORTE DE ENTULHO EM CAÇAMBA ESTACIONÁRIA INCLUSO A CARGA MANUAL | F32: m³ | G32: 514.48 | H32: 111.24 | I32: =TRUNC(G32 * H32, 2) -> 57230.75 | J32: =+$L$3 -> 0.2507 | K32: =TRUNC(H32 * (1 + J32), 2) -> 139.12 | L32: =TRUNC(G32 * K32, 2) -> 71574.45
B33: 2.3.2 | C33: 041006 | D33: AGETOP CIVIL | E33: TRANSPORTE DE MATERIAL ESCAVADO M3.KM | F33: m3km | G33: 31039.51 | H33: 2.63 | I33: =TRUNC(G33 * H33, 2) -> 81633.91 | J33: =+$L$3 -> 0.2507 | K33: =TRUNC(H33 * (1 + J33), 2) -> 3.28 | L33: =TRUNC(G33 * K33, 2) -> 101809.59
B34: 2.4 | E34: FUNDAÇÕES E SONDAGENS | I34: =SUBTOTAL(9,I35:I94) -> 233644.18 | L34: =SUBTOTAL(9,L35:L94) -> 292192.81
B35: 2.4.1 | E35: ESTACAS | I35: =SUBTOTAL(9,I36:I43) -> 26138.43 | L35: =SUBTOTAL(9,L36:L43) -> 32686.5
B36: 2.4.1.1 | C36: 00112 | D36: Próprio | E36: CÓPIA DE FDE (02.02.101) - ESTACA ESCAVADA MECANICAMENTE DIAM 30CM, EXCLUSO CONCRETO. (Adaptado para atendimento ao Decreto Estadual 9900/2021). | F36: M | G36: 158 | H36: 22.79 | I36: =TRUNC(G36 * H36, 2) -> 3600.82 | J36: =+$L$3 -> 0.2507 | K36: =TRUNC(H36 * (1 + J36), 2) -> 28.5 | L36: =TRUNC(G36 * K36, 2) -> 4503
B37: 2.4.1.2 | C37: 052004 | D37: AGETOP CIVIL | E37: ACO CA-50 - 8,0 MM (5/16") - (OBRAS CIVIS) | F37: Kg | G37: 77.23 | H37: 12.13 | I37: =TRUNC(G37 * H37, 2) -> 936.79 | J37: =+$L$3 -> 0.2507 | K37: =TRUNC(H37 * (1 + J37), 2) -> 15.17 | L37: =TRUNC(G37 * K37, 2) -> 1171.57
B38: 2.4.1.3 | C38: 052005 | D38: AGETOP CIVIL | E38: ACO CA-50 - 10,0 MM (3/8") - (OBRAS CIVIS) | F38: Kg | G38: 138.37 | H38: 11.86 | I38: =TRUNC(G38 * H38, 2) -> 1641.06 | J38: =+$L$3 -> 0.2507 | K38: =TRUNC(H38 * (1 + J38), 2) -> 14.83 | L38: =TRUNC(G38 * K38, 2) -> 2052.02
B39: 2.4.1.4 | C39: 052014 | D39: AGETOP CIVIL | E39: ACO CA-60 - 5,0 MM - (OBRAS CIVIS) | F39: Kg | G39: 560.48 | H39: 12.11 | I39: =TRUNC(G39 * H39, 2) -> 6787.41 | J39: =+$L$3 -> 0.2507 | K39: =TRUNC(H39 * (1 + J39), 2) -> 15.14 | L39: =TRUNC(G39 * K39, 2) -> 8485.66
B40: 2.4.1.5 | C40: 060525 | D40: AGETOP CIVIL | E40: CONCRETO USINADO BOMBEÁVEL FCK=30 MPA (O.C.) | F40: m³ | G40: 17.98 | H40: 604.6 | I40: =TRUNC(G40 * H40, 2) -> 10870.7 | J40: =+$L$3 -> 0.2507 | K40: =TRUNC(H40 * (1 + J40), 2) -> 756.17 | L40: =TRUNC(G40 * K40, 2) -> 13595.93
B41: 2.4.1.6 | C41: 051045 | D41: AGETOP CIVIL | E41: TAXA DE BOMBEAMENTO CONCRETO MÍNIMO - 10 M3 (O.C.) | F41: m³ | G41: 17.98 | H41: 56.67 | I41: =TRUNC(G41 * H41, 2) -> 1018.92 | J41: =+$L$3 -> 0.2507 | K41: =TRUNC(H41 * (1 + J41), 2) -> 70.87 | L41: =TRUNC(G41 * K41, 2) -> 1274.24
B42: 2.4.1.7 | C42: 051060 | D42: AGETOP CIVIL | E42: LANÇAMENTO/APLICAÇÃO/ADENSAMENTO DE CONCRETO USINADO BOMBEADO EM FUNDAÇÃO | F42: m³ | G42: 17.98 | H42: 58.3 | I42: =TRUNC(G42 * H42, 2) -> 1048.23 | J42: =+$L$3 -> 0.2507 | K42: =TRUNC(H42 * (1 + J42), 2) -> 72.91 | L42: =TRUNC(G42 * K42, 2) -> 1310.92
B43: 2.4.1.8 | C43: 050251 | D43: AGETOP CIVIL | E43: CORPO DE PROVA | F43: Un | G43: 14 | H43: 16.75 | I43: =TRUNC(G43 * H43, 2) -> 234.5 | J43: =+$L$3 -> 0.2507 | K43: =TRUNC(H43 * (1 + J43), 2) -> 20.94 | L43: =TRUNC(G43 * K43, 2) -> 293.16
B44: 2.4.2 | E44: SAPATAS | I44: =SUBTOTAL(9,I45:I55) -> 4878.86 | L44: =SUBTOTAL(9,L45:L55) -> 6101.7
B45: 2.4.2.1 | C45: 051024 | D45: AGETOP CIVIL | E45: PREPARO COM BETONEIRA E TRANSPORTE MANUAL DE CONCRETO PARA LASTRO - (O.C.) | F45: m³ | G45: 0.62 | H45: 522.25 | I45: =TRUNC(G45 * H45, 2) -> 323.79 | J45: =+$L$3 -> 0.2507 | K45: =TRUNC(H45 * (1 + J45), 2) -> 653.17 | L45: =TRUNC(G45 * K45, 2) -> 404.96
B46: 2.4.2.2 | C46: 051055 | D46: AGETOP CIVIL | E46: LANÇAMENTO/APLICAÇÃO/ADENSAMENTO MANUAL DE CONCRETO - (O.C.) | F46: m³ | G46: 0.62 | H46: 69.81 | I46: =TRUNC(G46 * H46, 2) -> 43.28 | J46: =+$L$3 -> 0.2507 | K46: =TRUNC(H46 * (1 + J46), 2) -> 87.31 | L46: =TRUNC(G46 * K46, 2) -> 54.13
B47: 2.4.2.3 | C47: 060202 | D47: AGETOP CIVIL | E47: FORMA TABUA COM REAPROVEITAMENTO 2 VEZES - (OBRAS CIVIS) | F47: m² | G47: 11.11 | H47: 148.95 | I47: =TRUNC(G47 * H47, 2) -> 1654.83 | J47: =+$L$3 -> 0.2507 | K47: =TRUNC(H47 * (1 + J47), 2) -> 186.29 | L47: =TRUNC(G47 * K47, 2) -> 2069.68
B48: 2.4.2.4 | C48: 052004 | D48: AGETOP CIVIL | E48: ACO CA-50 - 8,0 MM (5/16") - (OBRAS CIVIS) | F48: Kg | G48: 56.21 | H48: 12.13 | I48: =TRUNC(G48 * H48, 2) -> 681.82 | J48: =+$L$3 -> 0.2507 | K48: =TRUNC(H48 * (1 + J48), 2) -> 15.17 | L48: =TRUNC(G48 * K48, 2) -> 852.7
B49: 2.4.2.5 | C49: 052005 | D49: AGETOP CIVIL | E49: ACO CA-50 - 10,0 MM (3/8") - (OBRAS CIVIS) | F49: Kg | G49: 31.28 | H49: 11.86 | I49: =TRUNC(G49 * H49, 2) -> 370.98 | J49: =+$L$3 -> 0.2507 | K49: =TRUNC(H49 * (1 + J49), 2) -> 14.83 | L49: =TRUNC(G49 * K49, 2) -> 463.88
B50: 2.4.2.6 | C50: 052006 | D50: AGETOP CIVIL | E50: ACO CA-50 - 12,5 MM (1/2") - (OBRAS CIVIS) | F50: Kg | G50: 12.42 | H50: 12.69 | I50: =TRUNC(G50 * H50, 2) -> 157.6 | J50: =+$L$3 -> 0.2507 | K50: =TRUNC(H50 * (1 + J50), 2) -> 15.87 | L50: =TRUNC(G50 * K50, 2) -> 197.1
B51: 2.4.2.7 | C51: 052014 | D51: AGETOP CIVIL | E51: ACO CA-60 - 5,0 MM - (OBRAS CIVIS) | F51: Kg | G51: 9.61 | H51: 12.11 | I51: =TRUNC(G51 * H51, 2) -> 116.37 | J51: =+$L$3 -> 0.2507 | K51: =TRUNC(H51 * (1 + J51), 2) -> 15.14 | L51: =TRUNC(G51 * K51, 2) -> 145.49
B52: 2.4.2.8 | C52: 060525 | D52: AGETOP CIVIL | E52: CONCRETO USINADO BOMBEÁVEL FCK=30 MPA (O.C.) | F52: m³ | G52: 2.08 | H52: 604.6 | I52: =TRUNC(G52 * H52, 2) -> 1257.56 | J52: =+$L$3 -> 0.2507 | K52: =TRUNC(H52 * (1 + J52), 2) -> 756.17 | L52: =TRUNC(G52 * K52, 2) -> 1572.83
B53: 2.4.2.9 | C53: 051045 | D53: AGETOP CIVIL | E53: TAXA DE BOMBEAMENTO CONCRETO MÍNIMO - 10 M3 (O.C.) | F53: m³ | G53: 2.08 | H53: 56.67 | I53: =TRUNC(G53 * H53, 2) -> 117.87 | J53: =+$L$3 -> 0.2507 | K53: =TRUNC(H53 * (1 + J53), 2) -> 70.87 | L53: =TRUNC(G53 * K53, 2) -> 147.4
B54: 2.4.2.10 | C54: 051060 | D54: AGETOP CIVIL | E54: LANÇAMENTO/APLICAÇÃO/ADENSAMENTO DE CONCRETO USINADO BOMBEADO EM FUNDAÇÃO | F54: m³ | G54: 2.08 | H54: 58.3 | I54: =TRUNC(G54 * H54, 2) -> 121.26 | J54: =+$L$3 -> 0.2507 | K54: =TRUNC(H54 * (1 + J54), 2) -> 72.91 | L54: =TRUNC(G54 * K54, 2) -> 151.65
B55: 2.4.2.11 | C55: 050251 | D55: AGETOP CIVIL | E55: CORPO DE PROVA | F55: Un | G55: 2 | H55: 16.75 | I55: =TRUNC(G55 * H55, 2) -> 33.5 | J55: =+$L$3 -> 0.2507 | K55: =TRUNC(H55 * (1 + J55), 2) -> 20.94 | L55: =TRUNC(G55 * K55, 2) -> 41.88
B56: 2.4.3 | E56: BLOCOS | I56: =SUBTOTAL(9,I57:I67) -> 42615.43 | L56: =SUBTOTAL(9,L57:L67) -> 53293.54
B57: 2.4.3.1 | C57: 051024 | D57: AGETOP CIVIL | E57: PREPARO COM BETONEIRA E TRANSPORTE MANUAL DE CONCRETO PARA LASTRO - (O.C.) | F57: m³ | G57: 3.68 | H57: 522.25 | I57: =TRUNC(G57 * H57, 2) -> 1921.88 | J57: =+$L$3 -> 0.2507 | K57: =TRUNC(H57 * (1 + J57), 2) -> 653.17 | L57: =TRUNC(G57 * K57, 2) -> 2403.66
B58: 2.4.3.2 | C58: 051055 | D58: AGETOP CIVIL | E58: LANÇAMENTO/APLICAÇÃO/ADENSAMENTO MANUAL DE CONCRETO - (O.C.) | F58: m³ | G58: 3.68 | H58: 69.81 | I58: =TRUNC(G58 * H58, 2) -> 256.9 | J58: =+$L$3 -> 0.2507 | K58: =TRUNC(H58 * (1 + J58), 2) -> 87.31 | L58: =TRUNC(G58 * K58, 2) -> 321.3
B59: 2.4.3.3 | C59: 060202 | D59: AGETOP CIVIL | E59: FORMA TABUA COM REAPROVEITAMENTO 2 VEZES - (OBRAS CIVIS) | F59: m² | G59: 84.35 | H59: 148.95 | I59: =TRUNC(G59 * H59, 2) -> 12563.93 | J59: =+$L$3 -> 0.2507 | K59: =TRUNC(H59 * (1 + J59), 2) -> 186.29 | L59: =TRUNC(G59 * K59, 2) -> 15713.56
B60: 2.4.3.4 | C60: 052004 | D60: AGETOP CIVIL | E60: ACO CA-50 - 8,0 MM (5/16") - (OBRAS CIVIS) | F60: Kg | G60: 403.41 | H60: 12.13 | I60: =TRUNC(G60 * H60, 2) -> 4893.36 | J60: =+$L$3 -> 0.2507 | K60: =TRUNC(H60 * (1 + J60), 2) -> 15.17 | L60: =TRUNC(G60 * K60, 2) -> 6119.72
B61: 2.4.3.5 | C61: 052005 | D61: AGETOP CIVIL | E61: ACO CA-50 - 10,0 MM (3/8") - (OBRAS CIVIS) | F61: Kg | G61: 14.33 | H61: 11.86 | I61: =TRUNC(G61 * H61, 2) -> 169.95 | J61: =+$L$3 -> 0.2507 | K61: =TRUNC(H61 * (1 + J61), 2) -> 14.83 | L61: =TRUNC(G61 * K61, 2) -> 212.51
B62: 2.4.3.6 | C62: 052014 | D62: AGETOP CIVIL | E62: ACO CA-60 - 5,0 MM - (OBRAS CIVIS) | F62: Kg | G62: 759.37 | H62: 12.11 | I62: =TRUNC(G62 * H62, 2) -> 9195.97 | J62: =+$L$3 -> 0.2507 | K62: =TRUNC(H62 * (1 + J62), 2) -> 15.14 | L62: =TRUNC(G62 * K62, 2) -> 11496.86
B63: 2.4.3.7 | C63: 060525 | D63: AGETOP CIVIL | E63: CONCRETO USINADO BOMBEÁVEL FCK=30 MPA (O.C.) | F63: m³ | G63: 16.54 | H63: 604.6 | I63: =TRUNC(G63 * H63, 2) -> 10000.08 | J63: =+$L$3 -> 0.2507 | K63: =TRUNC(H63 * (1 + J63), 2) -> 756.17 | L63: =TRUNC(G63 * K63, 2) -> 12507.05
B64: 2.4.3.8 | C64: 00225 | D64: Próprio | E64: CÓPIA DE AGETOP CIVIL (060525) - CONCRETO USINADO BOMBEÁVEL FCK=45 MPA (O.C.) | F64: m³ | G64: 1.67 | H64: 768.94 | I64: =TRUNC(G64 * H64, 2) -> 1284.12 | J64: =+$L$3 -> 0.2507 | K64: =TRUNC(H64 * (1 + J64), 2) -> 961.71 | L64: =TRUNC(G64 * K64, 2) -> 1606.05
B65: 2.4.3.9 | C65: 051045 | D65: AGETOP CIVIL | E65: TAXA DE BOMBEAMENTO CONCRETO MÍNIMO - 10 M3 (O.C.) | F65: m³ | G65: 18.22 | H65: 56.67 | I65: =TRUNC(G65 * H65, 2) -> 1032.52 | J65: =+$L$3 -> 0.2507 | K65: =TRUNC(H65 * (1 + J65), 2) -> 70.87 | L65: =TRUNC(G65 * K65, 2) -> 1291.25
B66: 2.4.3.10 | C66: 051060 | D66: AGETOP CIVIL | E66: LANÇAMENTO/APLICAÇÃO/ADENSAMENTO DE CONCRETO USINADO BOMBEADO EM FUNDAÇÃO | F66: m³ | G66: 18.22 | H66: 58.3 | I66: =TRUNC(G66 * H66, 2) -> 1062.22 | J66: =+$L$3 -> 0.2507 | K66: =TRUNC(H66 * (1 + J66), 2) -> 72.91 | L66: =TRUNC(G66 * K66, 2) -> 1328.42
B67: 2.4.3.11 | C67: 050251 | D67: AGETOP CIVIL | E67: CORPO DE PROVA | F67: Un | G67: 14 | H67: 16.75 | I67: =TRUNC(G67 * H67, 2) -> 234.5 | J67: =+$L$3 -> 0.2507 | K67: =TRUNC(H67 * (1 + J67), 2) -> 20.94 | L67: =TRUNC(G67 * K67, 2) -> 293.16
B68: 2.4.4 | E68: VIGAS BALDRAMES | I68: =SUBTOTAL(9,I69:I80) -> 20578.39 | L68: =SUBTOTAL(9,L69:L80) -> 25736.12
B69: 2.4.4.1 | C69: 051024 | D69: AGETOP CIVIL | E69: PREPARO COM BETONEIRA E TRANSPORTE MANUAL DE CONCRETO PARA LASTRO - (O.C.) | F69: m³ | G69: 2.24 | H69: 522.25 | I69: =TRUNC(G69 * H69, 2) -> 1169.84 | J69: =+$L$3 -> 0.2507 | K69: =TRUNC(H69 * (1 + J69), 2) -> 653.17 | L69: =TRUNC(G69 * K69, 2) -> 1463.1
B70: 2.4.4.2 | C70: 051055 | D70: AGETOP CIVIL | E70: LANÇAMENTO/APLICAÇÃO/ADENSAMENTO MANUAL DE CONCRETO - (O.C.) | F70: m³ | G70: 2.24 | H70: 69.81 | I70: =TRUNC(G70 * H70, 2) -> 156.37 | J70: =+$L$3 -> 0.2507 | K70: =TRUNC(H70 * (1 + J70), 2) -> 87.31 | L70: =TRUNC(G70 * K70, 2) -> 195.57
B71: 2.4.4.3 | C71: 060202 | D71: AGETOP CIVIL | E71: FORMA TABUA COM REAPROVEITAMENTO 2 VEZES - (OBRAS CIVIS) | F71: m² | G71: 70.43 | H71: 148.95 | I71: =TRUNC(G71 * H71, 2) -> 10490.54 | J71: =+$L$3 -> 0.2507 | K71: =TRUNC(H71 * (1 + J71), 2) -> 186.29 | L71: =TRUNC(G71 * K71, 2) -> 13120.4
B72: 2.4.4.4 | C72: 052003 | D72: AGETOP CIVIL | E72: ACO CA-50 - 6,3 MM (1/4") - (OBRAS CIVIS) | F72: Kg | G72: 7.12 | H72: 12.29 | I72: =TRUNC(G72 * H72, 2) -> 87.5 | J72: =+$L$3 -> 0.2507 | K72: =TRUNC(H72 * (1 + J72), 2) -> 15.37 | L72: =TRUNC(G72 * K72, 2) -> 109.43
B73: 2.4.4.5 | C73: 052004 | D73: AGETOP CIVIL | E73: ACO CA-50 - 8,0 MM (5/16") - (OBRAS CIVIS) | F73: Kg | G73: 174.35 | H73: 12.13 | I73: =TRUNC(G73 * H73, 2) -> 2114.86 | J73: =+$L$3 -> 0.2507 | K73: =TRUNC(H73 * (1 + J73), 2) -> 15.17 | L73: =TRUNC(G73 * K73, 2) -> 2644.88
B74: 2.4.4.6 | C74: 052005 | D74: AGETOP CIVIL | E74: ACO CA-50 - 10,0 MM (3/8") - (OBRAS CIVIS) | F74: Kg | G74: 62.26 | H74: 11.86 | I74: =TRUNC(G74 * H74, 2) -> 738.4 | J74: =+$L$3 -> 0.2507 | K74: =TRUNC(H74 * (1 + J74), 2) -> 14.83 | L74: =TRUNC(G74 * K74, 2) -> 923.31
B75: 2.4.4.7 | C75: 052006 | D75: AGETOP CIVIL | E75: ACO CA-50 - 12,5 MM (1/2") - (OBRAS CIVIS) | F75: Kg | G75: 69.78 | H75: 12.69 | I75: =TRUNC(G75 * H75, 2) -> 885.5 | J75: =+$L$3 -> 0.2507 | K75: =TRUNC(H75 * (1 + J75), 2) -> 15.87 | L75: =TRUNC(G75 * K75, 2) -> 1107.4
B76: 2.4.4.8 | C76: 052014 | D76: AGETOP CIVIL | E76: ACO CA-60 - 5,0 MM - (OBRAS CIVIS) | F76: Kg | G76: 88.28 | H76: 12.11 | I76: =TRUNC(G76 * H76, 2) -> 1069.07 | J76: =+$L$3 -> 0.2507 | K76: =TRUNC(H76 * (1 + J76), 2) -> 15.14 | L76: =TRUNC(G76 * K76, 2) -> 1336.55
B77: 2.4.4.9 | C77: 060525 | D77: AGETOP CIVIL | E77: CONCRETO USINADO BOMBEÁVEL FCK=30 MPA (O.C.) | F77: m³ | G77: 5.28 | H77: 604.6 | I77: =TRUNC(G77 * H77, 2) -> 3192.28 | J77: =+$L$3 -> 0.2507 | K77: =TRUNC(H77 * (1 + J77), 2) -> 756.17 | L77: =TRUNC(G77 * K77, 2) -> 3992.57
B78: 2.4.4.10 | C78: 051045 | D78: AGETOP CIVIL | E78: TAXA DE BOMBEAMENTO CONCRETO MÍNIMO - 10 M3 (O.C.) | F78: m³ | G78: 5.28 | H78: 56.67 | I78: =TRUNC(G78 * H78, 2) -> 299.21 | J78: =+$L$3 -> 0.2507 | K78: =TRUNC(H78 * (1 + J78), 2) -> 70.87 | L78: =TRUNC(G78 * K78, 2) -> 374.19
B79: 2.4.4.11 | C79: 051060 | D79: AGETOP CIVIL | E79: LANÇAMENTO/APLICAÇÃO/ADENSAMENTO DE CONCRETO USINADO BOMBEADO EM FUNDAÇÃO | F79: m³ | G79: 5.28 | H79: 58.3 | I79: =TRUNC(G79 * H79, 2) -> 307.82 | J79: =+$L$3 -> 0.2507 | K79: =TRUNC(H79 * (1 + J79), 2) -> 72.91 | L79: =TRUNC(G79 * K79, 2) -> 384.96
B80: 2.4.4.12 | C80: 050251 | D80: AGETOP CIVIL | E80: CORPO DE PROVA | F80: Un | G80: 4 | H80: 16.75 | I80: =TRUNC(G80 * H80, 2) -> 67 | J80: =+$L$3 -> 0.2507 | K80: =TRUNC(H80 * (1 + J80), 2) -> 20.94 | L80: =TRUNC(G80 * K80, 2) -> 83.76
B81: 2.4.5 | E81: CONTENÇÕES | I81: =SUBTOTAL(9,I82:I94) -> 139433.07 | L81: =SUBTOTAL(9,L82:L94) -> 174374.95
B82: 2.4.5.1 | C82: 051024 | D82: AGETOP CIVIL | E82: PREPARO COM BETONEIRA E TRANSPORTE MANUAL DE CONCRETO PARA LASTRO - (O.C.) | F82: m³ | G82: 5.06 | H82: 522.25 | I82: =TRUNC(G82 * H82, 2) -> 2642.58 | J82: =+$L$3 -> 0.2507 | K82: =TRUNC(H82 * (1 + J82), 2) -> 653.17 | L82: =TRUNC(G82 * K82, 2) -> 3305.04
B83: 2.4.5.2 | C83: 051055 | D83: AGETOP CIVIL | E83: LANÇAMENTO/APLICAÇÃO/ADENSAMENTO MANUAL DE CONCRETO - (O.C.) | F83: m³ | G83: 5.06 | H83: 69.81 | I83: =TRUNC(G83 * H83, 2) -> 353.23 | J83: =+$L$3 -> 0.2507 | K83: =TRUNC(H83 * (1 + J83), 2) -> 87.31 | L83: =TRUNC(G83 * K83, 2) -> 441.78
B84: 2.4.5.3 | C84: 060202 | D84: AGETOP CIVIL | E84: FORMA TABUA COM REAPROVEITAMENTO 2 VEZES - (OBRAS CIVIS) | F84: m² | G84: 450.88 | H84: 148.95 | I84: =TRUNC(G84 * H84, 2) -> 67158.57 | J84: =+$L$3 -> 0.2507 | K84: =TRUNC(H84 * (1 + J84), 2) -> 186.29 | L84: =TRUNC(G84 * K84, 2) -> 83994.43
B85: 2.4.5.4 | C85: 052003 | D85: AGETOP CIVIL | E85: ACO CA-50 - 6,3 MM (1/4") - (OBRAS CIVIS) | F85: Kg | G85: 466.34 | H85: 12.29 | I85: =TRUNC(G85 * H85, 2) -> 5731.31 | J85: =+$L$3 -> 0.2507 | K85: =TRUNC(H85 * (1 + J85), 2) -> 15.37 | L85: =TRUNC(G85 * K85, 2) -> 7167.64
B86: 2.4.5.5 | C86: 052005 | D86: AGETOP CIVIL | E86: ACO CA-50 - 10,0 MM (3/8") - (OBRAS CIVIS) | F86: Kg | G86: 1003.9 | H86: 11.86 | I86: =TRUNC(G86 * H86, 2) -> 11906.25 | J86: =+$L$3 -> 0.2507 | K86: =TRUNC(H86 * (1 + J86), 2) -> 14.83 | L86: =TRUNC(G86 * K86, 2) -> 14887.83
B87: 2.4.5.6 | C87: 052006 | D87: AGETOP CIVIL | E87: ACO CA-50 - 12,5 MM (1/2") - (OBRAS CIVIS) | F87: Kg | G87: 1030.14 | H87: 12.69 | I87: =TRUNC(G87 * H87, 2) -> 13072.47 | J87: =+$L$3 -> 0.2507 | K87: =TRUNC(H87 * (1 + J87), 2) -> 15.87 | L87: =TRUNC(G87 * K87, 2) -> 16348.32
B88: 2.4.5.7 | C88: 052007 | D88: AGETOP CIVIL | E88: ACO CA-50 - 16,0 MM (5/8") - (OBRAS CIVIS) | F88: Kg | G88: 108.25 | H88: 12.56 | I88: =TRUNC(G88 * H88, 2) -> 1359.62 | J88: =+$L$3 -> 0.2507 | K88: =TRUNC(H88 * (1 + J88), 2) -> 15.7 | L88: =TRUNC(G88 * K88, 2) -> 1699.52
B89: 2.4.5.8 | C89: 052012 | D89: AGETOP CIVIL | E89: ACO CA-60 - 4,2 MM - (OBRAS CIVIS) | F89: Kg | G89: 389.92 | H89: 13.8 | I89: =TRUNC(G89 * H89, 2) -> 5380.89 | J89: =+$L$3 -> 0.2507 | K89: =TRUNC(H89 * (1 + J89), 2) -> 17.25 | L89: =TRUNC(G89 * K89, 2) -> 6726.12
B90: 2.4.5.9 | C90: 052014 | D90: AGETOP CIVIL | E90: ACO CA-60 - 5,0 MM - (OBRAS CIVIS) | F90: Kg | G90: 389.92 | H90: 12.11 | I90: =TRUNC(G90 * H90, 2) -> 4721.93 | J90: =+$L$3 -> 0.2507 | K90: =TRUNC(H90 * (1 + J90), 2) -> 15.14 | L90: =TRUNC(G90 * K90, 2) -> 5903.38
B91: 2.4.5.10 | C91: 060525 | D91: AGETOP CIVIL | E91: CONCRETO USINADO BOMBEÁVEL FCK=30 MPA (O.C.) | F91: m³ | G91: 36.94 | H91: 604.6 | I91: =TRUNC(G91 * H91, 2) -> 22333.92 | J91: =+$L$3 -> 0.2507 | K91: =TRUNC(H91 * (1 + J91), 2) -> 756.17 | L91: =TRUNC(G91 * K91, 2) -> 27932.91
B92: 2.4.5.11 | C92: 051045 | D92: AGETOP CIVIL | E92: TAXA DE BOMBEAMENTO CONCRETO MÍNIMO - 10 M3 (O.C.) | F92: m³ | G92: 39.94 | H92: 56.67 | I92: =TRUNC(G92 * H92, 2) -> 2263.39 | J92: =+$L$3 -> 0.2507 | K92: =TRUNC(H92 * (1 + J92), 2) -> 70.87 | L92: =TRUNC(G92 * K92, 2) -> 2830.54
B93: 2.4.5.12 | C93: 051060 | D93: AGETOP CIVIL | E93: LANÇAMENTO/APLICAÇÃO/ADENSAMENTO DE CONCRETO USINADO BOMBEADO EM FUNDAÇÃO | F93: m³ | G93: 34.99 | H93: 58.3 | I93: =TRUNC(G93 * H93, 2) -> 2039.91 | J93: =+$L$3 -> 0.2507 | K93: =TRUNC(H93 * (1 + J93), 2) -> 72.91 | L93: =TRUNC(G93 * K93, 2) -> 2551.12
B94: 2.4.5.13 | C94: 050251 | D94: AGETOP CIVIL | E94: CORPO DE PROVA | F94: Un | G94: 28 | H94: 16.75 | I94: =TRUNC(G94 * H94, 2) -> 469 | J94: =+$L$3 -> 0.2507 | K94: =TRUNC(H94 * (1 + J94), 2) -> 20.94 | L94: =TRUNC(G94 * K94, 2) -> 586.32
B95: 2.5 | E95: ESTRUTURA | I95: =SUBTOTAL(9,I96:I113) -> 137320.13 | L95: =SUBTOTAL(9,L96:L113) -> 171725.24
B96: 2.5.1 | E96: FORMAS E ESCORAMENTOS | I96: =SUBTOTAL(9,I97:I99) -> 63170.92 | L96: =SUBTOTAL(9,L97:L99) -> 78998.57
B97: 2.5.1.1 | C97: 060213 | D97: AGETOP CIVIL | E97: FORMA CHAPA DE COMPENSADO PLASTIFICADO 12MM-VIGA/PILAR U=2V - (OBRAS CIVIS) | F97: m² | G97: 254.56 | H97: 148.53 | I97: =TRUNC(G97 * H97, 2) -> 37809.79 | J97: =+$L$3 -> 0.2507 | K97: =TRUNC(H97 * (1 + J97), 2) -> 185.76 | L97: =TRUNC(G97 * K97, 2) -> 47287.06
B98: 2.5.1.2 | C98: 11.050.0010-0 | D98: EMOP | E98: ESCORAMENTO METALICO (ALUGUEL),COM ESCORAS TELESCOPAVEIS OU TORRES DE CARGA,PARA ESTRUTURA CONVENCIONAL DE CONCRETO ARMA DO,EXCLUSIVE MONTAGEM E DESMONTAGEM (VIDE ITEM 11.055.0010). MEDICAO PELO VOLUME DE ESCORAMENTO (ADAPTADO CONFORME DECRETO ESTADUAL GO 9900/2021) | F98: M3XMES | G98: 734.15 | H98: 27 | I98: =TRUNC(G98 * H98, 2) -> 19822.05 | J98: =+$L$3 -> 0.2507 | K98: =TRUNC(H98 * (1 + J98), 2) -> 33.76 | L98: =TRUNC(G98 * K98, 2) -> 24784.9
B99: 2.5.1.3 | C99: 11.055.0010-0 | D99: EMOP | E99: MONTAGEM E DESMONTAGEM DE ESCORAMENTO METALICO,CONFORME ITEM 11.050.0010,COMPREENDENDO TRANSPORTE DO MATERIAL PARA OBRA E DESTA PARA O DEPOSITO,INCLUSIVE CARGA E DESCARGA.O CUSTO E DADO POR M3 DE ESCORAMENTO,SENDO PAGOS 60% NA MONTAGEM E 40 % NA DESMONTAGEM 3%-DESGASTE DE FERRAMENTAS E EPI (ADAPTADO CONFORME DECRETO ESTADUAL GO 9900/2021) | F99: m³ | G99: 367.07 | H99: 15.09 | I99: =TRUNC(G99 * H99, 2) -> 5539.08 | J99: =+$L$3 -> 0.2507 | K99: =TRUNC(H99 * (1 + J99), 2) -> 18.87 | L99: =TRUNC(G99 * K99, 2) -> 6926.61
B100: 2.5.2 | E100: ARMAÇÃO | I100: =SUBTOTAL(9,I101:I106) -> 30995.91 | L100: =SUBTOTAL(9,L101:L106) -> 38756.39
B101: 2.5.2.1 | C101: 060303 | D101: AGETOP CIVIL | E101: ACO CA-50 - 6,3 MM (1/4") - (OBRAS CIVIS) | F101: Kg | G101: 154.98 | H101: 12.29 | I101: =TRUNC(G101 * H101, 2) -> 1904.7 | J101: =+$L$3 -> 0.2507 | K101: =TRUNC(H101 * (1 + J101), 2) -> 15.37 | L101: =TRUNC(G101 * K101, 2) -> 2382.04
B102: 2.5.2.2 | C102: 060304 | D102: AGETOP CIVIL | E102: ACO CA-50 - 8,0 MM (5/16") - (OBRAS CIVIS) | F102: Kg | G102: 497.56 | H102: 12.13 | I102: =TRUNC(G102 * H102, 2) -> 6035.4 | J102: =+$L$3 -> 0.2507 | K102: =TRUNC(H102 * (1 + J102), 2) -> 15.17 | L102: =TRUNC(G102 * K102, 2) -> 7547.98
B103: 2.5.2.3 | C103: 060305 | D103: AGETOP CIVIL | E103: ACO CA-50 - 10,0 MM (3/8") - (OBRAS CIVIS) | F103: Kg | G103: 780.17 | H103: 11.86 | I103: =TRUNC(G103 * H103, 2) -> 9252.81 | J103: =+$L$3 -> 0.2507 | K103: =TRUNC(H103 * (1 + J103), 2) -> 14.83 | L103: =TRUNC(G103 * K103, 2) -> 11569.92
B104: 2.5.2.4 | C104: 060306 | D104: AGETOP CIVIL | E104: ACO CA-50 - 12,5 MM (1/2") - (OBRAS CIVIS) | F104: Kg | G104: 288.73 | H104: 12.69 | I104: =TRUNC(G104 * H104, 2) -> 3663.98 | J104: =+$L$3 -> 0.2507 | K104: =TRUNC(H104 * (1 + J104), 2) -> 15.87 | L104: =TRUNC(G104 * K104, 2) -> 4582.14
...

Sheet CAPA - COMPOSIÇÕES (SD)
C13: COMPOSIÇÕES SEM DESONERAÇÃO
B500: CREA 101881435-3/D-GO CREA 1019149965D-GO

Sheet COMPOSIÇÕES (SD)
B1: COMPOSIÇÕES SEM DESONERAÇÃO SEM INCIDÊNCIA DE BDI
B2: OBJETO: | C2: ='DADOS DA OBRA'!B12 -> CONCLUSÃO DO REMANESCENTE DA OBRA DE REFORMA E AMPLIAÇÃO DA EFG EM ARTES BASILEU FRANÇA, LOCALIZADA EM GOIÂNIA-GO. | G2: DATA: | H2: ='DADOS DA OBRA'!$J$21 -> 10/04/2026 | K2: BDI OBRA: | L2: ='BDI NORMAL (SD) '!$J$25/100 -> 0.2507
B3: LOCAL: | C3: ='DADOS DA OBRA'!$B$15&", "&'DADOS DA OBRA'!$B$18&"" -> AVENIDA UNIVERSITÁRIA, N. 1750, SETOR UNIVERSITÁRIO | G3: REVISÃO: | H3: ='CAPA - ORÇAMENTO'!$D$18 -> 00 | K3: BDI DIFERENCIADO: | L3: ='BDI DIFERENCIADO (SD) '!$J$25/100 -> 0.2086
B4: MUNICÍPIO: | C4: ='DADOS DA OBRA'!$J$18 & "-" & 'DADOS DA OBRA'!$M$18 -> GOIÂNIA-GO | G4: PRAZO: | H4: ='DADOS DA OBRA'!$B$24 -> 6 MESES | K4: ÁREA CONSTRUÍDA (m²) | L4: ='ORÇAMENTO RESUMO (SD)'!$L$5 -> 0
K5: ÁREA VIRTUAL (m²) | L5: ='ORÇAMENTO RESUMO (SD)'!$L$6 -> 0
K6: VALOR R$/M² | L6: ='ORÇAMENTO RESUMO (SD)'!$L$7 -> 0
B8: Composições Principais
B9: 1.1 | C9: Código | D9: Banco | E9: Descrição | F9: Tipo | H9: Und | I9: Quant. | J9: Porcent. | K9: Valor Unit | L9: Total
B10: Composição | C10: 250101 | D10: AGETOP CIVIL | E10: ENGENHEIRO - (OBRAS CIVIS) | F10: 2501 | H10: MÊS | I10: 1 | K10: 24998.87 | L10: 24998.87
B11: Insumo | C11: 0001 | D11: AGETOP CIVIL | E11: ENGENHEIRO | F11: Mão de Obra | H11: MES | I11: 1 | J11: 0 | K11: 24998.87 | L11: 24998.87
G12: MO sem LS => | H12: 24998.87 | I12: LS => | J12: 0 | K12: MO com LS => | L12: 24998.87
G13: Valor do BDI => | H13: 0 | J13: Valor com BDI => | L13: 24998.87
B15: 1.2 | C15: Código | D15: Banco | E15: Descrição | F15: Tipo | H15: Und | I15: Quant. | J15: Porcent. | K15: Valor Unit | L15: Total
B16: Composição | C16: 250102 | D16: AGETOP CIVIL | E16: MESTRE DE OBRA - (OBRAS CIVIS) | F16: 2501 | H16: MÊS | I16: 1 | K16: 12985.9 | L16: 12985.9
B17: Insumo | C17: 0003 | D17: AGETOP CIVIL | E17: MESTRE DE OBRAS | F17: Mão de Obra | H17: MES | I17: 1 | J17: 0 | K17: 12985.9 | L17: 12985.9
G18: MO sem LS => | H18: 12985.9 | I18: LS => | J18: 0 | K18: MO com LS => | L18: 12985.9
G19: Valor do BDI => | H19: 0 | J19: Valor com BDI => | L19: 12985.9
B21: 1.3 | C21: Código | D21: Banco | E21: Descrição | F21: Tipo | H21: Und | I21: Quant. | J21: Porcent. | K21: Valor Unit | L21: Total
B22: Composição | C22: 250103 | D22: AGETOP CIVIL | E22: ENCARREGADO - (OBRAS CIVIS) | F22: 2501 | H22: MÊS | I22: 1 | K22: 7069.47 | L22: 7069.47
B23: Insumo | C23: 0002 | D23: AGETOP CIVIL | E23: ENCARREGADO | F23: Mão de Obra | H23: MES | I23: 1 | J23: 0 | K23: 7069.47 | L23: 7069.47
G24: MO sem LS => | H24: 7069.47 | I24: LS => | J24: 0 | K24: MO com LS => | L24: 7069.47
G25: Valor do BDI => | H25: 0 | J25: Valor com BDI => | L25: 7069.47
B27: 1.4 | C27: Código | D27: Banco | E27: Descrição | F27: Tipo | H27: Und | I27: Quant. | J27: Porcent. | K27: Valor Unit | L27: Total
B28: Composição | C28: 250105 | D28: AGETOP CIVIL | E28: ALMOXARIFE - (OBRAS CIVIS) | F28: 2501 | H28: MÊS | I28: 1 | K28: 5372.51 | L28: 5372.51
B29: Insumo | C29: 0017 | D29: AGETOP CIVIL | E29: ALMOXARIFE/APONTADOR | F29: Mão de Obra | H29: MES | I29: 1 | J29: 0 | K29: 5372.51 | L29: 5372.51
G30: MO sem LS => | H30: 5372.51 | I30: LS => | J30: 0 | K30: MO com LS => | L30: 5372.51
G31: Valor do BDI => | H31: 0 | J31: Valor com BDI => | L31: 5372.51
B33: 1.5 | C33: Código | D33: Banco | E33: Descrição | F33: Tipo | H33: Und | I33: Quant. | J33: Porcent. | K33: Valor Unit | L33: Total
B34: Composição | C34: 250112 | D34: AGETOP CIVIL | E34: ADMINISTRATIVO DE OBRAS - (OBRAS CIVIS ) | F34: 2501 | H34: MÊS | I34: 1 | K34: 6301.56 | L34: 6301.56
B35: Insumo | C35: 0035 | D35: AGETOP CIVIL | E35: ADMINISTRATIVO DE OBRAS | F35: Mão de Obra | H35: MES | I35: 1 | J35: 0 | K35: 6301.56 | L35: 6301.56
G36: MO sem LS => | H36: 6301.56 | I36: LS => | J36: 0 | K36: MO com LS => | L36: 6301.56
G37: Valor do BDI => | H37: 0 | J37: Valor com BDI => | L37: 6301.56
B39: 1.6 | C39: Código | D39: Banco | E39: Descrição | F39: Tipo | H39: Und | I39: Quant. | J39: Porcent. | K39: Valor Unit | L39: Total
B40: Composição | C40: 250109 | D40: AGETOP CIVIL | E40: APONTADOR - (OBRAS CIVIS) | F40: 2501 | H40: MÊS | I40: 1 | K40: 5372.51 | L40: 5372.51
B41: Insumo | C41: 0017 | D41: AGETOP CIVIL | E41: ALMOXARIFE/APONTADOR | F41: Mão de Obra | H41: MES | I41: 1 | J41: 0 | K41: 5372.51 | L41: 5372.51
G42: MO sem LS => | H42: 5372.51 | I42: LS => | J42: 0 | K42: MO com LS => | L42: 5372.51
G43: Valor do BDI => | H43: 0 | J43: Valor com BDI => | L43: 5372.51
B45: 1.7 | C45: Código | D45: Banco | E45: Descrição | F45: Tipo | H45: Und | I45: Quant. | J45: Porcent. | K45: Valor Unit | L45: Total
B46: Composição | C46: 250113 | D46: AGETOP CIVIL | E46: TÉCNICO EM SEGURANÇA DO TRABALHO (O. CIVIS) | F46: 2501 | H46: MÊS | I46: 1 | K46: 6881.96 | L46: 6881.96
B47: Insumo | C47: 0038 | D47: AGETOP CIVIL | E47: TÉCNICO EM SEGURANÇA DO TRABALHO | F47: Mão de Obra | H47: MES | I47: 1 | J47: 0 | K47: 6881.96 | L47: 6881.96
G48: MO sem LS => | H48: 6881.96 | I48: LS => | J48: 0 | K48: MO com LS => | L48: 6881.96
G49: Valor do BDI => | H49: 0 | J49: Valor com BDI => | L49: 6881.96
B51: 1.8 | C51: Código | D51: Banco | E51: Descrição | F51: Tipo | H51: Und | I51: Quant. | J51: Porcent. | K51: Valor Unit | L51: Total
B52: Composição | C52: 250104 | D52: AGETOP CIVIL | E52: VIGIA DE OBRAS DIURNO - OBRAS CIVIS | F52: 2501 | H52: MÊS | I52: 1 | K52: 3773.65 | L52: 3773.65
B53: Insumo | C53: 0016 | D53: AGETOP CIVIL | E53: VIGIA DE OBRA DIURNO | F53: Mão de Obra | H53: MES | I53: 1 | J53: 0 | K53: 3773.65 | L53: 3773.65
G54: MO sem LS => | H54: 3773.65 | I54: LS => | J54: 0 | K54: MO com LS => | L54: 3773.65
G55: Valor do BDI => | H55: 0 | J55: Valor com BDI => | L55: 3773.65
B57: 2.1.1 | C57: Código | D57: Banco | E57: Descrição | F57: Tipo | H57: Und | I57: Quant. | J57: Porcent. | K57: Valor Unit | L57: Total
B58: Composição | C58: 020701 | D58: AGETOP CIVIL | E58: LOCAÇÃO DA OBRA, EXECUÇÃO DE GABARITO SEM REAPROVEITAMENTO, INCLUSO PINTURA (FACE INTERNA DO RIPÃO 15CM) E PIQUETE COM TESTEMUNHA | F58: 207 | H58: m² | I58: 1 | K58: 6.15 | L58: 6.15
B59: Insumo | C59: 0102 | D59: AGETOP CIVIL | E59: ARAME RECOZIDO 18 BWG | F59: Material | H59: Kg | I59: 0.0024 | J59: 0 | K59: 13.41 | L59: 0.032184
B60: Insumo | C60: 0025 | D60: AGETOP CIVIL | E60: OFICIAL "B" | F60: Mão de Obra | H60: H | I60: 0.0373 | J60: 0 | K60: 29.12 | L60: 1.086176
B61: Insumo | C61: 1858 | D61: AGETOP CIVIL | E61: PONTALETE 3x3" | F61: Material | H61: m | I61: 0.2116 | J61: 0 | K61: 10.54 | L61: 2.230264
B62: Insumo | C62: 1861 | D62: AGETOP CIVIL | E62: PREGO 18x24 | F62: Material | H62: Kg | I62: 0.0058 | J62: 0 | K62: 16.95 | L62: 0.09831
B63: Insumo | C63: 0005 | D63: AGETOP CIVIL | E63: SERVENTE | F63: Mão de Obra | H63: H | I63: 0.0583 | J63: 0 | K63: 20.37 | L63: 1.187571
B64: Insumo | C64: 1967 | D64: AGETOP CIVIL | E64: RIPAO DE MADEIRA 15 CM | F64: Material | H64: m | I64: 0.2116 | J64: 0 | K64: 7.04 | L64: 1.489664
B65: Insumo | C65: 2842 | D65: AGETOP CIVIL | E65: TINTA LATEX ACRÍLICA 2ª LINHA/ECONÔMICA | F65: Material | H65: l | I65: 0.0052 | J65: 0 | K65: 12.66 | L65: 0.065832
G66: MO sem LS => | H66: 2.26 | I66: LS => | J66: 0 | K66: MO com LS => | L66: 2.26
G67: Valor do BDI => | H67: 0 | J67: Valor com BDI => | L67: 6.15
B69: 2.1.2 | C69: Código | D69: Banco | E69: Descrição | F69: Tipo | H69: Und | I69: Quant. | J69: Porcent. | K69: Valor Unit | L69: Total
B70: Composição | C70: 98459 | D70: SINAPI | E70: TAPUME COM TELHA METÁLICA. AF_03/2024 | F70: Instalações para Canteiros de Obras | H70: m² | I70: 1 | K70: 102.69 | L70: 102.69
B71: Composição Auxiliar | C71: 060513 | D71: AGETOP CIVIL | E71: PREPARO SEM BETONEIRA E TRANSPORTE MANUAL DE CONCRETO PARA LASTRO - (O.C.) | F71: 605 | H71: m³ | I71: 0.0061 | J71: 0 | K71: 637.6 | L71: 3.88
B72: Insumo | C72: 2070 | D72: AGETOP CIVIL | E72: TELHA GALVANIZADA ONDULADA 0,50 MM | F72: Material | H72: m² | I72: 0.5853 | J72: 0 | K72: 45.26 | L72: 26.490678
B73: Insumo | C73: 1858 | D73: AGETOP CIVIL | E73: PONTALETE 3x3" | F73: Material | H73: m | I73: 1.2273 | J73: 0 | K73: 10.54 | L73: 12.935742
B74: Insumo | C74: 0010 | D74: AGETOP CIVIL | E74: CARPINTEIRO | F74: Mão de Obra | H74: H | I74: 0.735 | J74: 0 | K74: 29.14 | L74: 21.4179
B75: Insumo | C75: 0030 | D75: AGETOP CIVIL | E75: AJUDANTE DE CARPINTEIRO | F75: Mão de Obra | H75: H | I75: 0.492 | J75: 0 | K75: 22.31 | L75: 10.97652
B76: Insumo | C76: 1861 | D76: AGETOP CIVIL | E76: PREGO 18x24 | F76: Material | H76: Kg | I76: 0.068 | J76: 0 | K76: 16.95 | L76: 1.1526
B77: Insumo | C77: 2023 | D77: AGETOP CIVIL | E77: TABUA PARA FORMA (30CM) | F77: Material | H77: m | I77: 2 | J77: 0 | K77: 12.93 | L77: 25.86
G78: MO sem LS => | H78: 33.62 | I78: LS => | J78: 0 | K78: MO com LS => | L78: 33.62
G79: Valor do BDI => | H79: 0 | J79: Valor com BDI => | L79: 102.69
B81: 2.1.3 | C81: Código | D81: Banco | E81: Descrição | F81: Tipo | H81: Und | I81: Quant. | J81: Porcent. | K81: Valor Unit | L81: Total
B82: Composição | C82: 180304 | D82: AGETOP CIVIL | E82: PORTÃO DE ABRIR 01 FOLHA CHAPA 14 PT-4 C/FERRAGENS | F82: 1803 | H82: m² | I82: 1 | K82: 493.98 | L82: 493.98
B83: Insumo | C83: 2529 | D83: AGETOP CIVIL | E83: FECHO FIO REDONDO 4" ZINCADO C/PARAFUSO REF.: SOPRANO OU EQUIVALENTE | F83: Material | H83: un | I83: 0.3704 | J83: 0 | K83: 8.9 | L83: 3.29656
B84: Insumo | C84: 2515 | D84: AGETOP CIVIL | E84: CHAPA PERFILADA Nº 16 | F84: Material | H84: Kg | I84: 8.5 | J84: 0 | K84: 8.73 | L84: 74.205
B85: Insumo | C85: 2246 | D85: AGETOP CIVIL | E85: ELETRODO 2.5 OK | F85: Material | H85: Kg | I85: 0.1409 | J85: 0 | K85: 28.25 | L85: 3.980425
B86: Insumo | C86: 2256 | D86: AGETOP CIVIL | E86: CADEADO SIMPLES EM LATÃO Nº 30 | F86: Material | H86: un | I86: 0.3704 | J86: 0 | K86: 22.24 | L86: 8.237696
B87: Insumo | C87: 1334 | D87: AGETOP CIVIL | E87: DISCO DE CORTE DIAM. 5/8"- 10" | F87: Material | H87: un | I87: 0.0332 | J87: 0 | K87: 11.8 | L87: 0.39176
B88: Insumo | C88: 2818 | D88: AGETOP CIVIL | E88: DOBRADIÇA TIPO FERRADURA NÚMERO 2 | F88: Material | H88: un | I88: 0.7407 | J88: 0 | K88: 26.99 | L88: 19.991493
B89: Insumo | C89: 2417 | D89: AGETOP CIVIL | E89: MASSA PLASTICA | F89: Material | H89: Kg | I89: 0.2381 | J89: 0 | K89: 35.56 | L89: 8.466836
B90: Insumo | C90: 2893 | D90: AGETOP CIVIL | E90: FABRICAÇÃO / MONTAGEM | F90: Material | H90: un | I90: 1 | J90: 0 | K90: 122.06 | L90: 122.06
B91: Insumo | C91: 1264 | D91: AGETOP CIVIL | E91: DISCO DE DESBASTE 7/8" PARA CONCRETO/FERRO (1/4" X 7") | F91: Material | H91: un | I91: 0.0595 | J91: 0 | K91: 13.09 | L91: 0.778855
B92: Insumo | C92: 2807 | D92: AGETOP CIVIL | E92: CHAPA LISA Nº 14 TIPO BANDEJA (CORTADA/DOBRADA) | F92: Material | H92: Kg | I92: 14.4063 | J92: 0 | K92: 11.98 | L92: 172.58747
B93: Insumo | C93: 0005 | D93: AGETOP CIVIL | E93: SERVENTE | F93: Mão de Obra | H93: H | I93: 1.2832 | J93: 0 | K93: 20.37 | L93: 26.138784
B94: Insumo | C94: 1672 | D94: AGETOP CIVIL | E94: LIXA PARA FERRO Nº 100 | F94: Material | H94: un | I94: 0.2976 | J94: 0 | K94: 3.65 | L94: 1.08624
... B96: Insumo | C96: 2765 | D96: AGETOP CIVIL | E96: CANTONEIRA 50X50 CH.16 | F96: Material | H96: Kg | I96: 1.8074 | J96: 0 | K96: 9.93 | L96: 17.947482
G97: MO sem LS => | H97: 61.01 | I97: LS => | J97: 0 | K97: MO com LS => | L97: 61.01
G98: Valor do BDI => | H98: 0 | J98: Valor com BDI => | L98: 493.98
B100: 2.2.1 | C100: Código | D100: Banco | E100: Descrição | F100: Tipo | H100: Und | I100: Quant. | J100: Porcent. | K100: Valor Unit | L100: Total
B101: Composição | C101: 040101 | D101: AGETOP CIVIL | E101: ESCAVACAO MANUAL DE VALAS < 1 MTS. (OBRAS CIVIS) | F101: 401 | H101: m³ | I101: 1 | K101: 52.26 | L101: 52.26
B102: Insumo | C102: 0005 | D102: AGETOP CIVIL | E102: SERVENTE | F102: Mão de Obra | H102: H | I102: 2.566 | J102: 0 | K102: 20.37 | L102: 52.26942
G103: MO sem LS => | H103: 52.26 | I103: LS => | J103: 0 | K103: MO com LS => | L103: 52.26
G104: Valor do BDI => | H104: 0 | J104: Valor com BDI => | L104: 52.26
B106: 2.2.2 | C106: Código | D106: Banco | E106: Descrição | F106: Tipo | H106: Und | I106: Quant. | J106: Porcent. | K106: Valor Unit | L106: Total
B107: Composição | C107: 040904 | D107: AGETOP CIVIL | E107: REATERRO COM APILOAMENTO MECÂNICO | F107: 409 | H107: m³ | I107: 1 | K107: 5.49 | L107: 5.49
B108: Insumo | C108: 2779 | D108: AGETOP CIVIL | E108: COMPACTADOR DE PLACA VIBRATÓRIA A GASOLINA POTÊNCIA 3HP | F108: Material | H108: h | I108: 0.0125 | J108: 0 | K108: 7.06 | L108: 0.08825
B109: Insumo | C109: 0005 | D109: AGETOP CIVIL | E109: SERVENTE | F109: Mão de Obra | H109: H | I109: 0.2425 | J109: 0 | K109: 20.37 | L109: 4.939725
B110: Insumo | C110: 2782 | D110: AGETOP CIVIL | E110: GASOLINA | F110: Material | H110: l | I110: 0.0938 | J110: 0 | K110: 5.16 | L110: 0.484008
G111: MO sem LS => | H111: 4.93 | I111: LS => | J111: 0 | K111: MO com LS => | L111: 4.93
G112: Valor do BDI => | H112: 0 | J112: Valor com BDI => | L112: 5.49
B114: 2.2.3 | C114: Código | D114: Banco | E114: Descrição | F114: Tipo | H114: Und | I114: Quant. | J114: Porcent. | K114: Valor Unit | L114: Total
B115: Composição | C115: 041004 | D115: AGETOP CIVIL | E115: ESCAVACAO MECANICA | F115: 410 | H115: m³ | I115: 1 | K115: 2.39 | L115: 2.39
...

Sheet CAPA - CRONOGRAMA (SD)
C13: CRONOGRAMA FÍSICO-FINANCEIRO SEM DESONERAÇÃO
B500: CREA 101881435-3/D-GO CREA 1019149965D-GO

Sheet CRONOGRAMA (SD)
B1: CRONOGRAMA FÍSICO-FINANCEIRO SEM DESONERAÇÃO / COM INCIDÊNCIA DE BDI
G7: DATA: | J7: ='DADOS DA OBRA'!J21 -> 10/04/2026 | Z7: BDI OBRA: | AA7: ='BDI NORMAL (SD) '!$J$25/100 -> 0.2507
B8: OBJETO: | C8: ='DADOS DA OBRA'!B12 -> CONCLUSÃO DO REMANESCENTE DA OBRA DE REFORMA E AMPLIAÇÃO DA EFG EM ARTES BASILEU FRANÇA, LOCALIZADA EM GOIÂNIA-GO. | G8: REVISÃO: | J8: 00 | Z8: BDI DIFERENCIADO: | AA8: ='BDI DIFERENCIADO (SD) '!$J$25/100 -> 0.2086
B9: LOCAL: | C9: ='DADOS DA OBRA'!$B$15&", "&'DADOS DA OBRA'!$B$18&"" -> AVENIDA UNIVERSITÁRIA, N. 1750, SETOR UNIVERSITÁRIO | G9: PRAZO: | J9: ='DADOS DA OBRA'!B24 -> 6 MESES
B10: MUNICÍPIO: | C10: ='DADOS DA OBRA'!$J$18 & "-" & 'DADOS DA OBRA'!$M$18 -> GOIÂNIA-GO
B13: ITEM | C13: SERVIÇOS | D13: TOTAL POR ETAPA | F13: MESES
F14: MÊS 01 - 30 DIAS | J14: MÊS 02 - 60 DIAS | N14: MÊS 03 - 90 DIAS | R14: MÊS 04 - 120 DIAS | V14: MÊS 05 - 150 DIAS | Z14: MÊS 06 - 180 DIAS
B16: ='ORÇAMENTO RESUMO (SD)'!B10 -> 1 | C16: =VLOOKUP(B16,'ORÇAMENTO RESUMO (SD)'!$B$10:$L$72,4,FALSE) -> ADMINISTRAÇÃO LOCAL | D16: =VLOOKUP(B16,'ORÇAMENTO RESUMO (SD)'!$B$10:$L$72,10,FALSE) -> 655665.6 | F16: =F18*$D16 -> 55066.019 | J16: =J18*$D16 -> 131413.96 | N16: =N18*$D16 -> 133076.68 | R16: =R18*$D16 -> 173274.35 | V16: =V18*$D16 -> 134948.2 | Z16: =Z18*$D16 -> 27886.387
D17: =ROUND(D16/$D$205,6) -> 0.020501 | E17: =ROUND(SUM(F18:AC18),4) -> 1
F18: =+SUM(F22,F25,F28,F31,F34,F37,F40,F43,F46,F49,F52,F55,F58,F61,F64,F67,F70,F76,F79,F82,F85,F88,F91,F94,F97,F100,F103,F106,F109,F112,F115,F118,F121,F124,F127,F130,F136,F139,F142,F145,F148,F151,F154,F157,F160,F163,F166,F169,F172,F175,F178,F181,F184,F187,F190,F193,F196,F199,F202)/($D$205-$D$16) -> 0.083984914 | J18: =+SUM(J22,J25,J28,J31,J34,J37,J40,J43,J46,J49,J52,J55,J58,J61,J64,J67,J70,J76,J79,J82,J85,J88,J91,J94,J97,J100,J103,J106,J109,J112,J115,J118,J121,J124,J127,J130,J136,J139,J142,J145,J148,J151,J154,J157,J160,J163,J166,J169,J172,J175,J178,J181,J184,J187,J190,J193,J196,J199,J202)/($D$205-$D$16) -> 0.20042833 | N18: =+SUM(N22,N25,N28,N31,N34,N37,N40,N43,N46,N49,N52,N55,N58,N61,N64,N67,N70,N76,N79,N82,N85,N88,N91,N94,N97,N100,N103,N106,N109,N112,N115,N118,N121,N124,N127,N130,N136,N139,N142,N145,N148,N151,N154,N157,N160,N163,N166,N169,N172,N175,N178,N181,N184,N187,N190,N193,N196,N199,N202)/($D$205-$D$16) -> 0.20296426 | R18: =+SUM(R22,R25,R28,R31,R34,R37,R40,R43,R46,R49,R52,R55,R58,R61,R64,R67,R70,R76,R79,R82,R85,R88,R91,R94,R97,R100,R103,R106,R109,R112,R115,R118,R121,R124,R127,R130,R136,R139,R142,R145,R148,R151,R154,R157,R160,R163,R166,R169,R172,R175,R178,R181,R184,R187,R190,R193,R196,R199,R202)/($D$205-$D$16) -> 0.26427244 | V18: =+SUM(V22,V25,V28,V31,V34,V37,V40,V43,V46,V49,V52,V55,V58,V61,V64,V67,V70,V76,V79,V82,V85,V88,V91,V94,V97,V100,V103,V106,V109,V112,V115,V118,V121,V124,V127,V130,V136,V139,V142,V145,V148,V151,V154,V157,V160,V163,V166,V169,V172,V175,V178,V181,V184,V187,V190,V193,V196,V199,V202)/($D$205-$D$16) -> 0.20581864 | Z18: =+SUM(Z22,Z25,Z28,Z31,Z34,Z37,Z40,Z43,Z46,Z49,Z52,Z55,Z58,Z61,Z64,Z67,Z70,Z76,Z79,Z82,Z85,Z88,Z91,Z94,Z97,Z100,Z103,Z106,Z109,Z112,Z115,Z118,Z121,Z124,Z127,Z130,Z136,Z139,Z142,Z145,Z148,Z151,Z154,Z157,Z160,Z163,Z166,Z169,Z172,Z175,Z178,Z181,Z184,Z187,Z190,Z193,Z196,Z199,Z202)/($D$205-$D$16) -> 0.042531417
B19: ='ORÇAMENTO RESUMO (SD)'!B11 -> 2 | C19: =VLOOKUP(B19,'ORÇAMENTO RESUMO (SD)'!$B$10:$L$72,4,FALSE) -> IMPLANTAÇÃO E ABRIGO DE RESÍDUOS | D19: =VLOOKUP(B19,'ORÇAMENTO RESUMO (SD)'!$B$10:$L$72,10,FALSE) -> 3919512.6
D20: =ROUND(D19/$D$205,6) -> 0.122555
B22: ='ORÇAMENTO RESUMO (SD)'!B12 -> 2.1 | C22: =VLOOKUP(B22,'ORÇAMENTO RESUMO (SD)'!$B$10:$L$72,4,FALSE) -> SERVIÇOS PRELIMINARES | D22: =VLOOKUP(B22,'ORÇAMENTO RESUMO (SD)'!$B$10:$L$72,10,FALSE) -> 23288.99 | F22: =F24*$D22 -> 23288.99 | J22: =J24*$D22 -> 0 | N22: =N24*$D22 -> 0 | R22: =R24*$D22 -> 0 | V22: =V24*$D22 -> 0 | Z22: =Z24*$D22 -> 0
D23: =ROUND(D22/$D$205,6) -> 0.000728 | E23: =ROUND(SUM(F24:AC24),4) -> 1
F24: 1
B25: ='ORÇAMENTO RESUMO (SD)'!B13 -> 2.2 | C25: =VLOOKUP(B25,'ORÇAMENTO RESUMO (SD)'!$B$10:$L$72,4,FALSE) -> SERVIÇO EM TERRA | D25: =VLOOKUP(B25,'ORÇAMENTO RESUMO (SD)'!$B$10:$L$72,10,FALSE) -> 17934.58 | F25: =F27*$D25 -> 5380.374 | J25: =J27*$D25 -> 5380.374 | N25: =N27*$D25 -> 7173.832 | R25: =R27*$D25 -> 0 | V25: =V27*$D25 -> 0 | Z25: =Z27*$D25 -> 0
D26: =ROUND(D25/$D$205,6) -> 0.000561 | E26: =ROUND(SUM(F27:AC27),4) -> 1
F27: 0.3 | J27: 0.3 | N27: 0.4
B28: ='ORÇAMENTO RESUMO (SD)'!B14 -> 2.3 | C28: =VLOOKUP(B28,'ORÇAMENTO RESUMO (SD)'!$B$10:$L$72,4,FALSE) -> TRANSPORTES | D28: =VLOOKUP(B28,'ORÇAMENTO RESUMO (SD)'!$B$10:$L$72,10,FALSE) -> 173384.04 | F28: =F30*$D28 -> 26007.606 | J28: =J30*$D28 -> 26007.606 | N28: =N30*$D28 -> 34676.808 | R28: =R30*$D28 -> 34676.808 | V28: =V30*$D28 -> 26007.606 | Z28: =Z30*$D28 -> 26007.606
D29: =ROUND(D28/$D$205,6) -> 0.005421 | E29: =ROUND(SUM(F30:AC30),4) -> 1
F30: 0.15 | J30: 0.15 | N30: 0.2 | R30: 0.2 | V30: 0.15 | Z30: 0.15
B31: ='ORÇAMENTO RESUMO (SD)'!B15 -> 2.4 | C31: =VLOOKUP(B31,'ORÇAMENTO RESUMO (SD)'!$B$10:$L$72,4,FALSE) -> FUNDAÇÕES E SONDAGENS | D31: =VLOOKUP(B31,'ORÇAMENTO RESUMO (SD)'!$B$10:$L$72,10,FALSE) -> 292192.81 | F31: =F33*$D31 -> 116877.12 | J31: =J33*$D31 -> 116877.12 | N31: =N33*$D31 -> 58438.562 | R31: =R33*$D31 -> 0 | V31: =V33*$D31 -> 0 | Z31: =Z33*$D31 -> 0
D32: =ROUND(D31/$D$205,6) -> 0.009136 | E32: =ROUND(SUM(F33:AC33),4) -> 1
F33: 0.4 | J33: 0.4 | N33: 0.2
B34: ='ORÇAMENTO RESUMO (SD)'!B16 -> 2.5 | C34: =VLOOKUP(B34,'ORÇAMENTO RESUMO (SD)'!$B$10:$L$72,4,FALSE) -> ESTRUTURA | D34: =VLOOKUP(B34,'ORÇAMENTO RESUMO (SD)'!$B$10:$L$72,10,FALSE) -> 171725.24 | F34: =F36*$D34 -> 0 | J34: =J36*$D34 -> 85862.62 | N34: =N36*$D34 -> 85862.62 | R34: =R36*$D34 -> 0 | V34: =V36*$D34 -> 0 | Z34: =Z36*$D34 -> 0
D35: =ROUND(D34/$D$205,6) -> 0.005369 | E35: =ROUND(SUM(F36:AC36),4) -> 1
J36: 0.5 | N36: 0.5
B37: ='ORÇAMENTO RESUMO (SD)'!B17 -> 2.6 | C37: =VLOOKUP(B37,'ORÇAMENTO RESUMO (SD)'!$B$10:$L$72,4,FALSE) -> INST. ELÉT./TELEFÔNICA/CABEAMENTO ESTRUTURADO | D37: =VLOOKUP(B37,'ORÇAMENTO RESUMO (SD)'!$B$10:$L$72,10,FALSE) -> 615145.87 | F37: =F39*$D37 -> 0 | J37: =J39*$D37 -> 153786.47 | N37: =N39*$D37 -> 153786.47 | R37: =R39*$D37 -> 153786.47 | V37: =V39*$D37 -> 153786.47 | Z37: =Z39*$D37 -> 0
D38: =ROUND(D37/$D$205,6) -> 0.019234 | E38: =ROUND(SUM(F39:AC39),4) -> 1
J39: 0.25 | N39: 0.25 | R39: 0.25 | V39: 0.25
B40: ='ORÇAMENTO RESUMO (SD)'!B18 -> 2.7 | C40: =VLOOKUP(B40,'ORÇAMENTO RESUMO (SD)'!$B$10:$L$72,4,FALSE) -> INSTALAÇÕES HDRO-SANITÁRIAS | D40: =VLOOKUP(B40,'ORÇAMENTO RESUMO (SD)'!$B$10:$L$72,10,FALSE) -> 645620.88 | F40: =F42*$D40 -> 129124.18 | J40: =J42*$D40 -> 129124.18 | N40: =N42*$D40 -> 129124.18 | R40: =R42*$D40 -> 129124.18 | V40: =V42*$D40 -> 64562.088 | Z40: =Z42*$D40 -> 64562.088
D41: =ROUND(D40/$D$205,6) -> 0.020187 | E41: =ROUND(SUM(F42:AC42),4) -> 1
F42: 0.2 | J42: 0.2 | N42: 0.2 | R42: 0.2 | V42: 0.1 | Z42: 0.1
B43: ='ORÇAMENTO RESUMO (SD)'!B19 -> 2.8 | C43: =VLOOKUP(B43,'ORÇAMENTO RESUMO (SD)'!$B$10:$L$72,4,FALSE) -> ALVENARIAS E DIVISÓRIAS | D43: =VLOOKUP(B43,'ORÇAMENTO RESUMO (SD)'!$B$10:$L$72,10,FALSE) -> 193961.57 | F43: =F45*$D43 -> 0 | J43: =J45*$D43 -> 0 | N43: =N45*$D43 -> 77584.628 | R43: =R45*$D43 -> 77584.628 | V43: =V45*$D43 -> 38792.314 | Z43: =Z45*$D43 -> 0
D44: =ROUND(D43/$D$205,6) -> 0.006065 | E44: =ROUND(SUM(F45:AC45),4) -> 1
N45: 0.4 | R45: 0.4 | V45: 0.2
B46: ='ORÇAMENTO RESUMO (SD)'!B20 -> 2.9 | C46: =VLOOKUP(B46,'ORÇAMENTO RESUMO (SD)'!$B$10:$L$72,4,FALSE) -> IMPERMEABILIZAÇÃO | D46: =VLOOKUP(B46,'ORÇAMENTO RESUMO (SD)'!$B$10:$L$72,10,FALSE) -> 13985.74 | F46: =F48*$D46 -> 0 | J46: =J48*$D46 -> 0 | N46: =N48*$D46 -> 13985.74 | R46: =R48*$D46 -> 0 | V46: =V48*$D46 -> 0 | Z46: =Z48*$D46 -> 0
D47: =ROUND(D46/$D$205,6) -> 0.000437 | E47: =ROUND(SUM(F48:AC48),4) -> 1
N48: 1
B49: ='ORÇAMENTO RESUMO (SD)'!B21 -> 2.10 | C49: =VLOOKUP(B49,'ORÇAMENTO RESUMO (SD)'!$B$10:$L$72,4,FALSE) -> COBERTURA | D49: =VLOOKUP(B49,'ORÇAMENTO RESUMO (SD)'!$B$10:$L$72,10,FALSE) -> 8979.99 | F49: =F51*$D49 -> 0 | J49: =J51*$D49 -> 0 | N49: =N51*$D49 -> 8979.99 | R49: =R51*$D49 -> 0 | V49: =V51*$D49 -> 0 | Z49: =Z51*$D49 -> 0
D50: =ROUND(D49/$D$205,6) -> 0.000281 | E50: =ROUND(SUM(F51:AC51),4) -> 1
N51: 1
B52: ='ORÇAMENTO RESUMO (SD)'!B22 -> 2.11 | C52: =VLOOKUP(B52,'ORÇAMENTO RESUMO (SD)'!$B$10:$L$72,4,FALSE) -> ESQUADRIAS METÁLICAS | D52: =VLOOKUP(B52,'ORÇAMENTO RESUMO (SD)'!$B$10:$L$72,10,FALSE) -> 252435.97 | F52: =F54*$D52 -> 0 | J52: =J54*$D52 -> 0 | N52: =N54*$D52 -> 75730.791 | R52: =R54*$D52 -> 126217.99 | V52: =V54*$D52 -> 50487.194 | Z52: =Z54*$D52 -> 0
D53: =ROUND(D52/$D$205,6) -> 0.007893 | E53: =ROUND(SUM(F54:AC54),4) -> 1
N54: 0.3 | R54: 0.5 | V54: 0.2
B55: ='ORÇAMENTO RESUMO (SD)'!B23 -> 2.12 | C55: =VLOOKUP(B55,'ORÇAMENTO RESUMO (SD)'!$B$10:$L$72,4,FALSE) -> REVESTIMENTO DE PAREDES | D55: =VLOOKUP(B55,'ORÇAMENTO RESUMO (SD)'!$B$10:$L$72,10,FALSE) -> 336361.82 | F55: =F57*$D55 -> 0 | J55: =J57*$D55 -> 0 | N55: =N57*$D55 -> 100908.55 | R55: =R57*$D55 -> 168180.91 | V55: =V57*$D55 -> 67272.364 | Z55: =Z57*$D55 -> 0
D56: =ROUND(D55/$D$205,6) -> 0.010517 | E56: =ROUND(SUM(F57:AC57),4) -> 1
N57: 0.3 | R57: 0.5 | V57: 0.2
B58: ='ORÇAMENTO RESUMO (SD)'!B24 -> 2.13 | C58: =VLOOKUP(B58,'ORÇAMENTO RESUMO (SD)'!$B$10:$L$72,4,FALSE) -> FORROS | D58: =VLOOKUP(B58,'ORÇAMENTO RESUMO (SD)'!$B$10:$L$72,10,FALSE) -> 2089.85 | F58: =F60*$D58 -> 0 | J58: =J60*$D58 -> 0 | N58: =N60*$D58 -> 0 | R58: =R60*$D58 -> 2089.85 | V58: =V60*$D58 -> 0 | Z58: =Z60*$D58 -> 0
D59: =ROUND(D58/$D$205,6) -> 6.5e-05 | E59: =ROUND(SUM(F60:AC60),4) -> 1
R60: 1
B61: ='ORÇAMENTO RESUMO (SD)'!B25 -> 2.14 | C61: =VLOOKUP(B61,'ORÇAMENTO RESUMO (SD)'!$B$10:$L$72,4,FALSE) -> REVESTIMENTO DE PISO | D61: =VLOOKUP(B61,'ORÇAMENTO RESUMO (SD)'!$B$10:$L$72,10,FALSE) -> 773015.85 | F61: =F63*$D61 -> 0 | J61: =J63*$D61 -> 0 | N61: =N63*$D61 -> 0 | R61: =R63*$D61 -> 309206.34 | V61: =V63*$D61 -> 386507.92 | Z61: =Z63*$D61 -> 77301.585
D62: =ROUND(D61/$D$205,6) -> 0.024171 | E62: =ROUND(SUM(F63:AC63),4) -> 1
R63: 0.4 | V63: 0.5 | Z63: 0.1
B64: ='ORÇAMENTO RESUMO (SD)'!B26 -> 2.15 | C64: =VLOOKUP(B64,'ORÇAMENTO RESUMO (SD)'!$B$10:$L$72,4,FALSE) -> PINTURA | D64: =VLOOKUP(B64,'ORÇAMENTO RESUMO (SD)'!$B$10:$L$72,10,FALSE) -> 120748.87 | F64: =F66*$D64 -> 0 | J64: =J66*$D64 -> 0 | N64: =N66*$D64 -> 0 | R64: =R66*$D64 -> 36224.661 | V64: =V66*$D64 -> 60374.435 | Z64: =Z66*$D64 -> 24149.774
D65: =ROUND(D64/$D$205,6) -> 0.003776 | E65: =ROUND(SUM(F66:AC66),4) -> 1
R66: 0.3 | V66: 0.5 | Z66: 0.2
B67: ='ORÇAMENTO RESUMO (SD)'!B27 -> 2.16 | C67: =VLOOKUP(B67,'ORÇAMENTO RESUMO (SD)'!$B$10:$L$72,4,FALSE) -> PAISAGISMO | D67: =VLOOKUP(B67,'ORÇAMENTO RESUMO (SD)'!$B$10:$L$72,10,FALSE) -> 132020.16 | F67: =F69*$D67 -> 0 | J67: =J69*$D67 -> 0 | N67: =N69*$D67 -> 26404.032 | R67: =R69*$D67 -> 26404.032 | V67: =V69*$D67 -> 66010.08 | Z67: =Z69*$D67 -> 13202.016
D68: =ROUND(D67/$D$205,6) -> 0.004128 | E68: =ROUND(SUM(F69:AC69),4) -> 1
N69: 0.2 | R69: 0.2 | V69: 0.5 | Z69: 0.1
B70: ='ORÇAMENTO RESUMO (SD)'!B28 -> 2.17 | C70: =VLOOKUP(B70,'ORÇAMENTO RESUMO (SD)'!$B$10:$L$72,4,FALSE) -> DIVERSOS | D70: =VLOOKUP(B70,'ORÇAMENTO RESUMO (SD)'!$B$10:$L$72,10,FALSE) -> 146620.4 | F70: =F72*$D70 -> 0 | J70: =J72*$D70 -> 0 | N70: =N72*$D70 -> 0 | R70: =R72*$D70 -> 0 | V70: =V72*$D70 -> 87972.24 | Z70: =Z72*$D70 -> 58648.16
D71: =ROUND(D70/$D$205,6) -> 0.004585 | E71: =ROUND(SUM(F72:AC72),4) -> 1
V72: 0.6 | Z72: 0.4
B73: ='ORÇAMENTO RESUMO (SD)'!B29 -> 3 | C73: =VLOOKUP(B73,'ORÇAMENTO RESUMO (SD)'!$B$10:$L$72,4,FALSE) -> BLOCO 01 | D73: =VLOOKUP(B73,'ORÇAMENTO RESUMO (SD)'!$B$10:$L$72,10,FALSE) -> 5080657.8
D74: =ROUND(D73/$D$205,6) -> 0.158862
B76: ='ORÇAMENTO RESUMO (SD)'!B30 -> 3.1 | C76: =VLOOKUP(B76,'ORÇAMENTO RESUMO (SD)'!$B$10:$L$72,4,FALSE) -> SERVIÇOS PRELIMINARES | D76: =VLOOKUP(B76,'ORÇAMENTO RESUMO (SD)'!$B$10:$L$72,10,FALSE) -> 40505.16 | F76: =F78*$D76 -> 8101.032 | J76: =J78*$D76 -> 8101.032 | N76: =N78*$D76 -> 8101.032 | R76: =R78*$D76 -> 8101.032 | V76: =V78*$D76 -> 4050.516 | Z76: =Z78*$D76 -> 4050.516
D77: =ROUND(D76/$D$205,6) -> 0.001267 | E77: =ROUND(SUM(F78:AC78),4) -> 1
F78: 0.2 | J78: 0.2 | N78: 0.2 | R78: 0.2 | V78: 0.1 | Z78: 0.1
B79: ='ORÇAMENTO RESUMO (SD)'!B31 -> 3.2 | C79: =VLOOKUP(B79,'ORÇAMENTO RESUMO (SD)'!$B$10:$L$72,4,FALSE) -> SERVIÇO EM TERRA | D79: =VLOOKUP(B79,'ORÇAMENTO RESUMO (SD)'!$B$10:$L$72,10,FALSE) -> 16850.45 | F79: =F81*$D79 -> 16850.45 | J79: =J81*$D79 -> 0 | N79: =N81*$D79 -> 0 | R79: =R81*$D79 -> 0 | V79: =V81*$D79 -> 0 | Z79: =Z81*$D79 -> 0
D80: =ROUND(D79/$D$205,6) -> 0.000527 | E80: =ROUND(SUM(F81:AC81),4) -> 1
F81: 1
B82: ='ORÇAMENTO RESUMO (SD)'!B32 -> 3.3 | C82: =VLOOKUP(B82,'ORÇAMENTO RESUMO (SD)'!$B$10:$L$72,4,FALSE) -> TRANSPORTES | D82: =VLOOKUP(B82,'ORÇAMENTO RESUMO (SD)'!$B$10:$L$72,10,FALSE) -> 47243.8 | F82: =F84*$D82 -> 7086.57 | J82: =J84*$D82 -> 7086.57 | N82: =N84*$D82 -> 9448.76 | R82: =R84*$D82 -> 9448.76 | V82: =V84*$D82 -> 7086.57 | Z82: =Z84*$D82 -> 7086.57
D83: =ROUND(D82/$D$205,6) -> 0.001477 | E83: =ROUND(SUM(F84:AC84),4) -> 1
F84: 0.15 | J84: 0.15 | N84: 0.2 | R84: 0.2 | V84: 0.15 | Z84: 0.15
B85: ='ORÇAMENTO RESUMO (SD)'!B33 -> 3.4 | C85: =VLOOKUP(B85,'ORÇAMENTO RESUMO (SD)'!$B$10:$L$72,4,FALSE) -> INST. ELÉT./TELEFÔNICA/CABEAMENTO ESTRUTURADO | D85: =VLOOKUP(B85,'ORÇAMENTO RESUMO (SD)'!$B$10:$L$72,10,FALSE) -> 497527.27 | F85: =F87*$D85 -> 49752.727 | J85: =J87*$D85 -> 149258.18 | N85: =N87*$D85 -> 149258.18 | R85: =R87*$D85 -> 99505.454 | V85: =V87*$D85 -> 49752.727 | Z85: =Z87*$D85 -> 0
D86: =ROUND(D85/$D$205,6) -> 0.015557 | E86: =ROUND(SUM(F87:AC87),4) -> 1
F87: 0.1 | J87: 0.3 | N87: 0.3 | R87: 0.2 | V87: 0.1
B88: ='ORÇAMENTO RESUMO (SD)'!B34 -> 3.5 | C88: =VLOOKUP(B88,'ORÇAMENTO RESUMO (SD)'!$B$10:$L$72,4,FALSE) -> INSTALAÇÕES HDRO-SANITÁRIAS | D88: =VLOOKUP(B88,'ORÇAMENTO RESUMO (SD)'!$B$10:$L$72,10,FALSE) -> 312957.23 | F88: =F90*$D88 -> 31295.723 | J88: =J90*$D88 -> 93887.169 | N88: =N90*$D88 -> 62591.446 | R88: =R90*$D88 -> 62591.446 | V88: =V90*$D88 -> 31295.723 | Z88: =Z90*$D88 -> 31295.723
D89: =ROUND(D88/$D$205,6) -> 0.009786 | E89: =ROUND(SUM(F90:AC90),4) -> 1
F90: 0.1 | J90: 0.3 | N90: 0.2 | R90: 0.2 | V90: 0.1 | Z90: 0.1
B91: ='ORÇAMENTO RESUMO (SD)'!B35 -> 3.6 | C91: =VLOOKUP(B91,'ORÇAMENTO RESUMO (SD)'!$B$10:$L$72,4,FALSE) -> INSTALAÇÕES ESPECIAIS | D91: =VLOOKUP(B91,'ORÇAMENTO RESUMO (SD)'!$B$10:$L$72,10,FALSE) -> 997002.32 | F91: =F93*$D91 -> 0 | J91: =J93*$D91 -> 299100.7 | N91: =N93*$D91 -> 299100.7 | R91: =R93*$D91 -> 299100.7 | V91: =V93*$D91 -> 99700.232 | Z91: =Z93*$D91 -> 0
D92: =ROUND(D91/$D$205,6) -> 0.031174 | E92: =ROUND(SUM(F93:AC93),4) -> 1
J93: 0.3 | N93: 0.3 | R93: 0.3 | V93: 0.1
B94: ='ORÇAMENTO RESUMO (SD)'!B36 -> 3.7 | C94: =VLOOKUP(B94,'ORÇAMENTO RESUMO (SD)'!$B$10:$L$72,4,FALSE) -> ELEVADOR | D94: =VLOOKUP(B94,'ORÇAMENTO RESUMO (SD)'!$B$10:$L$72,10,FALSE) -> 270968.12 | F94: =F96*$D94 -> 0 | J94: =J96*$D94 -> 0 | N94: =N96*$D94 -> 0 | R94: =R96*$D94 -> 0 | V94: =V96*$D94 -> 270968.12 | Z94: =Z96*$D94 -> 0
D95: =ROUND(D94/$D$205,6) -> 0.008473 | E95: =ROUND(SUM(F96:AC96),4) -> 1
V96: 1
B97: ='ORÇAMENTO RESUMO (SD)'!B37 -> 3.8 | C97: =VLOOKUP(B97,'ORÇAMENTO RESUMO (SD)'!$B$10:$L$72,4,FALSE) -> ALVENARIAS E DIVISÓRIAS | D97: =VLOOKUP(B97,'ORÇAMENTO RESUMO (SD)'!$B$10:$L$72,10,FALSE) -> 559841.35 | F97: =F99*$D97 -> 0 | J97: =J99*$D97 -> 55984.135 | N97: =N99*$D97 -> 223936.54 | R97: =R99*$D97 -> 223936.54 | V97: =V99*$D97 -> 55984.135 | Z97: =Z99*$D97 -> 0
D98: =ROUND(D97/$D$205,6) -> 0.017505 | E98: =ROUND(SUM(F99:AC99),4) -> 1
J99: 0.1 | N99: 0.4 | R99: 0.4 | V99: 0.1
B100: ='ORÇAMENTO RESUMO (SD)'!B38 -> 3.9 | C100: =VLOOKUP(B100,'ORÇAMENTO RESUMO (SD)'!$B$10:$L$72,4,FALSE) -> ISOLAMENTO TÉRMICO E ACÚSTICO | D100: =VLOOKUP(B100,'ORÇAMENTO RESUMO (SD)'!$B$10:$L$72,10,FALSE) -> 358358.77 | F100: =F102*$D100 -> 0 | J100: =J102*$D100 -> 0 | N100: =N102*$D100 -> 0 | R100: =R102*$D100 -> 107507.63 | V100: =V102*$D100 -> 179179.39 | Z100: =Z102*$D100 -> 71671.754
D101: =ROUND(D100/$D$205,6) -> 0.011205 | E101: =ROUND(SUM(F102:AC102),4) -> 1
R102: 0.3 | V102: 0.5 | Z102: 0.2
B103: ='ORÇAMENTO RESUMO (SD)'!B39 -> 3.10 | C103: =VLOOKUP(B103,'ORÇAMENTO RESUMO (SD)'!$B$10:$L$72,4,FALSE) -> ESQUADRIAS DE MADEIRA | D103: =VLOOKUP(B103,'ORÇAMENTO RESUMO (SD)'!$B$10:$L$72,10,FALSE) -> 264332.96 | F103: =F105*$D103 -> 0 | J103: =J105*$D103 -> 0 | N103: =N105*$D103 -> 0 | R103: =R105*$D103 -> 132166.48 | V103: =V105*$D103 -> 132166.48 | Z103: =Z105*$D103 -> 0
D104: =ROUND(D103/$D$205,6) -> 0.008265 | E104: =ROUND(SUM(F105:AC105),4) -> 1
R105: 0.5 | V105: 0.5
B106: ='ORÇAMENTO RESUMO (SD)'!B40 -> 3.11 | C106: =VLOOKUP(B106,'ORÇAMENTO RESUMO (SD)'!$B$10:$L$72,4,FALSE) -> ESQUADRIAS METÁLICAS | D106: =VLOOKUP(B106,'ORÇAMENTO RESUMO (SD)'!$B$10:$L$72,10,FALSE) -> 377414.56 | F106: =F108*$D106 -> 0 | J106: =J108*$D106 -> 75482.912 | N106: =N108*$D106 -> 188707.28 | R106: =R108*$D106 -> 113224.37 | V106: =V108*$D106 -> 0 | Z106: =Z108*$D106 -> 0
D107: =ROUND(D106/$D$205,6) -> 0.011801 | E107: =ROUND(SUM(F108:AC108),4) -> 1
J108: 0.2 | N108: 0.5 | R108: 0.3
B109: ='ORÇAMENTO RESUMO (SD)'!B41 -> 3.12 | C109: =VLOOKUP(B109,'ORÇAMENTO RESUMO (SD)'!$B$10:$L$72,4,FALSE) -> BRISES FACHADAS | D109: =VLOOKUP(B109,'ORÇAMENTO RESUMO (SD)'!$B$10:$L$72,10,FALSE) -> 448957.03 | F109: =F111*$D109 -> 0 | J109: =J111*$D109 -> 0 | N109: =N111*$D109 -> 0 | R109: =R111*$D109 -> 0 | V109: =V111*$D109 -> 314269.92 | Z109: =Z111*$D109 -> 134687.11
D110: =ROUND(D109/$D$205,6) -> 0.014038 | E110: =ROUND(SUM(F111:AC111),4) -> 1
...

Sheet CAPA - CURVA ABC DE SERVIÇO(SD)
C13: CURVA ABC DE SERVIÇOS SEM DESONERAÇÃO
B500: CREA 101881435-3/D-GO CREA 1019149965D-GO

Sheet CURVA ABC DE SERVIÇOS (SD)
B1: CURVA ABC DE SERVIÇOS SEM DESONERAÇÃO / SEM INCIDÊNCIA DE BDI
B3: OBJETO: | C3: ='DADOS DA OBRA'!$B$12 -> CONCLUSÃO DO REMANESCENTE DA OBRA DE REFORMA E AMPLIAÇÃO DA EFG EM ARTES BASILEU FRANÇA, LOCALIZADA EM GOIÂNIA-GO. | E3: DATA: | F3: ='DADOS DA OBRA'!$J$21 -> 10/04/2026 | I3: BDI OBRA: | J3: ='BDI NORMAL (SD) '!$J$25/100 -> 0.2507
B4: LOCAL: | C4: ='DADOS DA OBRA'!$B$15&", "&'DADOS DA OBRA'!$B$18&"" -> AVENIDA UNIVERSITÁRIA, N. 1750, SETOR UNIVERSITÁRIO | E4: REVISÃO: | F4: ='CAPA - ORÇAMENTO'!$D$18 -> 00 | I4: BDI DIFERENCIADO: | J4: ='BDI DIFERENCIADO (SD) '!$J$25/100 -> 0.2086
B5: MUNICÍPIO: | C5: ='DADOS DA OBRA'!$J$18 & "-" & 'DADOS DA OBRA'!$M$18 -> GOIÂNIA-GO | E5: PRAZO: | F5: ='DADOS DA OBRA'!$B$24 -> 6 MESES
B10: Código | C10: Banco | D10: Descrição | E10: Und | F10: Quant. | G10: Valor Unit | H10: Total | I10: Peso (%) | J10: Peso Acumulado (%)
B11: 00266 | C11: Próprio | D11: Copia da SINAPI (100763) - VIGA METÁLICA EM PERFIL LAMINADO OU SOLDADO EM AÇO ESTRUTURAL, COM CONEXÕES PARAFUSADAS, INCLUSOS MÃO DE OBRA, TRANSPORTE E IÇAMENTO UTILIZANDO GUINDASTE - FORNECIMENTO E INSTALAÇÃO. (ADAPTADO CONFORME DECRETO ESTADUAL GO 9900/2021) | E11: KG | F11: 90556.34 | G11: 15.78 | H11: =TRUNC(F11*G11,2) -> 1428979 | I11: =H11/$J$761 -> 0.055466695 | J11: =I11 -> 0.055466695
B12: 00293 | C12: Próprio | D12: ADAPTADO DE SINAPI 96369 - PAREDE COM SISTEMA EM CHAPAS DE GESSO PARA DRYWALL, USO INTERNO, COM DUAS FACES DUPLAS E ESTRUTURA METÁLICA COM GUIAS DUPLAS (ST) E ISOLAMENTO COM LÃ DE VIDRO 50 MM. (Adaptado para atendimento do Decreto 9900/2021) | E12: m² | F12: 3538.07 | G12: 269.21 | H12: =TRUNC(F12*G12,2) -> 952483.82 | I12: =H12/$J$761 -> 0.036971242 | J12: =I12+J11 -> 0.092437937
B13: 22.06.300 | C13: CPOS/CDHU | D13: ELEMENTO METÁLICO VAZADO INSTALADO EM FACHADA | E13: m² | F13: 1240.14 | G13: 651.12 | H13: =TRUNC(F13*G13,2) -> 807479.95 | I13: =H13/$J$761 -> 0.031342828 | J13: =I13+J12 -> 0.12378077
B14: 11.050.0010-0 | C14: EMOP | D14: ESCORAMENTO METALICO (ALUGUEL),COM ESCORAS TELESCOPAVEIS OU TORRES DE CARGA,PARA ESTRUTURA CONVENCIONAL DE CONCRETO ARMA DO,EXCLUSIVE MONTAGEM E DESMONTAGEM (VIDE ITEM 11.055.0010). MEDICAO PELO VOLUME DE ESCORAMENTO | E14: M3XMES | F14: 29260.29 | G14: 27 | H14: =TRUNC(F14*G14,2) -> 790027.83 | I14: =H14/$J$761 -> 0.030665413 | J14: =I14+J13 -> 0.15444618
B15: 103263 | C15: SINAPI | D15: AR CONDICIONADO SPLIT INVERTER, PISO TETO, 48000 BTU/H, CICLO FRIO - FORNECIMENTO E INSTALAÇÃO. AF_11/2021_P. (ADAPTADO CONFORME DECRETO ESTADUAL 9900/2021) | E15: UN | F15: 48 | G15: 15456.44 | H15: =TRUNC(F15*G15,2) -> 741909.12 | I15: =H15/$J$761 -> 0.028797656 | J15: =I15+J14 -> 0.18324384
B16: 00162 | C16: Próprio | D16: CÓPIA DE SINAPI (103265) - AR CONDICIONADO SPLIT INVERTER, PISO TETO, APRESENTANDO ENTRE 60000 BTU/H, CICLO FRIO - FORNECIMENTO E INSTALAÇÃO. AF_11/2021_P. (ADAPTADO CONFORME DECRETO ESTADUAL 9900/2021) | E16: UN | F16: 41 | G16: 16693.81 | H16: =TRUNC(F16*G16,2) -> 684446.21 | I16: =H16/$J$761 -> 0.026567198 | J16: =I16+J15 -> 0.20981103
B17: C4062 | C17: SEINFRA | D17: GRUPO GERADOR 636/780 KVA C/ QUADRO AUTOMÁTICO - COMPLETO (ADAPTADO CONFORME DECRETO ESTADUAL N° 9900/2021) | E17: UN | F17: 1 | G17: 660863.7 | H17: =TRUNC(F17*G17,2) -> 660863.7 | I17: =H17/$J$761 -> 0.025651829 | J17: =I17+J16 -> 0.23546286
B18: 060525 | C18: AGETOP CIVIL | D18: CONCRETO USINADO BOMBEÁVEL FCK=30 MPA (O.C.) | E18: m³ | F18: 1062.13 | G18: 604.6 | H18: =TRUNC(F18*G18,2) -> 642163.79 | I18: =H18/$J$761 -> 0.02492598 | J18: =I18+J17 -> 0.26038884
B19: 00284 | C19: Próprio | D19: (ADAPTADO DA ORSE 4356) - PISO FLUTUANTE EM MADEIRA TARUGADO REVESTIDO COM PISO LINÓLEO (ADAPTADO CONFORME DECRETO ESTADUAL 9900/2021) | E19: m² | F19: 1094.13 | G19: 575.82 | H19: =TRUNC(F19*G19,2) -> 630021.93 | I19: =H19/$J$761 -> 0.024454687 | J19: =I19+J18 -> 0.28484353
B20: 13.01.350 | C20: CPOS/CDHU | D20: (ADAPTADO DE CPOS/CDHU 13.01.350) LAJE PRÉ-FABRICADA MISTA VIGOTA TRELIÇADA/EPS - LT 30 (25+5) SEM CAPA DE CONCRETO. (ADAPTADO CONFORME DECRETO ESTADUAL GO 9900/2021) | E20: m² | F20: 2884.98 | G20: 213.02 | H20: =TRUNC(F20*G20,2) -> 614558.43 | I20: =H20/$J$761 -> 0.023854461 | J20: =I20+J19 -> 0.30869799
B21: 150204 | C21: AGETOP CIVIL | D21: ESTRUTURA METÁLICA CONVENCIONAL EM AÇO DO TIPO MR-250 / ASTM A36 COM FUNDO ANTICORROSIVO | E21: Kg | F21: 28473.87 | G21: 18.82 | H21: =TRUNC(F21*G21,2) -> 535878.23 | I21: =H21/$J$761 -> 0.020800441 | J21: =I21+J20 -> 0.32949843
B22: 060204 | C22: AGETOP CIVIL | D22: FORMA CHAPA DE COMPENSADO PLASTIFICADO 17MM U=4 V (OBRAS CIVIS) | E22: m² | F22: 4652.93 | G22: 103.65 | H22: =TRUNC(F22*G22,2) -> 482276.19 | I22: =H22/$J$761 -> 0.018719845 | J22: =I22+J21 -> 0.34821828
B23: 100603 | C23: AGETOP CIVIL | D23: ALVENARIA DE TIJOLO LAMINADO 1 VEZ - ARG. (1CI | E23: m² | F23: 729.13 | G23: 623.07 | H23: =TRUNC(F23*G23,2) -> 454299.02 | I23: =H23/$J$761 -> 0.017633894 | J23: =I23+J22 -> 0.36585217
... B196: 103244 | C196: SINAPI | D196: AR CONDICIONADO SPLIT INVERTER, HI-WALL (PAREDE), 9000 BTU/H, CICLO FRIO - FORNECIMENTO E INSTALAÇÃO. AF_11/2021_PE (ADAPTADO CONFORME DECRETO ESTADUAL 9900/2021) | E196: UN | F196: 8 | G196: 2465.81 | H196: =TRUNC(F196*G196,2) -> 19726.48 | I196: =H196/$J$761 -> 0.00076569539 | J196: =I196+J195 -> 0.92620672
B197: 072660 | C197: AGETOP CIVIL | D197: VERGALHAO ROSCA TOTAL D=1/4" | E197: M | F197: 1190.335 | G197: 16.42 | H197: =TRUNC(F197*G197,2) -> 19545.3 | I197: =H197/$J$761 -> 0.00075866277 | J197: =I197+J196 -> 0.92696539 | L197: =+H197-1.06 -> 19544.24
B198: 070422 | C198: AGETOP CIVIL | D198: BUCHA E ARRUELA METALICA Ø 1" | E198: PAR | F198: 5446 | G198: 3.56 | H198: =TRUNC(F198*G198,2) -> 19387.76 | I198: =H198/$J$761 -> 0.00075254776 | J198: =I198+J197 -> 0.92771793 | L198: =+L197/G197 -> 1190.2704
B199: 00161 | C199: Próprio | D199: CONTRAPISO EM CONCRETO DESEMPENSADO, FCK 20 MPA, ESP.: 8 CM | E199: m² | F199: 341.72 | G199: 55.89 | H199: =TRUNC(F199*G199,2) -> 19098.73 | I199: =H199/$J$761 -> 0.00074132889 | J199: =I199+J198 -> 0.92845926
B200: 89471 | C200: SINAPI | D200: ALVENARIA DE CANALETA DE CONCRETO ESTRUTURAL 14X19X39 CM, (ESPESSURA 14 CM), FBK = 4,5 MPA, PARA PAREDES COM ÁREA LÍQUIDA MAIOR OU IGUAL A 6M², SEM VÃOS, UTILIZANDO COLHER DE PEDREIRO. (ADAPTADO CONFORME DECRETO ESTADUAL GO N° 9900/2021) | E200: m² | F200: 181.76 | G200: 104.54 | H200: =TRUNC(F200*G200,2) -> 19001.19 | I200: =H200/$J$761 -> 0.00073754281 | J200: =I200+J199 -> 0.92919681
B201: 00280 | C201: Próprio | D201: PORTA DE MADEIRA COM ISOLAMENTO ACÚSTICO, GIRO, 80x210 cm (ADAPTADO CONFORME DECRETO ESTADUAL 9900/2021) | E201: UN | F201: 6 | G201: 3155.88 | H201: =TRUNC(F201*G201,2) -> 18935.28 | I201: =H201/$J$761 -> 0.00073498447 | J201: =I201+J200 -> 0.92993179
B202: 080541 | C202: AGETOP CIVIL | D202: LAVATÓRIO MÉDIO COM COLUNA - MEDIDAS APROXIMADAS 360X460X180 MM (C x L x A) | E202: Un | F202: 59 | G202: 320.49 | H202: =TRUNC(F202*G202,2) -> 18908.91 | I202: =H202/$J$761 -> 0.00073396091 | J202: =I202+J201 -> 0.93066575
B203: 200101 | C203: AGETOP CIVIL | D203: CHAPISCO COMUM | E203: m² | F203: 2624.71 | G203: 7.15 | H203: =TRUNC(F203*G203,2) -> 18766.67 | I203: =H203/$J$761 -> 0.00072843977 | J203: =I203+J202 -> 0.93139419
B204: 082331 | C204: AGETOP CIVIL | D204: TUBO LEVE PVC RIGIDO DIAMETRO 150 MM | E204: M | F204: 259.96 | G204: 70.6 | H204: =TRUNC(F204*G204,2) -> 18353.17 | I204: =H204/$J$761 -> 0.00071238952 | J204: =I204+J203 -> 0.93210658
B205: 080573 | C205: AGETOP CIVIL | D205: TORNEIRA DE MESA PARA PcD COM FECHAMENTO AUTOMÁTICO TEMPORIZADO PARA LAVATÓRIO DIÂMETRO DE 1/2" | E205: un | F205: 29 | G205: 628.92 | H205: =TRUNC(F205*G205,2) -> 18238.68 | I205: =H205/$J$761 -> 0.00070794552 | J205: =I205+J204 -> 0.93281453
B206: 11316 | C206: ORSE | D206: Exaustor 18w, modelo APC-210, da Aerotec ou similar - fornecimento e instalação (ADAPTADO CONFORME DECRETO ESTADUAL 9900/2021) | E206: un | F206: 38 | G206: 474.61 | H206: =TRUNC(F206*G206,2) -> 18035.18 | I206: =H206/$J$761 -> 0.00070004654 | J206: =I206+J205 -> 0.93351457
B207: 071381 | C207: AGETOP CIVIL | D207: HASTE REV.COBRE(COPPERWELD) 5/8" X 3,00 M C/CONECTOR | E207: Un | F207: 102 | G207: 172.37 | H207: =TRUNC(F207*G207,2) -> 17581.74 | I207: =H207/$J$761 -> 0.00068244599 | J207: =I207+J206 -> 0.93419702
B208: 97892 | C208: SINAPI | D208: CAIXA ENTERRADA ELÉTRICA RETANGULAR, EM ALVENARIA COM BLOCOS DE CONCRETO, FUNDO COM BRITA, DIMENSÕES INTERNAS: 0,6X0,6X0,6 M. AF_12/2020 (ADAPTADO CONFORME DECRETO ESTADUAL 9900/2021) | E208: UN | F208: 44 | G208: 395.41 | H208: =TRUNC(F208*G208,2) -> 17398.04 | I208: =H208/$J$761 -> 0.00067531556 | J208: =I208+J207 -> 0.93487233
B209: 61.14.100 | C209: CPOS/CDHU | D209: VENTILADOR CENTRÍFUGO DE DUPLA ASPIRAÇÃO "LIMITE-LOAD", VAZÃO 20.000 M³/H, PRESSÃO 50 MMCA - 380/660 V / 60 HZ. (ADAPTADO CONFORME DECRETO ESTADUAL 9900/2021) | E209: un | F209: 1 | G209: 17121.35 | H209: =TRUNC(F209*G209,2) -> 17121.35 | I209: =H209/$J$761 -> 0.00066457567 | J209: =I209+J208 -> 0.93553691
B210: 103336 | C210: SINAPI | D210: ALVENARIA DE VEDAÇÃO DE BLOCOS VAZADOS DE CONCRETO APARENTE DE 9X19X39 CM (ESPESSURA 9 CM) E ARGAMASSA DE ASSENTAMENTO COM PREPARO EM BETONEIRA. AF_12/2021. (ADAPTADO CONFORME DECRETO ESTADUAL 9900/2021) | E210: m² | F210: 196.96 | G210: 85.34 | H210: =TRUNC(F210*G210,2) -> 16808.56 | I210: =H210/$J$761 -> 0.00065243454 | J210: =I210+J209 -> 0.93618934
... B380: 071181 | C380: AGETOP CIVIL | D380: DISJUNTOR TRIPOLAR DE 300 A 350-A | E380: Un | F380: 3 | G380: 1141.08 | H380: =TRUNC(F380*G380,2) -> 3423.24 | I380: =H380/$J$761 -> 0.00013287515 | J380: =I380+J379 -> 0.98662632
B381: 071173 | C381: AGETOP CIVIL | D381: DISJUNTOR TRIPOLAR DE 10 A 35-A | E381: Un | F381: 35 | G381: 97.45 | H381: =TRUNC(F381*G381,2) -> 3410.75 | I381: =H381/$J$761 -> 0.00013239035 | J381: =I381+J12 -> 0.092570328
B382: 37.18.010 | C382: CPOS/CDHU | D382: TRANSFORMADOR DE POTENCIAL MONOFÁSICO ATÉ 1000 VA CLASSE 15 KV, A SECO, COM FUSÍVEIS (ADAPTADO CONFORME DECRETO ESTADUAL N° 9900/2021) | E382: un | F382: 1 | G382: 3385.71 | H382: =TRUNC(F382*G382,2) -> 3385.71 | I382: =H382/$J$761 -> 0.0001314184 | J382: =I382+J381 -> 0.092701746
B383: 081733 | C383: AGETOP CIVIL | D383: CURVA 90 GRAUS CURTA DIAM. 100 MM (ESGOTO) | E383: Un | F383: 62 | G383: 53.87 | H383: =TRUNC(F383*G383,2) -> 3339.94 | I383: =H383/$J$761 -> 0.00012964181 | J383: =I383+J382 -> 0.092831388
B384: 00155 | C384: Próprio | D384: CÓPIA DE SINAPI (104174) - JUNÇÃO SIMPLES, PVC, ESGOTO, DN 150 X 100 MM, JUNTA ELÁSTICA, FORNECIDO E INSTALADO EM RAMAL DE ENCAMINHAMENTO.. (ADAPTADO CONFORME DECRETO ESTADUAL 9900/2021) | E384: UN | F384: 15 | G384: 220.82 | H384: =TRUNC(F384*G384,2) -> 3312.3 | I384: =H384/$J$761 -> 0.00012856895 | J384: =I384+J383 -> 0.092959957
B385: 270206 | C385: AGETOP CIVIL | D385: IRRIGACAO PARA 30 DIAS / AREA PLANTADA | E385: m² | F385: 1111.52 | G385: 2.94 | H385: =TRUNC(F385*G385,2) -> 3267.86 | I385: =H385/$J$761 -> 0.00012684398 | J385: =I385+J384 -> 0.093086801
B386: 071440 | C386: AGETOP CIVIL | D386: INTERRUPTOR SIMPLES (1 SECAO) | E386: Un | F386: 166 | G386: 19.68 | H386: =TRUNC(F386*G386,2) -> 3266.88 | I386: =H386/$J$761 -> 0.00012680595 | J386: =I386+J385 -> 0.093213607
B387: 00291 | C387: Próprio | D387: (ADAPTADO DA ORSE 10766) - CAIXA VENTILADORA 2.000 m³/h (ADAPTADO CONFORME DECRETO ESTADUAL 9900/2021) | E387: un | F387: 1 | G387: 3221.06 | H387: =TRUNC(F387*G387,2) -> 3221.06 | I387: =H387/$J$761 -> 0.00012502741 | J387: =I387+J386 -> 0.093338634
B388: 00171 | C388: Próprio | D388: COPIA DE ORSE (7334) - LUMINÁRIA LED EMBUTIR COM DIFUSOS, PARA UMA LÂMPADA LED, 2x16W. (ADAPTADO CONFORME DECRETO ESTADUAL 9900/2021) | E388: un | F388: 16 | G388: 200.76 | H388: =TRUNC(F388*G388,2) -> 3212.16 | I388: =H388/$J$761 -> 0.00012468195 | J388: =I388+J387 -> 0.093463316
B389: 041005 | C389: AGETOP CIVIL | D389: CARGA MECANIZADA | E389: m³ | F389: 2127.2 | G389: 1.5 | H389: =TRUNC(F389*G389,2) -> 3190.8 | I389: =H389/$J$761 -> 0.00012385285 | J389: =I389+J388 -> 0.093587169
B390: 61.10.402 | C390: CPOS/CDHU | D390: DAMPER DE REGULAGEM MANUAL, TAMANHO: 0,15 M² A 0,20 M². (Adaptado conforme Decreto Estadual 9900/2021) | E390: m² | F390: 1.68 | G390: 1889.65 | H390: =TRUNC(F390*G390,2) -> 3174.61 | I390: =H390/$J$761 -> 0.00012322443 | J390: =I390+J389 -> 0.093710394
B391: 221120 | C391: AGETOP CIVIL | D391: PISO DE BORRACHA COLORIDO MODELO TÁTIL ( ALERTA OU DIRECIONAL) INCLUSO CONTRAPISO (1CI | E391: m² | F391: 13.79 | G391: 227.25 | H391: =TRUNC(F391*G391,2) -> 3133.77 | I391: =H391/$J$761 -> 0.0001216392 | J391: =I391+J390 -> 0.093832033
B392: 085056 | C392: AGETOP CIVIL | D392: TÊ DE FERRO GALVANIZADO 90º X 2 1/2" | E392: un | F392: 21 | G392: 145.52 | H392: =TRUNC(F392*G392,2) -> 3055.92 | I392: =H392/$J$761 -> 0.0001186174 | J392: =I392+J391 -> 0.09395065
B393: 040904 | C393: AGETOP CIVIL | D393: REATERRO COM APILOAMENTO MECÂNICO | E393: m³ | F393: 552.77 | G393: 5.49 | H393: =TRUNC(F393*G393,2) -> 3034.7 | I393: =H393/$J$761 -> 0.00011779374 | J393: =I393+J392 -> 0.094068444
... B748: 081304 | C748: AGETOP CIVIL | D748: JOELHO 45 GRAUS SOLDAVEL 40 MM | E748: Un | F748: 1 | G748: 21.6 | H748: =TRUNC(F748*G748,2) -> 21.6 | I748: =H748/$J$761 -> 8.3841721e-07 | J748: =I748+J747 -> 0.1058062
B749: 081734 | C749: AGETOP CIVIL | D749: CURVA 90 GRAUS LONGA DIAM. 40 MM (ESGOTO) | E749: Un | F749: 1 | G749: 19.87 | H749: =TRUNC(F749*G749,2) -> 19.87 | I749: =H749/$J$761 -> 7.712662e-07 | J749: =I749+J380 -> 0.9866271
B750: 071703 | C750: AGETOP CIVIL | D750: LUVA EM AÇO GALVANIZADO DIÂMETRO 1.1/4" | E750: Un | F750: 2 | G750: 9.83 | H750: =TRUNC(F750*G750,2) -> 19.66 | I750: =H750/$J$761 -> 7.6311492e-07 | J750: =I750+J749 -> 0.98662786
B751: 081163 | C751: AGETOP CIVIL | D751: BUCHA DE REDUÇÃO SOLDAVEL CURTA 40 X 32 MM | E751: Un | F751: 2 | G751: 9.43 | H751: =TRUNC(F751*G751,2) -> 18.86 | I751: =H751/$J$761 -> 7.3206243e-07 | J751: =I751+J750 -> 0.98662859
B752: 89365 | C752: SINAPI | D752: CURVA 45 GRAUS, PVC, SOLDÁVEL, DN 25MM, INSTALADO EM RAMAL OU SUB-RAMAL DE ÁGUA - FORNECIMENTO E INSTALAÇÃO. AF_06/2022. (ADAPTADO CONFORME DECRETO ESTADUAL 9900/2021) | E752: UN | F752: 1 | G752: 15.6 | H752: =TRUNC(F752*G752,2) -> 15.6 | I752: =H752/$J$761 -> 6.0552354e-07 | J752: =I752+J751 -> 0.9866292
B753: 072476 | C753: AGETOP CIVIL | D753: TAMPA PARA CONDULETE METÁLICO PARA 1 TOMADA | E753: un | F753: 2 | G753: 7.31 | H753: =TRUNC(F753*G753,2) -> 14.62 | I753: =H753/$J$761 -> 5.6748424e-07 | J753: =I753+J752 -> 0.98662976
B754: 081180 | C754: AGETOP CIVIL | D754: BUCHA DE REDUCAO SOLDAVEL LONGA 50 X 32 mm | E754: Un | F754: 1 | G754: 13.03 | H754: =TRUNC(F754*G754,2) -> 13.03 | I754: =H754/$J$761 -> 5.0576742e-07 | J754: =I754+J753 -> 0.98663027
B755: 072460 | C755: AGETOP CIVIL | D755: TAMPA PARA CONDULETE METÁLICO PARA 1 INTERRUPTOR E 1 TOMADA | E755: Un | F755: 2 | G755: 6.35 | H755: =TRUNC(F755*G755,2) -> 12.7 | I755: =H755/$J$761 -> 4.9295827e-07 | J755: =I755+J754 -> 0.98663076
B756: 081131 | C756: AGETOP CIVIL | D756: LUVA SOLDAVEL C/ROSCA DIAMETRO 25 X 3/4" | E756: Un | F756: 1 | G756: 9.93 | H756: =TRUNC(F756*G756,2) -> 9.93 | I756: =H756/$J$761 -> 3.8543902e-07 | J756: =I756+J755 -> 0.98663115
B757: 082373 | C757: AGETOP CIVIL | D757: TUBO FERRO GALVANIZADO 1/2" | E757: m | F757: 0.2 | G757: 39.82 | H757: =TRUNC(F757*G757,2) -> 7.96 | I757: =H757/$J$761 -> 3.0897227e-07 | J757: =I757+J756 -> 0.98663146
B758: 082376 | C758: AGETOP CIVIL | D758: TUBO FERRO GALVANIZADO 1.1/4" | E758: m | F758: 0.1 | G758: 73.39 | H758: =TRUNC(F758*G758,2) -> 7.33 | I758: =H758/$J$761 -> 2.8451843e-07 | J758: =I758+J757 -> 0.98663174
I761: Total sem BDI | J761: ='ORÇAMENTO RESUMO (SD)'!$L$74 -> 25762830
I762: Total do BDI | J762: =J763-J761 -> 6218784.9
I763: Total Geral | J763: ='ORÇAMENTO RESUMO (SD)'!$L$76 -> 31981615

Sheet CAPA - CURVA ABC DE INSUMO (SD)
C13: CURVA ABC DE SERVIÇOS SEM DESONERAÇÃO
B500: CREA 101881435-3/D-GO CREA 1019149965D-GO

Sheet CURVA ABC DE INSUMO (SD) 
B1: CURVA ABC DE INSUMOS SEM DESONERAÇÃO / SEM INCIDÊNCIA DE BDI
B3: OBJETO: | C3: ='DADOS DA OBRA'!B12 -> CONCLUSÃO DO REMANESCENTE DA OBRA DE REFORMA E AMPLIAÇÃO DA EFG EM ARTES BASILEU FRANÇA, LOCALIZADA EM GOIÂNIA-GO. | F3: DATA: | G3: ='DADOS DA OBRA'!$J$21 -> 10/04/2026 | J3: BDI OBRA: | K3: ='BDI NORMAL (SD) '!$J$25/100 -> 0.2507
B4: LOCAL: | C4: ='DADOS DA OBRA'!$B$15&", "&'DADOS DA OBRA'!$B$18&"" -> AVENIDA UNIVERSITÁRIA, N. 1750, SETOR UNIVERSITÁRIO | F4: REVISÃO: | G4: ='CAPA - ORÇAMENTO'!$D$18 -> 00 | J4: BDI DIFERENCIADO: | K4: ='BDI DIFERENCIADO (SD) '!$J$25/100 -> 0.2086
B5: MUNICÍPIO: | C5: ='DADOS DA OBRA'!$J$18 & "-" & 'DADOS DA OBRA'!$M$18 -> GOIÂNIA-GO | F5: PRAZO: | G5: ='DADOS DA OBRA'!B24 -> 6 MESES
B10: Código | C10: Banco | D10: Descrição | E10: Tipo | F10: Und | G10: Quant. | H10: Valor Unit | I10: Total | J10: Peso (%) | K10: Peso Acumulado (%)
B11: 0005 | C11: AGETOP CIVIL | D11: SERVENTE | E11: Mão de Obra | F11: H | G11: 59915.719 | H11: 20.37 | I11: 1220483.2 | J11: =(I11/$K$987) -> 0.047373802 | K11: =J11 -> 0.047373802
B12: 00043082 | C12: SINAPI | D12: PERFIL "I" OU "W" EM ACO LAMINADO, QUAISQUER DIMENSOES | E12: Material | F12: KG | G12: 98796.967 | H12: 10 | I12: 987969.67 | J12: =(I12/$K$987) -> 0.038348647 | K12: =(J12+K11) -> 0.085722449
B13: 13800 | C13: EMOP | D13: LOCACAO DE ESCORAMENTO METALICO COM ESCO RAS TELESCOPICAS OU TORRES DE CARGA, PAR A ESTRUT.CONVENCIONAL CONCRETO,EXCL.TRAN | E13: Material | F13: M3XMES | G13: 29994.44 | H13: 27 | I13: 809849.88 | J13: =(I13/$K$987) -> 0.031434818 | K13: =(J13+K12) -> 0.11715727
B14: E.08.000.025053 | C14: CPOS/CDHU | D14: Brise metálico curvo e móvel em chapa microperfurada de alumínio pré-pintada; ref. AS288 Retrátil da Refax, SM A300 da Sul Metais ou equivalente - instalado | E14: Material | F14: m² | G14: 1240.14 | H14: 651.12 | I14: 807479.96 | J14: =(I14/$K$987) -> 0.031342828 | K14: =(J14+K13) -> 0.1485001
B15: 0008 | C15: AGETOP CIVIL | D15: AJUDANTE | E15: Mão de Obra | F15: H | G15: 32540.357 | H15: 22.31 | I15: 725975.36 | J15: =(I15/$K$987) -> 0.028179178 | K15: =(J15+K14) -> 0.17667927
B16: 00042420 | C16: SINAPI | D16: AR CONDICIONADO SPLIT INVERTER, PISO TETO, 48000 BTU/H, CICLO FRIO, 60HZ, CLASSIFICACAO ENERGETICA A OU B (SELO PROCEL), GAS HFC, CONTROLE S/FIO | E16: Equipamento para Aquisição Permanente | F16: UN | G16: 48 | H16: 14851 | I16: 712848 | J16: =(I16/$K$987) -> 0.027669631 | K16: =(J16+K15) -> 0.2043489
B17: E00037 | C17: SEDOP | D17: Aparelho Air-Split 60.000 BTU's | E17: Material | F17: UN | G17: 41 | H17: 16088.37 | I17: 659623.17 | J17: =(I17/$K$987) -> 0.025603677 | K17: =(J17+K16) -> 0.22995258
B18: I7888 | C18: SEINFRA | D18: GRUPO GERADOR 636/780 KVA C/ QUADRO AUTOMÁTICO - COMPLETO, INCLUSIVE TANQUE DE COMBUSTÍVEL | E18: Material | F18: UN | G18: 1 | H18: 655200 | I18: 655200 | J18: =(I18/$K$987) -> 0.025431989 | K18: =(J18+K17) -> 0.25538457
B19: 2667 | C19: AGETOP CIVIL | D19: CONCRETO USINADO BOMBEÁVEL FCK=30 MPA | E19: Material | F19: m³ | G19: 1083.3726 | H19: 592.75 | I19: 642169.11 | J19: =(I19/$K$987) -> 0.024926187 | K19: =(J19+K18) -> 0.28031076
B20: 0004 | C20: AGETOP CIVIL | D20: PEDREIRO | E20: Mão de Obra | F20: H | G20: 20540.047 | H20: 29.12 | I20: 598126.16 | J20: =(I20/$K$987) -> 0.023216633 | K20: =(J20+K19) -> 0.30352739
B21: 1326 | C21: AGETOP CIVIL | D21: ESTRUTURA METALICA MR250 / ASTM A36 - COTAÇÃO (FABRICAÇÃO E MONTAGEM) | E21: Material | F21: Kg | G21: 31321.257 | H21: 17.11 | I21: 535906.71 | J21: =(I21/$K$987) -> 0.020801547 | K21: =(J21+K20) -> 0.32432894
B22: 11789 | C22: ORSE | D22: Piso de madeira, flutuante, c/amortecedores de impacto ( 75x50x10mm), réguas de madeira aparelh.(50x25mm), chapas OSB 14mm, assoalho de madeira de lei grápia, 4 demarcações(handball,volei,futsal e basquete), inclusive frete, alimen,transp,hospedagem | E22: Material | F22: m² | G22: 1094.13 | H22: 445.85 | I22: 487817.86 | J22: =(I22/$K$987) -> 0.018934949 | K22: =(J22+K21) -> 0.34326388
B23: 0010 | C23: AGETOP CIVIL | D23: CARPINTEIRO | E23: Mão de Obra | F23: H | G23: 15086.456 | H23: 29.14 | I23: 439619.34 | J23: =(I23/$K$987) -> 0.017064093 | K23: =(J23+K22) -> 0.36032798
... B984: I0749 | C984: SEINFRA | D984: MÁQUINA DE SOLDA (CHP) | E984: Equipamento | F984: H | G984: 0.48 | H984: 0.0972345 | I984: 0.04667256 | J984: =(I984/$K$987) -> 1.811624e-09 | K984: =(J984+K983) -> 1
J987: Total sem BDI | K987: ='ORÇAMENTO RESUMO (SD)'!$L$74 -> 25762830
J988: Total do BDI | K988: =K989-K987 -> 6218784.9
J989: Total Geral | K989: ='ORÇAMENTO RESUMO (SD)'!$L$76 -> 31981615

Sheet CAPA - BDI (SD)
C13: BONIFICAÇÃO DE DESPESAS INDIRETAS - BDIs SEM DESONERAÇÃO
B500: CREA 101881435-3/D-GO CREA 1019149965D-GO

Sheet BDI NORMAL (SD) 
B1: BONIFICAÇÃO DE DESPESAS INDIRETAS BDI - NORMAL SEM DESONERAÇÃO
B4: OBJETO: | C4: ='DADOS DA OBRA'!B12 -> CONCLUSÃO DO REMANESCENTE DA OBRA DE REFORMA E AMPLIAÇÃO DA EFG EM ARTES BASILEU FRANÇA, LOCALIZADA EM GOIÂNIA-GO. | L4: DATA: | M4: ='DADOS DA OBRA'!$J$21 -> 10/04/2026
B5: LOCAL: | C5: ='DADOS DA OBRA'!$B$15&", "&'DADOS DA OBRA'!$B$18&"" -> AVENIDA UNIVERSITÁRIA, N. 1750, SETOR UNIVERSITÁRIO | L5: REVISÃO: | M5: ='CAPA - ORÇAMENTO'!$D$18 -> 00
B6: MUNICÍPIO: | C6: ='DADOS DA OBRA'!$J$18 & "-" & 'DADOS DA OBRA'!$M$18 -> GOIÂNIA-GO
B8: Município da Obra: | E8: ='DADOS DA OBRA'!$J$18 & "-" & 'DADOS DA OBRA'!$M$18 -> GOIÂNIA-GO
B9: Base de cálculo ISS do município: | E9: 1 | F9: ISS: | G9: 0.05
G12: Descrição | J12: Valor percentual adotado
G14: (AC) - Administração Central | J14: 4
G15: (S) + (G) - Seguro e Garantia | J15: 0.12
G16: (R) - Risco | J16: 0.97
G17: (DF) - Despesas Financeiras | J17: 1.23
G18: (L) - Lucro | J18: 7.4
G19: (I1) - PIS | J19: 0.65
G20: (I2) - COFINS | J20: 3
G21: (I3) - ISS | J21: 5
G22: (IVA) - Imposto Valor Agregado | H22: IBS - (Imposto sobre Bens e Serviços) | J22: =0.1*0 -> 0
H23: CBS - (Contribuição sobre Bens e Serviços) | J23: =0.9*0 -> 0
G24: (I4) - Contribuição Previdenciária (CPRB) | J24: =2.7*0 -> 0
G25: BDI Adotado | J25: =TRUNC((((((1+J14/100+J15/100+J16/100)*(1+J17/100)*(1+J18/100))/(1-(J19/100+J20/100+J21/100+J24/100+J22/100+J23/100)))-1)*100),2) -> 25.07
B27: O valores do BDI acima foram calculados com emprego da equação a seguir:
B28: Onde:
B29: AC - taxa de rateio da Administração Central
B30: R, S, G - taxa de risco, seguro e garantia do empreendimento
B31: DF - taxa das despesas financeiras
B32: L - taxa de lucro
B33: I - taxa de tributos, soma (I1 + I2 + I3 + I4) .: (onerado: I = COFINS+PIS+ISS / desonerado: I = COFINS+PIS+ISS+CPRB)
B34: IVA - Imposto sobre Valor Agregado: composto por IBS (0,1% menos deduções) e CBS (0,9% menos deduções). Apartir de 01 janeiro até 31 de dezembro de 2026, essas alíquotas possuem caráter apenas demonstrativo
B35: *Fonte da composição, valores de referência e fórmula do BDI: GOINFRA CIVIL (ONERADO-JULHO/2025). Acrescido do IVA (Lei Complementar nº 214), vigente desde 01 Janeiro de 2026. Devido à desatualização da tabela oficial, a demonstração foi inserida para cumprimento legal.
B36: *Alíquota do IVA conforme a Lei Complementar nº 214, de 16 de janeiro de 2025, art. 343, 346 e 348, conforme disposições da nova Reforma Tributária, sendo consideradas alíquotas de teste com deduções e compensações. As incorporadoras, por já recolherem COFINS, ISS e PIS, ficam isentas da incidência do IVA (IBS + CBS), permanecendo apenas demonstrado para fins de teste da reforma tributária.
B504: CREA 101881435-3/D-GO CREA 1019149965D-GO

Sheet BDI DIFERENCIADO (SD)  
B1: BONIFICAÇÃO DE DESPESAS INDIRETAS BDI - NORMAL SEM DESONERAÇÃO
B4: OBJETO: | C4: ='DADOS DA OBRA'!B12 -> CONCLUSÃO DO REMANESCENTE DA OBRA DE REFORMA E AMPLIAÇÃO DA EFG EM ARTES BASILEU FRANÇA, LOCALIZADA EM GOIÂNIA-GO. | L4: DATA: | M4: ='DADOS DA OBRA'!$J$21 -> 10/04/2026
B5: LOCAL: | C5: ='DADOS DA OBRA'!$B$15&", "&'DADOS DA OBRA'!$B$18&"" -> AVENIDA UNIVERSITÁRIA, N. 1750, SETOR UNIVERSITÁRIO | L5: REVISÃO: | M5: ='CAPA - ORÇAMENTO'!$D$18 -> 00
B6: MUNICÍPIO: | C6: ='DADOS DA OBRA'!$J$18 & "-" & 'DADOS DA OBRA'!$M$18 -> GOIÂNIA-GO
B8: Município da Obra: | E8: ='DADOS DA OBRA'!$J$18 & "-" & 'DADOS DA OBRA'!$M$18 -> GOIÂNIA-GO
B9: Base de cálculo ISS do município: | E9: 0.4 | F9: ISS: | G9: 0.05
G12: Descrição | J12: Valor percentual adotado
G14: (AC) - Administração Central | J14: 3.45
G15: (S) + (G) - Seguro e Garantia | J15: 0.06
G16: (R) - Risco | J16: 0.56
G17: (DF) - Despesas Financeiras | J17: 1.23
G18: (L) - Lucro | J18: 4.8
G19: (I1) - PIS | J19: 0.65
G20: (I2) - COFINS | J20: 3
G21: (I3) - ISS | J21: 5
G22: (IVA) - Imposto Valor Agregado | H22: IBS - (Imposto sobre Bens e Serviços) | J22: =0.1*0 -> 0
H23: CBS - (Contribuição sobre Bens e Serviços) | J23: =0.9*0 -> 0
G24: (I4) - Contribuição Previdenciária (CPRB) | J24: =2.7*0 -> 0
G25: BDI Adotado | J25: =TRUNC((((((1+J14/100+J15/100+J16/100)*(1+J17/100)*(1+J18/100))/(1-(J19/100+J20/100+J21/100+J24/100+J22/100+J23/100)))-1)*100),2) -> 20.86
B27: O valores do BDI acima foram calculados com emprego da equação a seguir:
B28: Onde:
B29: AC - taxa de rateio da Administração Central
B30: R, S, G - taxa de risco, seguro e garantia do empreendimento
B31: DF - taxa das despesas financeiras
B32: L - taxa de lucro
B33: I - taxa de tributos, soma (I1 + I2 + I3 + I4) .: (onerado: I = COFINS+PIS+ISS / desonerado: I = COFINS+PIS+ISS+CPRB)
B34: IVA - Imposto sobre Valor Agregado: composto por IBS (0,1% menos deduções) e CBS (0,9% menos deduções). Apartir de 01 janeiro até 31 de dezembro de 2026, essas alíquotas possuem caráter apenas demonstrativo
B35: *Fonte da composição, valores de referência e fórmula do BDI: GOINFRA CIVIL (ONERADO-JULHO/2025). Acrescido do IVA (Lei Complementar nº 214), vigente desde 01 Janeiro de 2026. Devido à desatualização da tabela oficial, a demonstração foi inserida para cumprimento legal.
B36: *Alíquota do IVA conforme a Lei Complementar nº 214, de 16 de janeiro de 2025, art. 343, 346 e 348, conforme disposições da nova Reforma Tributária, sendo consideradas alíquotas de teste com deduções e compensações. As incorporadoras, por já recolherem COFINS, ISS e PIS, ficam isentas da incidência do IVA (IBS + CBS), permanecendo apenas demonstrado para fins de teste da reforma tributária.
B500: CREA 101881435-3/D-GO CREA 1019149965D-GO

Sheet CAPA - ENCARGOS SOCIAIS (SD)
B13: LEIS SOCIAIS (OBRAS CIVIS) SEM DESONERAÇÃO
B500: CREA 101881435-3/D-GO CREA 1019149965D-GO

Sheet ENCARGOS SOCIAIS (SD)
B1: DEMONSTRATIVO DE ENCARGOS SOCIAIS SEM DESONERAÇÃO GOIÁS - DEZEMBRO / 2025
B3: OBJETO: | C3: ='ORÇAMENTO RESUMO (SD)'!C3 -> CONCLUSÃO DO REMANESCENTE DA OBRA DE REFORMA E AMPLIAÇÃO DA EFG EM ARTES BASILEU FRANÇA, LOCALIZADA EM GOIÂNIA-GO. | AC3: DATA: | AD3: ='DADOS DA OBRA'!$J$21 -> 10/04/2026
B4: LOCAL: | C4: ='DADOS DA OBRA'!$B$15&", "&'DADOS DA OBRA'!$B$18&"" -> AVENIDA UNIVERSITÁRIA, N. 1750, SETOR UNIVERSITÁRIO | AC4: REVISÃO: | AD4: ='CAPA - ORÇAMENTO'!$D$18 -> 00
B5: MUNICÍPIO: | C5: ='DADOS DA OBRA'!$J$18 & "-" & 'DADOS DA OBRA'!$M$18 -> GOIÂNIA-GO
B12: CÓDIGO | C12: DESCRIÇÃO | D12: UNID. | E12: ENCARGOS SOCIAIS (%) | N12: ENCARGOS TRABALHISTAS (%) | X12: VERBAS RESCISÓRIAS (%) | AC12: REINCIDÊNCIAS (%) | AE12: TOTAL (%)
E13: A1 | F13: A2 | G13: A3 | H13: A4 | I13: A5 | J13: A6 | K13: A7 | L13: A8 | M13: A9 | N13: B1 | O13: B2 | P13: B3 | Q13: B4 | R13: B5 | S13: B6 | T13: B7 | U13: B8 | V13: B9 | W13: B10 | X13: C1 | Y13: C2 | Z13: C3 | AA13: C4 | AB13: C5 | AC13: D1 | AD13: D2
B14: 1 | C14: ENGENHEIRO | D14: mês | E14: 0.2 | F14: 0.08 | G14: 0.025 | H14: 0.015 | I14: 0.016 | J14: 0.002 | K14: 0.03 | L14: 0.01 | M14: 0 | N14: 0 | O14: 0 | P14: 0.090127101 | Q14: 0.008711775 | R14: 0.0004892415 | S14: 0.0007628965 | T14: 0.092387933 | U14: 0.0074016325 | V14: 0.0005197271 | W14: 0 | X14: 0.026164447 | Y14: 0.0006098967 | Z14: 0.03305681 | AA14: 0.03841281 | AB14: 0.0092520406 | AC14: 0.075751316 | AD14: 0.0023236967 | AE14: 0.764
B15: 2 | C15: ENCARREGADO | D15: mês | E15: 0.2 | F15: 0.08 | G15: 0.025 | H15: 0.015 | I15: 0.016 | J15: 0.002 | K15: 0.03 | L15: 0.01 | M15: 0 | N15: 0 | O15: 0 | P15: 0.071712287 | Q15: 0.008707146 | R15: 0.0004889816 | S15: 0.0006991059 | T15: 0.092338843 | U15: 0.0073976996 | V15: 5.22085e-05 | W15: 0 | X15: 0.03757808 | Y15: 0.0009489457 | Z15: 0.05140617 | AA15: 0.037804681 | AB15: 0.0092471245 | AC15: 0.068567791 | AD15: 0.0033649479 | AE15: 0.7683
B16: 3 | C16: MESTRE DE OBRAS | D16: mês | E16: 0.2 | F16: 0.08 | G16: 0.025 | H16: 0.015 | I16: 0.016 | J16: 0.002 | K16: 0.03 | L16: 0.01 | M16: 0 | N16: 0 | O16: 0 | P16: 0.071712287 | Q16: 0.008707146 | R16: 0.0004889816 | S16: 0.0006991059 | T16: 0.092338843 | U16: 0.0073976996 | V16: 5.22085e-05 | W16: 0 | X16: 0.03757808 | Y16: 0.0009489457 | Z16: 0.05140617 | AA16: 0.037804681 | AB16: 0.0092471245 | AC16: 0.068567791 | AD16: 0.0033649479 | AE16: 0.7683
B17: 4 | C17: PEDREIRO | D17: h | E17: 0.2 | F17: 0.08 | G17: 0.025 | H17: 0.015 | I17: 0.016 | J17: 0.002 | K17: 0.03 | L17: 0.01 | M17: 0 | N17: 0.18450691 | O17: 0.047704828 | P17: 0.057103691 | Q17: 0.0087074406 | R17: 0.0004889981 | S17: 0.0007786734 | T17: 0.092341967 | U17: 0.0073979499 | V17: 6.5674e-06 | W17: 0 | X17: 0.04423689 | Y17: 0.0012186526 | Z17: 0.066018932 | AA17: 0.044769185 | AB17: 0.0092474374 | AC17: 0.150836 | AD17: 0.0039996019 | AE17: 1.0974
B18: 5 | C18: SERVENTE | D18: h | E18: 0.2 | F18: 0.08 | G18: 0.025 | H18: 0.015 | I18: 0.016 | J18: 0.002 | K18: 0.03 | L18: 0.01 | M18: 0 | N18: 0.18299755 | O18: 0.047308452 | P18: 0.045061146 | Q18: 0.0087094651 | R18: 0.0004891118 | S18: 0.0008940072 | T18: 0.092363437 | U18: 0.00739967 | V18: 0.0001237038 | W18: 0 | X18: 0.05231318 | Y18: 0.001441141 | Z18: 0.078090102 | AA18: 0.044331089 | AB18: 0.0092495874 | AC18: 0.14566099 | AD18: 0.0047298057 | AE18: 1.0992
B19: 6 | C19: ARMADOR | D19: h | E19: 0.2 | F19: 0.08 | G19: 0.025 | H19: 0.015 | I19: 0.016 | J19: 0.002 | K19: 0.03 | L19: 0.01 | M19: 0 | N19: 0.18147939 | O19: 0.046910046 | P19: 0.033481443 | Q19: 0.0087081277 | R19: 0.0004890367 | S19: 0.0008528023 | T19: 0.092349254 | U19: 0.0073985337 | V19: 1.13973e-05 | W19: 0 | X19: 0.06006707 | Y19: 0.0016547478 | Z19: 0.089650895 | AA19: 0.043893761 | AB19: 0.0092481671 | AC19: 0.14049505 | AD19: 0.0054308603 | AE19: 1.1001
B20: 8 | C20: AJUDANTE | D20: h | E20: 0.2 | F20: 0.08 | G20: 0.025 | H20: 0.015 | I20: 0.016 | J20: 0.002 | K20: 0.03 | L20: 0.01 | M20: 0 | N20: 0.18299755 | O20: 0.047308452 | P20: 0.045061146 | Q20: 0.0087094651 | R20: 0.0004891118 | S20: 0.0008940072 | T20: 0.092363437 | U20: 0.00739967 | V20: 0.0001237038 | W20: 0 | X20: 0.05231318 | Y20: 0.001441141 | Z20: 0.078090102 | AA20: 0.044331089 | AB20: 0.0092495874 | AC20: 0.14566099 | AD20: 0.0047298057 | AE20: 1.0992
B21: 10 | C21: CARPINTEIRO | D21: h | E21: 0.2 | F21: 0.08 | G21: 0.025 | H21: 0.015 | I21: 0.016 | J21: 0.002 | K21: 0.03 | L21: 0.01 | M21: 0 | N21: 0.18454519 | O21: 0.047714821 | P21: 0.057297394 | Q21: 0.0087080962 | R21: 0.0004890349 | S21: 0.0008452543 | T21: 0.092348919 | U21: 0.0073985069 | V21: 1.5314e-05 | W21: 0 | X21: 0.044109987 | Y21: 0.0012151567 | Z21: 0.065834498 | AA21: 0.044779601 | AB21: 0.0092481336 | AC21: 0.15095904 | AD21: 0.0039881282 | AE21: 1.0975
B22: 11 | C22: ENCANADOR | D22: h | E22: 0.2 | F22: 0.08 | G22: 0.025 | H22: 0.015 | I22: 0.016 | J22: 0.002 | K22: 0.03 | L22: 0.01 | M22: 0 | N22: 0.18359641 | O22: 0.047465761 | P22: 0.049916299 | Q22: 0.0087081739 | R22: 0.0004890393 | S22: 0.0008654754 | T22: 0.092349744 | U22: 0.0073985729 | V22: 4.0477e-06 | W22: 0 | X22: 0.049055717 | Y22: 0.0013514033 | Z22: 0.073216693 | AA22: 0.044505393 | AB22: 0.0092482162 | AC22: 0.14771995 | AD22: 0.0044352878 | AE22: 1.0983
B23: 12 | C23: ELETRICISTA | D23: h | E23: 0.2 | F23: 0.08 | G23: 0.025 | H23: 0.015 | I23: 0.016 | J23: 0.002 | K23: 0.03 | L23: 0.01 | M23: 0 | N23: 0.18414929 | O23: 0.047610858 | P23: 0.05414729 | Q23: 0.0087085728 | R23: 0.0004890617 | S23: 0.0009065418 | T23: 0.092353974 | U23: 0.0073989118 | V23: 8.8169e-06 | W23: 0 | X23: 0.046222584 | Y23: 0.0012733552 | Z23: 0.068991342 | AA23: 0.044664746 | AB23: 0.0092486398 | AC23: 0.14960231 | AD23: 0.004179135 | AE23: 1.098
B24: 13 | C24: POCEIRO | D24: h | E24: 0.2 | F24: 0.08 | G24: 0.025 | H24: 0.015 | I24: 0.016 | J24: 0.002 | K24: 0.03 | L24: 0.01 | M24: 0 | N24: 0.18187862 | O24: 0.047014879 | P24: 0.036645991 | Q24: 0.0087077238 | R24: 0.000489014 | S24: 0.0008177902 | T24: 0.09234497 | U24: 0.0073981905 | V24: 0 | W24: 0 | X24: 0.05794565 | Y24: 0.0015963061 | Z24: 0.086480635 | AA24: 0.04400951 | AB24: 0.0092477381 | AC24: 0.14186233 | AD24: 0.0052390557 | AE24: 1.0997
B25: 15 | C25: MONTADOR DE ESTRUT. METALICA | D25: h | E25: 0.2 | F25: 0.08 | G25: 0.025 | H25: 0.015 | I25: 0.016 | J25: 0.002 | K25: 0.03 | L25: 0.01 | M25: 0 | N25: 0.18366354 | O25: 0.047483312 | P25: 0.050306916 | Q25: 0.0087090012 | R25: 0.0004890858 | S25: 0.0009574396 | T25: 0.092358517 | U25: 0.0073992758 | V25: 7.1558e-06 | W25: 0 | X25: 0.048797202 | Y25: 0.0013442816 | Z25: 0.072837773 | AA25: 0.044523976 | AB25: 0.0092490947 | AC25: 0.14793946 | AD25: 0.0044119146 | AE25: 1.0985
... B44: 39 | C44: APONTARIFE | D44: mês | E44: 0.2 | F44: 0.08 | G44: 0.025 | H44: 0.015 | I44: 0.016 | J44: 0.002 | K44: 0.03 | L44: 0.01 | M44: 0 | N44: 0 | O44: 0 | P44: 0.055215976 | Q44: 0.0087098641 | R44: 0.0004891342 | S44: 0.0008795468 | T44: 0.092367667 | U44: 0.0074000089 | V44: 0.0001839139 | W44: 0 | X44: 0.045512073 | Y44: 0.0012537818 | Z44: 0.067940914 | AA44: 0.037287876 | AB44: 0.0092500111 | AC44: 0.06246303 | AD44: 0.0041148954 | AE44: 0.7711
C47: Legenda:
C48: Classificação | D48: Parcela | E48: Descrição
C49: Grupo A - Encargos Sociais (%) | D49: A1 | E49: Previdência Social
D50: A2 | E50: FGTS
D51: A3 | E51: Salário Educação | P51: CONSIDERAÇÕES SOBRE O USO DOS DADOS DESTA PLANILHA:
D52: A4 | E52: SESC ou SESI | P52: 1. Para fins de apresentação dos valores percentuais obtidos para cada parcela dos encargos sociais e trabalhistas adotou-se apenas duas casas decimais em porcentagem, o que pode promover pequenas diferenças entre o valor divulgado na coluna Total (%) em relação a uma eventual soma dos valores visíveis das parcelas. 2. Sobre os encargos sociais e trabalhistas apresentados na presente tabela, não está aplicada a média móvel. A média móvel é parte da metodologia de cálculo dos salários e encargos sociais e trabalhistas, tendo por objetivo estabilizar os resultados e realizar o abrandamento das variações decorrentes de eventuais alterações nos tamanhos das amostras, por meio da utilização da média móvel aritmética (ou média móvel simples), com exceção dos encargos do Grupo A referentes às leis sociais. Assim, posteriormente à obtenção do somatório dos percentuais dos encargos dos grupos B, C e D, é aplicada a média móvel aritmética dos três últimos resultados dos somatórios dos encargos dos mesmos grupos, e adicionado o somatório do grupo A da referência atual, obtendo desta forma, os percentuais efetivamente utilizados no cálculo dos custos da Mão de Obra.
D53: A5 | E53: SENAI / SEBRAE
D54: A6 | E54: INCRA
D55: A7 | E55: Seguro Contra Risco e Acidente de Trabalho
D56: A8 | E56: SECONCI
D57: A9 | E57: FAE - Financiamento de Aposentadoria Especial
C58: Grupo B - Encargos Trabalhistas (%) | D58: B1 | E58: Repouso Semanal Remunerado - Domingos
D59: B2 | E59: Feriados
D60: B3 | E60: Férias Gozadas + 1/3
D61: B4 | E61: Auxílio Enfermidade
D62: B5 | E62: Auxílio Acidente de Trabalho
D63: B6 | E63: Licença Paternidade
D64: B7 | E64: 13° Salário
D65: B8 | E65: Faltas Justificadas
D66: B9 | E66: Férias sobre Licença Maternidade
D67: B10 | E67: Reciclagem Tecnológica
C68: Grupo C - Verbas Rescisórias (%) | D68: C1 | E68: Aviso Prévio Indenizado
D69: C2 | E69: Aviso Prévio Trabalhado
D70: C3 | E70: Férias Indenizadas + 1/3
D71: C4 | E71: Depósito por Rescisão Sem Justa Causa
D72: C5 | E72: Indenização Adicional
C73: Grupo D - Reincidências (%) | D73: D1 | E73: Reincidência de A sobre B
D74: D2 | E74: Reincidência de A sobre Aviso Prévio Trabalhado + Reincidência de FGTS sobre Aviso Prévio Indenizado
B77: FONTE: GOINFRA CIVIL - ENCARGOS SOCIAIS DEZEMBRO/2025
B501: CREA 101881435-3/D-GO CREA 1019149965D-GO

Sheet ENCARGOS TOTAIS (SD)
B1: DEMONSTRATIVO DE ENCARGOS TOTAIS (MÃO DE OBRA) - SEM DESONERAÇÃO GOIÁS - DEZEMBRO / 2025
Z2: DATA: | AA2: ='DADOS DA OBRA'!$J$21 -> 10/04/2026
B3: OBJETO: | C3: ='ORÇAMENTO RESUMO (SD)'!C3 -> CONCLUSÃO DO REMANESCENTE DA OBRA DE REFORMA E AMPLIAÇÃO DA EFG EM ARTES BASILEU FRANÇA, LOCALIZADA EM GOIÂNIA-GO. | Z3: REVISÃO: | AA3: ='CAPA - ORÇAMENTO'!$D$18 -> 00
B4: LOCAL: | C4: ='DADOS DA OBRA'!$B$15&", "&'DADOS DA OBRA'!$B$18&"" -> AVENIDA UNIVERSITÁRIA, N. 1750, SETOR UNIVERSITÁRIO
B5: MUNICÍPIO: | C5: ='DADOS DA OBRA'!$J$18 & "-" & 'DADOS DA OBRA'!$M$18 -> GOIÂNIA-GO
B12: CÓDIGO | C12: CATEGORIA | D12: UNIDADE | E12: SALÁRIO | F12: % INSALUBRIDADE/ PERICULOSIDADE | G12: INSALUBRIDADE / PERICULOSIDADE | H12: % ENCARGOS SOCIAIS | I12: ENCARGOS SOCIAIS (R$) | J12: ENCARGOS COMPLEMENTARES | T12: ENCARGOS ADICIONAIS | Z12: ENCARGOS TOTAIS | AB12: VALOR TOTAL
J13: ALIMENTAÇÃO | L13: EPI | N13: FERRAMENTA | P13: TRANSPORTE | R13: EXAM. OCUPACIONAL | T13: CESTA BÁSICA | V13: ASSIST. MÉDICA | X13: SEGURO DE VIDA
J14: % | K14: R$ | L14: % | M14: R$ | N14: % | O14: R$ | P14: % | Q14: R$ | R14: % | S14: R$ | T14: % | U14: R$ | V14: % | W14: R$ | X14: % | Y14: R$ | Z14: % | AA14: R$ | AB14: R$
B15: 35 | C15: ADMINISTRATIVO DE OBRAS | D15: mês | E15: 3102.081 | F15: 0 | G15: 0 | H15: 0.7649 | I15: 2372.7818 | J15: 0.2321 | K15: 719.96765 | L15: 0.0203 | M15: 62.94338 | N15: 0 | O15: 0 | P15: 0.0092 | Q15: 28.567998 | R15: 0.0017 | S15: 5.366626 | T15: 0 | U15: 0 | V15: 0 | W15: 0 | X15: 0.0032 | Y15: 9.98 | Z15: 1.031439 | AA15: 3199.6074 | AB15: 6301.68
B16: 8 | C16: AJUDANTE | D16: h | E16: 8.234 | F16: 0 | G16: 0 | H16: 1.1 | I16: 9.0574 | J16: 0.4776 | K16: 3.932745 | L16: 0.0464 | M16: 0.382165 | N16: 0.0069 | O16: 0.056662 | P16: 0.0703 | Q16: 0.579038 | R16: 0.0039 | S16: 0.031751 | T16: 0 | U16: 0 | V16: 0 | W16: 0 | X16: 0.0066 | Y16: 0.054515 | Z16: 1.711717 | AA16: 14.094276 | AB16: 22.32
B17: 30 | C17: AJUDANTE DE CARPINTEIRO | D17: h | E17: 8.234 | F17: 0 | G17: 0 | H17: 1.1 | I17: 9.0574 | J17: 0.4776 | K17: 3.932745 | L17: 0.0464 | M17: 0.382165 | N17: 0.0069 | O17: 0.056662 | P17: 0.0703 | Q17: 0.579038 | R17: 0.0039 | S17: 0.031751 | T17: 0 | U17: 0 | V17: 0 | W17: 0 | X17: 0.0066 | Y17: 0.054515 | Z17: 1.711717 | AA17: 14.094276 | AB17: 22.32
B18: 17 | C18: ALMOXARIFE/APONTADOR | D18: mês | E18: 2543.2 | F18: 0 | G18: 0 | H18: 0.772 | I18: 1963.3504 | J18: 0.2831 | K18: 719.96765 | L18: 0.027 | M18: 68.781621 | N18: 0 | O18: 0 | P18: 0.0244 | Q18: 62.100857 | R18: 0.002 | S18: 5.056897 | T18: 0 | U18: 0 | V18: 0 | W18: 0 | X18: 0.0039 | Y18: 9.98 | Z18: 1.112471 | AA18: 2829.2374 | AB18: 5372.43
B19: 23 | C19: APLICADOR DE EPOXI | D19: h | E19: 11.56 | F19: 0 | G19: 0 | H19: 1.0923 | I19: 12.626988 | J19: 0.3402 | K19: 3.932745 | L19: 0.0419 | M19: 0.484546 | N19: 0.0069 | O19: 0.080158 | P19: 0.0293 | Q19: 0.339219 | R19: 0.0026 | S19: 0.029811 | T19: 0 | U19: 0 | V19: 0 | W19: 0 | X19: 0.0047 | Y19: 0.054515 | Z19: 1.517992 | AA19: 17.547982 | AB19: 29.1
B20: 39 | C20: APONTARIFE | D20: mês | E20: 3306.16 | F20: 0 | G20: 0 | H20: 0.772 | I20: 2552.3555 | J20: 0.2178 | K20: 719.96765 | L20: 0.0208 | M20: 68.781621 | N20: 0 | O20: 0 | P20: 0.0049 | Q20: 16.323257 | R20: 0.0015 | S20: 5.056897 | T20: 0 | U20: 0 | V20: 0 | W20: 0 | X20: 0.003 | Y20: 9.98 | Z20: 1.020055 | AA20: 3372.4649 | AB20: 6678.62
B21: 6 | C21: ARMADOR | D21: h | E21: 11.56 | F21: 0 | G21: 0 | H21: 1.1006 | I21: 12.722936 | J21: 0.3402 | K21: 3.932745 | L21: 0.0425 | M21: 0.490999 | N21: 0.0041 | O21: 0.04714 | P21: 0.0293 | Q21: 0.339219 | R21: 0.0032 | S21: 0.036457 | T21: 0 | U21: 0 | V21: 0 | W21: 0 | X21: 0.0047 | Y21: 0.054515 | Z21: 1.524568 | AA21: 17.624011 | AB21: 29.18
B22: 28 | C22: AZULEJISTA | D22: h | E22: 11.56 | F22: 0 | G22: 0 | H22: 1.0992 | I22: 12.706752 | J22: 0.3402 | K22: 3.932745 | L22: 0.0419 | M22: 0.484546 | N22: 0.0026 | O22: 0.030375 | P22: 0.0293 | Q22: 0.339219 | R22: 0.0025 | S22: 0.029196 | T22: 0 | U22: 0 | V22: 0 | W22: 0 | X22: 0.0047 | Y22: 0.054515 | Z22: 1.520532 | AA22: 17.577348 | AB22: 29.13
B23: 34 | C23: CALCETEIRO | D23: h | E23: 11.56 | F23: 0 | G23: 0 | H23: 1.1001 | I23: 12.717156 | J23: 0.3402 | K23: 3.932745 | L23: 0.0331 | M23: 0.382165 | N23: 0.0588 | O23: 0.679706 | P23: 0.0293 | Q23: 0.339219 | R23: 0.0032 | S23: 0.037437 | T23: 0 | U23: 0 | V23: 0 | W23: 0 | X23: 0.0047 | Y23: 0.054515 | Z23: 1.569459 | AA23: 18.142943 | AB23: 29.7
B24: 20 | C24: CALHEIRO | D24: h | E24: 10.4164 | F24: 0 | G24: 0 | H24: 1.0989 | I24: 11.446582 | J24: 0.3776 | K24: 3.932745 | L24: 0.0471 | M24: 0.490999 | N24: 0.0653 | O24: 0.679706 | P24: 0.0405 | Q24: 0.421675 | R24: 0.0028 | S24: 0.029617 | T24: 0 | U24: 0 | V24: 0 | W24: 0 | X24: 0.0052 | Y24: 0.054515 | Z24: 1.637402 | AA24: 17.055839 | AB24: 27.47
B25: 10 | C25: CARPINTEIRO | D25: h | E25: 11.56 | F25: 0 | G25: 0 | H25: 1.0982 | I25: 12.695192 | J25: 0.3402 | K25: 3.932745 | L25: 0.0425 | M25: 0.490999 | N25: 0.0036 | O25: 0.041337 | P25: 0.0293 | Q25: 0.339219 | R25: 0.0023 | S25: 0.026772 | T25: 0 | U25: 0 | V25: 0 | W25: 0 | X25: 0.0047 | Y25: 0.054515 | Z25: 1.520829 | AA25: 17.580779 | AB25: 29.14
B26: 12 | C26: ELETRICISTA | D26: h | E26: 11.56 | F26: 0 | G26: 0 | H26: 1.0983 | I26: 12.696348 | J26: 0.3402 | K26: 3.932745 | L26: 0.0658 | M26: 0.760588 | N26: 0.0099 | O26: 0.114932 | P26: 0.0293 | Q26: 0.339219 | R26: 0.0024 | S26: 0.028054 | T26: 0 | U26: 0 | V26: 0 | W26: 0 | X26: 0.0047 | Y26: 0.054515 | Z26: 1.550727 | AA26: 17.926401 | AB26: 29.48
... B43: 16 | C43: VIGIA DE OBRA DIURNO | D43: mês | E43: 1613.6447 | F43: 0 | G43: 0 | H43: 0.7707 | I43: 1243.636 | J43: 0.4462 | K43: 719.96765 | L43: 0.0396 | M43: 63.974569 | N43: 0 | O43: 0 | P43: 0.073 | Q43: 117.87417 | R43: 0.0029 | S43: 4.609379 | T43: 0 | U43: 0 | V43: 0 | W43: 0 | X43: 0.0062 | Y43: 9.98 | Z43: 1.338611 | AA43: 2160.0417 | AB43: 3773.68
B45: FONTE: GOINFRA CIVIL - ENCARGOS TOTAIS DEZEMBRO/2025
B469: CREA 101881435-3/D-GO CREA 1019149965D-GO

Sheet CAPA - ORÇAMENTO (CD)
C13: ORÇAMENTO COM DESONERAÇÃO
B500: CREA 101881435-3/D-GO CREA 1019149965D-GO

Sheet ORÇAMENTO SINTÉTICO (CD)
B1: ORÇAMENTO SINTÉTICO COM DESONERAÇÃO
H3: DATA: | I3: ='DADOS DA OBRA'!$J$21 -> 10/04/2026 | K3: BDI OBRA: | L3: ='BDI NORMAL (CD)'!J25/100 -> 0.302
B4: OBJETO: | C4: ='DADOS DA OBRA'!B12 -> CONCLUSÃO DO REMANESCENTE DA OBRA DE REFORMA E AMPLIAÇÃO DA EFG EM ARTES BASILEU FRANÇA, LOCALIZADA EM GOIÂNIA-GO. | H4: REVISÃO: | I4: ='CAPA - ORÇAMENTO'!$D$18 -> 00 | K4: BDI DIFERENCIADO: | L4: ='BDI DIFERENCIADO (CD) '!J25/100 -> 0.2581
B5: LOCAL: | C5: ='DADOS DA OBRA'!$B$15&", "&'DADOS DA OBRA'!$B$18&"" -> AVENIDA UNIVERSITÁRIA, N. 1750, SETOR UNIVERSITÁRIO | H5: PRAZO: | I5: ='DADOS DA OBRA'!$B$24 -> 6 MESES
B6: MUNICÍPIO: | C6: ='DADOS DA OBRA'!$J$18 & "-" & 'DADOS DA OBRA'!$M$18 -> GOIÂNIA-GO
B10: Item | C10: Código | D10: Banco | E10: Descrição | F10: Und | G10: Qtd | H10: Valor Unit | I10: Valor Total sem BDI | J10: BDI | K10: Valor Unit com BDI | L10: Valor Total com BDI
B11: 1 | E11: ADMINISTRAÇÃO LOCAL | I11: =SUBTOTAL(9,I12:I19) -> 476053.56 | L11: =SUBTOTAL(9,L12:L19) -> 619821.54
B12: 1.1 | C12: 250101 | D12: AGETOP CIVIL | E12: ENGENHEIRO - (OBRAS CIVIS) | F12: MÊS | G12: 6 | H12: 22463.68 | I12: =TRUNC(G12 * H12, 2) -> 134782.08 | J12: =+$L$3 -> 0.302 | K12: =TRUNC(H12 * (1 + J12), 2) -> 29247.71 | L12: =TRUNC(G12 * K12, 2) -> 175486.26
B13: 1.2 | C13: 250102 | D13: AGETOP CIVIL | E13: MESTRE DE OBRA - (OBRAS CIVIS) | F13: MÊS | G13: 6 | H13: 11735.24 | I13: =TRUNC(G13 * H13, 2) -> 70411.44 | J13: =+$L$3 -> 0.302 | K13: =TRUNC(H13 * (1 + J13), 2) -> 15279.28 | L13: =TRUNC(G13 * K13, 2) -> 91675.68
B14: 1.3 | C14: 250103 | D14: AGETOP CIVIL | E14: ENCARREGADO - (OBRAS CIVIS) | F14: MÊS | G14: 12 | H14: 6426.25 | I14: =TRUNC(G14 * H14, 2) -> 77115 | J14: =+$L$3 -> 0.302 | K14: =TRUNC(H14 * (1 + J14), 2) -> 8366.97 | L14: =TRUNC(G14 * K14, 2) -> 100403.64
B15: 1.4 | C15: 250105 | D15: AGETOP CIVIL | E15: ALMOXARIFE - (OBRAS CIVIS) | F15: MÊS | G15: 6 | H15: 4916.76 | I15: =TRUNC(G15 * H15, 2) -> 29500.56 | J15: =+$L$3 -> 0.302 | K15: =TRUNC(H15 * (1 + J15), 2) -> 6401.62 | L15: =TRUNC(G15 * K15, 2) -> 38409.72
B16: 1.5 | C16: 250112 | D16: AGETOP CIVIL | E16: ADMINISTRATIVO DE OBRAS - (OBRAS CIVIS ) | F16: MÊS | G16: 6 | H16: 5736.36 | I16: =TRUNC(G16 * H16, 2) -> 34418.16 | J16: =+$L$3 -> 0.302 | K16: =TRUNC(H16 * (1 + J16), 2) -> 7468.74 | L16: =TRUNC(G16 * K16, 2) -> 44812.44
B17: 1.6 | C17: 250109 | D17: AGETOP CIVIL | E17: APONTADOR - (OBRAS CIVIS) | F17: MÊS | G17: 6 | H17: 4916.76 | I17: =TRUNC(G17 * H17, 2) -> 29500.56 | J17: =+$L$3 -> 0.302 | K17: =TRUNC(H17 * (1 + J17), 2) -> 6401.62 | L17: =TRUNC(G17 * K17, 2) -> 38409.72
B18: 1.7 | C18: 250113 | D18: AGETOP CIVIL | E18: TÉCNICO EM SEGURANÇA DO TRABALHO (O. CIVIS) | F18: MÊS | G18: 6 | H18: 6268.93 | I18: =TRUNC(G18 * H18, 2) -> 37613.58 | J18: =+$L$3 -> 0.302 | K18: =TRUNC(H18 * (1 + J18), 2) -> 8162.14 | L18: =TRUNC(G18 * K18, 2) -> 48972.84
B19: 1.8 | C19: 250104 | D19: AGETOP CIVIL | E19: VIGIA DE OBRAS DIURNO - OBRAS CIVIS | F19: MÊS | G19: 18 | H19: 3484.01 | I19: =TRUNC(G19 * H19, 2) -> 62712.18 | J19: =+$L$3 -> 0.302 | K19: =TRUNC(H19 * (1 + J19), 2) -> 4536.18 | L19: =TRUNC(G19 * K19, 2) -> 81651.24
B20: 2 | E20: IMPLANTAÇÃO E ABRIGO DE RESÍDUOS | I20: =SUBTOTAL(9,I21:I443) -> 3079325.8 | L20: =SUBTOTAL(9,L21:L443) -> 4000405.3
B21: 2.1 | E21: SERVIÇOS PRELIMINARES | I21: =SUBTOTAL(9,I22:I24) -> 18155.37 | L21: =SUBTOTAL(9,L22:L24) -> 23637.87
B22: 2.1.1 | C22: 020701 | D22: AGETOP CIVIL | E22: LOCAÇÃO DA OBRA, EXECUÇÃO DE GABARITO SEM REAPROVEITAMENTO, INCLUSO PINTURA (FACE INTERNA DO RIPÃO 15CM) E PIQUETE COM TESTEMUNHA | F22: m² | G22: 34.97 | H22: 5.97 | I22: =TRUNC(G22 * H22, 2) -> 208.77 | J22: =+$L$3 -> 0.302 | K22: =TRUNC(H22 * (1 + J22), 2) -> 7.77 | L22: =TRUNC(G22 * K22, 2) -> 271.71
B23: 2.1.2 | C23: 98459 | D23: SINAPI | E23: TAPUME COM TELHA METÁLICA. AF_03/2024 | F23: m² | G23: 160 | H23: 99.94 | I23: =TRUNC(G23 * H23, 2) -> 15990.4 | J23: =+$L$3 -> 0.302 | K23: =TRUNC(H23 * (1 + J23), 2) -> 130.12 | L23: =TRUNC(G23 * K23, 2) -> 20819.2
B24: 2.1.3 | C24: 180304 | D24: AGETOP CIVIL | E24: PORTÃO DE ABRIR 01 FOLHA CHAPA 14 PT-4 C/FERRAGENS | F24: m² | G24: 4 | H24: 489.05 | I24: =TRUNC(G24 * H24, 2) -> 1956.2 | J24: =+$L$3 -> 0.302 | K24: =TRUNC(H24 * (1 + J24), 2) -> 636.74 | L24: =TRUNC(G24 * K24, 2) -> 2546.96
B25: 2.2 | E25: SERVIÇO EM TERRA | I25: =SUBTOTAL(9,I26:I30) -> 13411.97 | L25: =SUBTOTAL(9,L26:L30) -> 17452.43
B26: 2.2.1 | C26: 040101 | D26: AGETOP CIVIL | E26: ESCAVACAO MANUAL DE VALAS < 1 MTS. (OBRAS CIVIS) | F26: m³ | G26: 179.99 | H26: 48.31 | I26: =TRUNC(G26 * H26, 2) -> 8695.31 | J26: =+$L$3 -> 0.302 | K26: =TRUNC(H26 * (1 + J26), 2) -> 62.89 | L26: =TRUNC(G26 * K26, 2) -> 11319.57
B27: 2.2.2 | C27: 040904 | D27: AGETOP CIVIL | E27: REATERRO COM APILOAMENTO MECÂNICO | F27: m³ | G27: 409.33 | H27: 5.12 | I27: =TRUNC(G27 * H27, 2) -> 2095.76 | J27: =+$L$3 -> 0.302 | K27: =TRUNC(H27 * (1 + J27), 2) -> 6.66 | L27: =TRUNC(G27 * K27, 2) -> 2726.13
B28: 2.2.3 | C28: 041004 | D28: AGETOP CIVIL | E28: ESCAVACAO MECANICA | F28: m³ | G28: 44.5 | H28: 2.33 | I28: =TRUNC(G28 * H28, 2) -> 103.68 | J28: =+$L$3 -> 0.302 | K28: =TRUNC(H28 * (1 + J28), 2) -> 3.03 | L28: =TRUNC(G28 * K28, 2) -> 134.83
B29: 2.2.4 | C29: 040905 | D29: AGETOP CIVIL | E29: APILOAMENTO MECÂNICO | F29: m² | G29: 448.81 | H29: 0.56 | I29: =TRUNC(G29 * H29, 2) -> 251.33 | J29: =+$L$3 -> 0.302 | K29: =TRUNC(H29 * (1 + J29), 2) -> 0.72 | L29: =TRUNC(G29 * K29, 2) -> 323.14
B30: 2.2.5 | C30: 041005 | D30: AGETOP CIVIL | E30: CARGA MECANIZADA | F30: m³ | G30: 1551.98 | H30: 1.46 | I30: =TRUNC(G30 * H30, 2) -> 2265.89 | J30: =+$L$3 -> 0.302 | K30: =TRUNC(H30 * (1 + J30), 2) -> 1.9 | L30: =TRUNC(G30 * K30, 2) -> 2948.76
B31: 2.3 | E31: TRANSPORTES | I31: =SUBTOTAL(9,I32:I33) -> 137413.85 | L31: =SUBTOTAL(9,L32:L33) -> 178746.56
B32: 2.3.1 | C32: 030105 | D32: AGETOP CIVIL | E32: TRANSPORTE DE ENTULHO EM CAÇAMBA ESTACIONÁRIA INCLUSO A CARGA MANUAL | F32: m³ | G32: 514.48 | H32: 110.23 | I32: =TRUNC(G32 * H32, 2) -> 56711.13 | J32: =+$L$3 -> 0.302 | K32: =TRUNC(H32 * (1 + J32), 2) -> 143.51 | L32: =TRUNC(G32 * K32, 2) -> 73833.02
B33: 2.3.2 | C33: 041006 | D33: AGETOP CIVIL | E33: TRANSPORTE DE MATERIAL ESCAVADO M3.KM | F33: m3km | G33: 31039.51 | H33: 2.6 | I33: =TRUNC(G33 * H33, 2) -> 80702.72 | J33: =+$L$3 -> 0.302 | K33: =TRUNC(H33 * (1 + J33), 2) -> 3.38 | L33: =TRUNC(G33 * K33, 2) -> 104913.54
B34: 2.4 | E34: FUNDAÇÕES E SONDAGENS | I34: =SUBTOTAL(9,I35:I94) -> 227399.44 | L34: =SUBTOTAL(9,L35:L94) -> 296041.39
B35: 2.4.1 | E35: ESTACAS | I35: =SUBTOTAL(9,I36:I43) -> 25789.93 | L35: =SUBTOTAL(9,L36:L43) -> 33573.62
B36: 2.4.1.1 | C36: 00112 | D36: Próprio | E36: CÓPIA DE FDE (02.02.101) - ESTACA ESCAVADA MECANICAMENTE DIAM 30CM, EXCLUSO CONCRETO. (Adaptado para atendimento ao Decreto Estadual 9900/2021). | F36: M | G36: 158 | H36: 22.62 | I36: =TRUNC(G36 * H36, 2) -> 3573.96 | J36: =+$L$3 -> 0.302 | K36: =TRUNC(H36 * (1 + J36), 2) -> 29.45 | L36: =TRUNC(G36 * K36, 2) -> 4653.1
B37: 2.4.1.2 | C37: 052004 | D37: AGETOP CIVIL | E37: ACO CA-50 - 8,0 MM (5/16") - (OBRAS CIVIS) | F37: Kg | G37: 77.23 | H37: 11.8 | I37: =TRUNC(G37 * H37, 2) -> 911.31 | J37: =+$L$3 -> 0.302 | K37: =TRUNC(H37 * (1 + J37), 2) -> 15.36 | L37: =TRUNC(G37 * K37, 2) -> 1186.25
B38: 2.4.1.3 | C38: 052005 | D38: AGETOP CIVIL | E38: ACO CA-50 - 10,0 MM (3/8") - (OBRAS CIVIS) | F38: Kg | G38: 138.37 | H38: 11.53 | I38: =TRUNC(G38 * H38, 2) -> 1595.4 | J38: =+$L$3 -> 0.302 | K38: =TRUNC(H38 * (1 + J38), 2) -> 15.01 | L38: =TRUNC(G38 * K38, 2) -> 2076.93
B39: 2.4.1.4 | C39: 052014 | D39: AGETOP CIVIL | E39: ACO CA-60 - 5,0 MM - (OBRAS CIVIS) | F39: Kg | G39: 560.48 | H39: 11.81 | I39: =TRUNC(G39 * H39, 2) -> 6619.26 | J39: =+$L$3 -> 0.302 | K39: =TRUNC(H39 * (1 + J39), 2) -> 15.37 | L39: =TRUNC(G39 * K39, 2) -> 8614.57
B40: 2.4.1.5 | C40: 060525 | D40: AGETOP CIVIL | E40: CONCRETO USINADO BOMBEÁVEL FCK=30 MPA (O.C.) | F40: m³ | G40: 17.98 | H40: 604.6 | I40: =TRUNC(G40 * H40, 2) -> 10870.7 | J40: =+$L$3 -> 0.302 | K40: =TRUNC(H40 * (1 + J40), 2) -> 787.18 | L40: =TRUNC(G40 * K40, 2) -> 14153.49
B41: 2.4.1.6 | C41: 051045 | D41: AGETOP CIVIL | E41: TAXA DE BOMBEAMENTO CONCRETO MÍNIMO - 10 M3 (O.C.) | F41: m³ | G41: 17.98 | H41: 56.67 | I41: =TRUNC(G41 * H41, 2) -> 1018.92 | J41: =+$L$3 -> 0.302 | K41: =TRUNC(H41 * (1 + J41), 2) -> 73.78 | L41: =TRUNC(G41 * K41, 2) -> 1326.56
B42: 2.4.1.7 | C42: 051060 | D42: AGETOP CIVIL | E42: LANÇAMENTO/APLICAÇÃO/ADENSAMENTO DE CONCRETO USINADO BOMBEADO EM FUNDAÇÃO | F42: m³ | G42: 17.98 | H42: 53.72 | I42: =TRUNC(G42 * H42, 2) -> 965.88 | J42: =+$L$3 -> 0.302 | K42: =TRUNC(H42 * (1 + J42), 2) -> 69.94 | L42: =TRUNC(G42 * K42, 2) -> 1257.52
B43: 2.4.1.8 | C43: 050251 | D43: AGETOP CIVIL | E43: CORPO DE PROVA | F43: Un | G43: 14 | H43: 16.75 | I43: =TRUNC(G43 * H43, 2) -> 234.5 | J43: =+$L$3 -> 0.302 | K43: =TRUNC(H43 * (1 + J43), 2) -> 21.8 | L43: =TRUNC(G43 * K43, 2) -> 305.2
B44: 2.4.2 | E44: SAPATAS | I44: =SUBTOTAL(9,I45:I55) -> 4756.4 | L44: =SUBTOTAL(9,L45:L55) -> 6192.34
B45: 2.4.2.1 | C45: 051024 | D45: AGETOP CIVIL | E45: PREPARO COM BETONEIRA E TRANSPORTE MANUAL DE CONCRETO PARA LASTRO - (O.C.) | F45: m³ | G45: 0.62 | H45: 513.11 | I45: =TRUNC(G45 * H45, 2) -> 318.12 | J45: =+$L$3 -> 0.302 | K45: =TRUNC(H45 * (1 + J45), 2) -> 668.06 | L45: =TRUNC(G45 * K45, 2) -> 414.19
B46: 2.4.2.2 | C46: 051055 | D46: AGETOP CIVIL | E46: LANÇAMENTO/APLICAÇÃO/ADENSAMENTO MANUAL DE CONCRETO - (O.C.) | F46: m³ | G46: 0.62 | H46: 64.32 | I46: =TRUNC(G46 * H46, 2) -> 39.87 | J46: =+$L$3 -> 0.302 | K46: =TRUNC(H46 * (1 + J46), 2) -> 83.74 | L46: =TRUNC(G46 * K46, 2) -> 51.91
B47: 2.4.2.3 | C47: 060202 | D47: AGETOP CIVIL | E47: FORMA TABUA COM REAPROVEITAMENTO 2 VEZES - (OBRAS CIVIS) | F47: m² | G47: 11.11 | H47: 142.93 | I47: =TRUNC(G47 * H47, 2) -> 1587.95 | J47: =+$L$3 -> 0.302 | K47: =TRUNC(H47 * (1 + J47), 2) -> 186.09 | L47: =TRUNC(G47 * K47, 2) -> 2067.45
B48: 2.4.2.4 | C48: 052004 | D48: AGETOP CIVIL | E48: ACO CA-50 - 8,0 MM (5/16") - (OBRAS CIVIS) | F48: Kg | G48: 56.21 | H48: 11.8 | I48: =TRUNC(G48 * H48, 2) -> 663.27 | J48: =+$L$3 -> 0.302 | K48: =TRUNC(H48 * (1 + J48), 2) -> 15.36 | L48: =TRUNC(G48 * K48, 2) -> 863.38
B49: 2.4.2.5 | C49: 052005 | D49: AGETOP CIVIL | E49: ACO CA-50 - 10,0 MM (3/8") - (OBRAS CIVIS) | F49: Kg | G49: 31.28 | H49: 11.53 | I49: =TRUNC(G49 * H49, 2) -> 360.65 | J49: =+$L$3 -> 0.302 | K49: =TRUNC(H49 * (1 + J49), 2) -> 15.01 | L49: =TRUNC(G49 * K49, 2) -> 469.51
B50: 2.4.2.6 | C50: 052006 | D50: AGETOP CIVIL | E50: ACO CA-50 - 12,5 MM (1/2") - (OBRAS CIVIS) | F50: Kg | G50: 12.42 | H50: 12.27 | I50: =TRUNC(G50 * H50, 2) -> 152.39 | J50: =+$L$3 -> 0.302 | K50: =TRUNC(H50 * (1 + J50), 2) -> 15.97 | L50: =TRUNC(G50 * K50, 2) -> 198.34
B51: 2.4.2.7 | C51: 052014 | D51: AGETOP CIVIL | E51: ACO CA-60 - 5,0 MM - (OBRAS CIVIS) | F51: Kg | G51: 9.61 | H51: 11.81 | I51: =TRUNC(G51 * H51, 2) -> 113.49 | J51: =+$L$3 -> 0.302 | K51: =TRUNC(H51 * (1 + J51), 2) -> 15.37 | L51: =TRUNC(G51 * K51, 2) -> 147.7
B52: 2.4.2.8 | C52: 060525 | D52: AGETOP CIVIL | E52: CONCRETO USINADO BOMBEÁVEL FCK=30 MPA (O.C.) | F52: m³ | G52: 2.08 | H52: 604.6 | I52: =TRUNC(G52 * H52, 2) -> 1257.56 | J52: =+$L$3 -> 0.302 | K52: =TRUNC(H52 * (1 + J52), 2) -> 787.18 | L52: =TRUNC(G52 * K52, 2) -> 1637.33
B53: 2.4.2.9 | C53: 051045 | D53: AGETOP CIVIL | E53: TAXA DE BOMBEAMENTO CONCRETO MÍNIMO - 10 M3 (O.C.) | F53: m³ | G53: 2.08 | H53: 56.67 | I53: =TRUNC(G53 * H53, 2) -> 117.87 | J53: =+$L$3 -> 0.302 | K53: =TRUNC(H53 * (1 + J53), 2) -> 73.78 | L53: =TRUNC(G53 * K53, 2) -> 153.46
B54: 2.4.2.10 | C54: 051060 | D54: AGETOP CIVIL | E54: LANÇAMENTO/APLICAÇÃO/ADENSAMENTO DE CONCRETO USINADO BOMBEADO EM FUNDAÇÃO | F54: m³ | G54: 2.08 | H54: 53.72 | I54: =TRUNC(G54 * H54, 2) -> 111.73 | J54: =+$L$3 -> 0.302 | K54: =TRUNC(H54 * (1 + J54), 2) -> 69.94 | L54: =TRUNC(G54 * K54, 2) -> 145.47
B55: 2.4.2.11 | C55: 050251 | D55: AGETOP CIVIL | E55: CORPO DE PROVA | F55: Un | G55: 2 | H55: 16.75 | I55: =TRUNC(G55 * H55, 2) -> 33.5 | J55: =+$L$3 -> 0.302 | K55: =TRUNC(H55 * (1 + J55), 2) -> 21.8 | L55: =TRUNC(G55 * K55, 2) -> 43.6
B56: 2.4.3 | E56: BLOCOS | I56: =SUBTOTAL(9,I57:I67) -> 41604.66 | L56: =SUBTOTAL(9,L57:L67) -> 54161.92
B57: 2.4.3.1 | C57: 051024 | D57: AGETOP CIVIL | E57: PREPARO COM BETONEIRA E TRANSPORTE MANUAL DE CONCRETO PARA LASTRO - (O.C.) | F57: m³ | G57: 3.68 | H57: 513.11 | I57: =TRUNC(G57 * H57, 2) -> 1888.24 | J57: =+$L$3 -> 0.302 | K57: =TRUNC(H57 * (1 + J57), 2) -> 668.06 | L57: =TRUNC(G57 * K57, 2) -> 2458.46
B58: 2.4.3.2 | C58: 051055 | D58: AGETOP CIVIL | E58: LANÇAMENTO/APLICAÇÃO/ADENSAMENTO MANUAL DE CONCRETO - (O.C.) | F58: m³ | G58: 3.68 | H58: 64.32 | I58: =TRUNC(G58 * H58, 2) -> 236.69 | J58: =+$L$3 -> 0.302 | K58: =TRUNC(H58 * (1 + J58), 2) -> 83.74 | L58: =TRUNC(G58 * K58, 2) -> 308.16
B59: 2.4.3.3 | C59: 060202 | D59: AGETOP CIVIL | E59: FORMA TABUA COM REAPROVEITAMENTO 2 VEZES - (OBRAS CIVIS) | F59: m² | G59: 84.35 | H59: 142.93 | I59: =TRUNC(G59 * H59, 2) -> 12056.14 | J59: =+$L$3 -> 0.302 | K59: =TRUNC(H59 * (1 + J59), 2) -> 186.09 | L59: =TRUNC(G59 * K59, 2) -> 15696.69
B60: 2.4.3.4 | C60: 052004 | D60: AGETOP CIVIL | E60: ACO CA-50 - 8,0 MM (5/16") - (OBRAS CIVIS) | F60: Kg | G60: 403.41 | H60: 11.8 | I60: =TRUNC(G60 * H60, 2) -> 4760.23 | J60: =+$L$3 -> 0.302 | K60: =TRUNC(H60 * (1 + J60), 2) -> 15.36 | L60: =TRUNC(G60 * K60, 2) -> 6196.37
B61: 2.4.3.5 | C61: 052005 | D61: AGETOP CIVIL | E61: ACO CA-50 - 10,0 MM (3/8") - (OBRAS CIVIS) | F61: Kg | G61: 14.33 | H61: 11.53 | I61: =TRUNC(G61 * H61, 2) -> 165.22 | J61: =+$L$3 -> 0.302 | K61: =TRUNC(H61 * (1 + J61), 2) -> 15.01 | L61: =TRUNC(G61 * K61, 2) -> 215.09
B62: 2.4.3.6 | C62: 052014 | D62: AGETOP CIVIL | E62: ACO CA-60 - 5,0 MM - (OBRAS CIVIS) | F62: Kg | G62: 759.37 | H62: 11.81 | I62: =TRUNC(G62 * H62, 2) -> 8968.15 | J62: =+$L$3 -> 0.302 | K62: =TRUNC(H62 * (1 + J62), 2) -> 15.37 | L62: =TRUNC(G62 * K62, 2) -> 11671.51
B63: 2.4.3.7 | C63: 060525 | D63: AGETOP CIVIL | E63: CONCRETO USINADO BOMBEÁVEL FCK=30 MPA (O.C.) | F63: m³ | G63: 16.54 | H63: 604.6 | I63: =TRUNC(G63 * H63, 2) -> 10000.08 | J63: =+$L$3 -> 0.302 | K63: =TRUNC(H63 * (1 + J63), 2) -> 787.18 | L63: =TRUNC(G63 * K63, 2) -> 13019.95
B64: 2.4.3.8 | C64: 00225 | D64: Próprio | E64: CÓPIA DE AGETOP CIVIL (060525) - CONCRETO USINADO BOMBEÁVEL FCK=45 MPA (O.C.) | F64: m³ | G64: 1.67 | H64: 768.94 | I64: =TRUNC(G64 * H64, 2) -> 1284.12 | J64: =+$L$3 -> 0.302 | K64: =TRUNC(H64 * (1 + J64), 2) -> 1001.15 | L64: =TRUNC(G64 * K64, 2) -> 1671.92
B65: 2.4.3.9 | C65: 051045 | D65: AGETOP CIVIL | E65: TAXA DE BOMBEAMENTO CONCRETO MÍNIMO - 10 M3 (O.C.) | F65: m³ | G65: 18.22 | H65: 56.67 | I65: =TRUNC(G65 * H65, 2) -> 1032.52 | J65: =+$L$3 -> 0.302 | K65: =TRUNC(H65 * (1 + J65), 2) -> 73.78 | L65: =TRUNC(G65 * K65, 2) -> 1344.27
B66: 2.4.3.10 | C66: 051060 | D66: AGETOP CIVIL | E66: LANÇAMENTO/APLICAÇÃO/ADENSAMENTO DE CONCRETO USINADO BOMBEADO EM FUNDAÇÃO | F66: m³ | G66: 18.22 | H66: 53.72 | I66: =TRUNC(G66 * H66, 2) -> 978.77 | J66: =+$L$3 -> 0.302 | K66: =TRUNC(H66 * (1 + J66), 2) -> 69.94 | L66: =TRUNC(G66 * K66, 2) -> 1274.3
B67: 2.4.3.11 | C67: 050251 | D67: AGETOP CIVIL | E67: CORPO DE PROVA | F67: Un | G67: 14 | H67: 16.75 | I67: =TRUNC(G67 * H67, 2) -> 234.5 | J67: =+$L$3 -> 0.302 | K67: =TRUNC(H67 * (1 + J67), 2) -> 21.8 | L67: =TRUNC(G67 * K67, 2) -> 305.2
B68: 2.4.4 | E68: VIGAS BALDRAMES | I68: =SUBTOTAL(9,I69:I80) -> 19961.22 | L68: =SUBTOTAL(9,L69:L80) -> 25987.29
B69: 2.4.4.1 | C69: 051024 | D69: AGETOP CIVIL | E69: PREPARO COM BETONEIRA E TRANSPORTE MANUAL DE CONCRETO PARA LASTRO - (O.C.) | F69: m³ | G69: 2.24 | H69: 513.11 | I69: =TRUNC(G69 * H69, 2) -> 1149.36 | J69: =+$L$3 -> 0.302 | K69: =TRUNC(H69 * (1 + J69), 2) -> 668.06 | L69: =TRUNC(G69 * K69, 2) -> 1496.45
B70: 2.4.4.2 | C70: 051055 | D70: AGETOP CIVIL | E70: LANÇAMENTO/APLICAÇÃO/ADENSAMENTO MANUAL DE CONCRETO - (O.C.) | F70: m³ | G70: 2.24 | H70: 64.32 | I70: =TRUNC(G70 * H70, 2) -> 144.07 | J70: =+$L$3 -> 0.302 | K70: =TRUNC(H70 * (1 + J70), 2) -> 83.74 | L70: =TRUNC(G70 * K70, 2) -> 187.57
B71: 2.4.4.3 | C71: 060202 | D71: AGETOP CIVIL | E71: FORMA TABUA COM REAPROVEITAMENTO 2 VEZES - (OBRAS CIVIS) | F71: m² | G71: 70.43 | H71: 142.93 | I71: =TRUNC(G71 * H71, 2) -> 10066.55 | J71: =+$L$3 -> 0.302 | K71: =TRUNC(H71 * (1 + J71), 2) -> 186.09 | L71: =TRUNC(G71 * K71, 2) -> 13106.31
B72: 2.4.4.4 | C72: 052003 | D72: AGETOP CIVIL | E72: ACO CA-50 - 6,3 MM (1/4") - (OBRAS CIVIS) | F72: Kg | G72: 7.12 | H72: 11.96 | I72: =TRUNC(G72 * H72, 2) -> 85.15 | J72: =+$L$3 -> 0.302 | K72: =TRUNC(H72 * (1 + J72), 2) -> 15.57 | L72: =TRUNC(G72 * K72, 2) -> 110.85
B73: 2.4.4.5 | C73: 052004 | D73: AGETOP CIVIL | E73: ACO CA-50 - 8,0 MM (5/16") - (OBRAS CIVIS) | F73: Kg | G73: 174.35 | H73: 11.8 | I73: =TRUNC(G73 * H73, 2) -> 2057.33 | J73: =+$L$3 -> 0.302 | K73: =TRUNC(H73 * (1 + J73), 2) -> 15.36 | L73: =TRUNC(G73 * K73, 2) -> 2678.01
B74: 2.4.4.6 | C74: 052005 | D74: AGETOP CIVIL | E74: ACO CA-50 - 10,0 MM (3/8") - (OBRAS CIVIS) | F74: Kg | G74: 62.26 | H74: 11.53 | I74: =TRUNC(G74 * H74, 2) -> 717.85 | J74: =+$L$3 -> 0.302 | K74: =TRUNC(H74 * (1 + J74), 2) -> 15.01 | L74: =TRUNC(G74 * K74, 2) -> 934.52
B75: 2.4.4.7 | C75: 052006 | D75: AGETOP CIVIL | E75: ACO CA-50 - 12,5 MM (1/2") - (OBRAS CIVIS) | F75: Kg | G75: 69.78 | H75: 12.27 | I75: =TRUNC(G75 * H75, 2) -> 856.2 | J75: =+$L$3 -> 0.302 | K75: =TRUNC(H75 * (1 + J75), 2) -> 15.97 | L75: =TRUNC(G75 * K75, 2) -> 1114.38
B76: 2.4.4.8 | C76: 052014 | D76: AGETOP CIVIL | E76: ACO CA-60 - 5,0 MM - (OBRAS CIVIS) | F76: Kg | G76: 88.28 | H76: 11.81 | I76: =TRUNC(G76 * H76, 2) -> 1042.58 | J76: =+$L$3 -> 0.302 | K76: =TRUNC(H76 * (1 + J76), 2) -> 15.37 | L76: =TRUNC(G76 * K76, 2) -> 1356.86
B77: 2.4.4.9 | C77: 060525 | D77: AGETOP CIVIL | E77: CONCRETO USINADO BOMBEÁVEL FCK=30 MPA (O.C.) | F77: m³ | G77: 5.28 | H77: 604.6 | I77: =TRUNC(G77 * H77, 2) -> 3192.28 | J77: =+$L$3 -> 0.302 | K77: =TRUNC(H77 * (1 + J77), 2) -> 787.18 | L77: =TRUNC(G77 * K77, 2) -> 4156.31
B78: 2.4.4.10 | C78: 051045 | D78: AGETOP CIVIL | E78: TAXA DE BOMBEAMENTO CONCRETO MÍNIMO - 10 M3 (O.C.) | F78: m³ | G78: 5.28 | H78: 56.67 | I78: =TRUNC(G78 * H78, 2) -> 299.21 | J78: =+$L$3 -> 0.302 | K78: =TRUNC(H78 * (1 + J78), 2) -> 73.78 | L78: =TRUNC(G78 * K78, 2) -> 389.55
B79: 2.4.4.11 | C79: 051060 | D79: AGETOP CIVIL | E79: LANÇAMENTO/APLICAÇÃO/ADENSAMENTO DE CONCRETO USINADO BOMBEADO EM FUNDAÇÃO | F79: m³ | G79: 5.28 | H79: 53.72 | I79: =TRUNC(G79 * H79, 2) -> 283.64 | J79: =+$L$3 -> 0.302 | K79: =TRUNC(H79 * (1 + J79), 2) -> 69.94 | L79: =TRUNC(G79 * K79, 2) -> 369.28
B80: 2.4.4.12 | C80: 050251 | D80: AGETOP CIVIL | E80: CORPO DE PROVA | F80: Un | G80: 4 | H80: 16.75 | I80: =TRUNC(G80 * H80, 2) -> 67 | J80: =+$L$3 -> 0.302 | K80: =TRUNC(H80 * (1 + J80), 2) -> 21.8 | L80: =TRUNC(G80 * K80, 2) -> 87.2
B81: 2.4.5 | E81: CONTENÇÕES | I81: =SUBTOTAL(9,I82:I94) -> 135287.23 | L81: =SUBTOTAL(9,L82:L94) -> 176126.22
B82: 2.4.5.1 | C82: 051024 | D82: AGETOP CIVIL | E82: PREPARO COM BETONEIRA E TRANSPORTE MANUAL DE CONCRETO PARA LASTRO - (O.C.) | F82: m³ | G82: 5.06 | H82: 513.11 | I82: =TRUNC(G82 * H82, 2) -> 2596.33 | J82: =+$L$3 -> 0.302 | K82: =TRUNC(H82 * (1 + J82), 2) -> 668.06 | L82: =TRUNC(G82 * K82, 2) -> 3380.38
B83: 2.4.5.2 | C83: 051055 | D83: AGETOP CIVIL | E83: LANÇAMENTO/APLICAÇÃO/ADENSAMENTO MANUAL DE CONCRETO - (O.C.) | F83: m³ | G83: 5.06 | H83: 64.32 | I83: =TRUNC(G83 * H83, 2) -> 325.45 | J83: =+$L$3 -> 0.302 | K83: =TRUNC(H83 * (1 + J83), 2) -> 83.74 | L83: =TRUNC(G83 * K83, 2) -> 423.72
B84: 2.4.5.3 | C84: 060202 | D84: AGETOP CIVIL | E84: FORMA TABUA COM REAPROVEITAMENTO 2 VEZES - (OBRAS CIVIS) | F84: m² | G84: 450.88 | H84: 142.93 | I84: =TRUNC(G84 * H84, 2) -> 64444.27 | J84: =+$L$3 -> 0.302 | K84: =TRUNC(H84 * (1 + J84), 2) -> 186.09 | L84: =TRUNC(G84 * K84, 2) -> 83904.25
B85: 2.4.5.4 | C85: 052003 | D85: AGETOP CIVIL | E85: ACO CA-50 - 6,3 MM (1/4") - (OBRAS CIVIS) | F85: Kg | G85: 466.34 | H85: 11.96 | I85: =TRUNC(G85 * H85, 2) -> 5577.42 | J85: =+$L$3 -> 0.302 | K85: =TRUNC(H85 * (1 + J85), 2) -> 15.57 | L85: =TRUNC(G85 * K85, 2) -> 7260.91
B86: 2.4.5.5 | C86: 052005 | D86: AGETOP CIVIL | E86: ACO CA-50 - 10,0 MM (3/8") - (OBRAS CIVIS) | F86: Kg | G86: 1003.9 | H86: 11.53 | I86: =TRUNC(G86 * H86, 2) -> 11574.96 | J86: =+$L$3 -> 0.302 | K86: =TRUNC(H86 * (1 + J86), 2) -> 15.01 | L86: =TRUNC(G86 * K86, 2) -> 15068.53
B87: 2.4.5.6 | C87: 052006 | D87: AGETOP CIVIL | E87: ACO CA-50 - 12,5 MM (1/2") - (OBRAS CIVIS) | F87: Kg | G87: 1030.14 | H87: 12.27 | I87: =TRUNC(G87 * H87, 2) -> 12639.81 | J87: =+$L$3 -> 0.302 | K87: =TRUNC(H87 * (1 + J87), 2) -> 15.97 | L87: =TRUNC(G87 * K87, 2) -> 16451.33
B88: 2.4.5.7 | C88: 052007 | D88: AGETOP CIVIL | E88: ACO CA-50 - 16,0 MM (5/8") - (OBRAS CIVIS) | F88: Kg | G88: 108.25 | H88: 12.14 | I88: =TRUNC(G88 * H88, 2) -> 1314.15 | J88: =+$L$3 -> 0.302 | K88: =TRUNC(H88 * (1 + J88), 2) -> 15.8 | L88: =TRUNC(G88 * K88, 2) -> 1710.35
B89: 2.4.5.8 | C89: 052012 | D89: AGETOP CIVIL | E89: ACO CA-60 - 4,2 MM - (OBRAS CIVIS) | F89: Kg | G89: 389.92 | H89: 13.5 | I89: =TRUNC(G89 * H89, 2) -> 5263.92 | J89: =+$L$3 -> 0.302 | K89: =TRUNC(H89 * (1 + J89), 2) -> 17.57 | L89: =TRUNC(G89 * K89, 2) -> 6850.89
B90: 2.4.5.9 | C90: 052014 | D90: AGETOP CIVIL | E90: ACO CA-60 - 5,0 MM - (OBRAS CIVIS) | F90: Kg | G90: 389.92 | H90: 11.81 | I90: =TRUNC(G90 * H90, 2) -> 4604.95 | J90: =+$L$3 -> 0.302 | K90: =TRUNC(H90 * (1 + J90), 2) -> 15.37 | L90: =TRUNC(G90 * K90, 2) -> 5993.07
B91: 2.4.5.10 | C91: 060525 | D91: AGETOP CIVIL | E91: CONCRETO USINADO BOMBEÁVEL FCK=30 MPA (O.C.) | F91: m³ | G91: 36.94 | H91: 604.6 | I91: =TRUNC(G91 * H91, 2) -> 22333.92 | J91: =+$L$3 -> 0.302 | K91: =TRUNC(H91 * (1 + J91), 2) -> 787.18 | L91: =TRUNC(G91 * K91, 2) -> 29078.42
B92: 2.4.5.11 | C92: 051045 | D92: AGETOP CIVIL | E92: TAXA DE BOMBEAMENTO CONCRETO MÍNIMO - 10 M3 (O.C.) | F92: m³ | G92: 39.94 | H92: 56.67 | I92: =TRUNC(G92 * H92, 2) -> 2263.39 | J92: =+$L$3 -> 0.302 | K92: =TRUNC(H92 * (1 + J92), 2) -> 73.78 | L92: =TRUNC(G92 * K92, 2) -> 2946.77
B93: 2.4.5.12 | C93: 051060 | D93: AGETOP CIVIL | E93: LANÇAMENTO/APLICAÇÃO/ADENSAMENTO DE CONCRETO USINADO BOMBEADO EM FUNDAÇÃO | F93: m³ | G93: 34.99 | H93: 53.72 | I93: =TRUNC(G93 * H93, 2) -> 1879.66 | J93: =+$L$3 -> 0.302 | K93: =TRUNC(H93 * (1 + J93), 2) -> 69.94 | L93: =TRUNC(G93 * K93, 2) -> 2447.2
B94: 2.4.5.13 | C94: 050251 | D94: AGETOP CIVIL | E94: CORPO DE PROVA | F94: Un | G94: 28 | H94: 16.75 | I94: =TRUNC(G94 * H94, 2) -> 469 | J94: =+$L$3 -> 0.302 | K94: =TRUNC(H94 * (1 + J94), 2) -> 21.8 | L94: =TRUNC(G94 * K94, 2) -> 610.4
B95: 2.5 | E95: ESTRUTURA | I95: =SUBTOTAL(9,I96:I113) -> 134216.15 | L95: =SUBTOTAL(9,L96:L113) -> 174732.76
B96: 2.5.1 | E96: FORMAS E ESCORAMENTOS | I96: =SUBTOTAL(9,I97:I99) -> 61460.2 | L96: =SUBTOTAL(9,L97:L99) -> 80016.07
B97: 2.5.1.1 | C97: 060213 | D97: AGETOP CIVIL | E97: FORMA CHAPA DE COMPENSADO PLASTIFICADO 12MM-VIGA/PILAR U=2V - (OBRAS CIVIS) | F97: m² | G97: 254.56 | H97: 142.92 | I97: =TRUNC(G97 * H97, 2) -> 36381.71 | J97: =+$L$3 -> 0.302 | K97: =TRUNC(H97 * (1 + J97), 2) -> 186.08 | L97: =TRUNC(G97 * K97, 2) -> 47368.52
B98: 2.5.1.2 | C98: 11.050.0010-0 | D98: EMOP | E98: ESCORAMENTO METALICO (ALUGUEL),COM ESCORAS TELESCOPAVEIS OU TORRES DE CARGA,PARA ESTRUTURA CONVENCIONAL DE CONCRETO ARMA DO,EXCLUSIVE MONTAGEM E DESMONTAGEM (VIDE ITEM 11.055.0010). MEDICAO PELO VOLUME DE ESCORAMENTO (ADAPTADO CONFORME DECRETO ESTADUAL GO 9900/2021) | F98: M3XMES | G98: 734.15 | H98: 27 | I98: =TRUNC(G98 * H98, 2) -> 19822.05 | J98: =+$L$3 -> 0.302 | K98: =TRUNC(H98 * (1 + J98), 2) -> 35.15 | L98: =TRUNC(G98 * K98, 2) -> 25805.37
B99: 2.5.1.3 | C99: 11.055.0010-0 | D99: EMOP | E99: MONTAGEM E DESMONTAGEM DE ESCORAMENTO METALICO,CONFORME ITEM 11.050.0010,COMPREENDENDO TRANSPORTE DO MATERIAL PARA OBRA E DESTA PARA O DEPOSITO,INCLUSIVE CARGA E DESCARGA.O CUSTO E DADO POR M3 DE ESCORAMENTO,SENDO PAGOS 60% NA MONTAGEM E 40 % NA DESMONTAGEM 3%-DESGASTE DE FERRAMENTAS E EPI (ADAPTADO CONFORME DECRETO ESTADUAL GO 9900/2021) | F99: m³ | G99: 367.07 | H99: 14.32 | I99: =TRUNC(G99 * H99, 2) -> 5256.44 | J99: =+$L$3 -> 0.302 | K99: =TRUNC(H99 * (1 + J99), 2) -> 18.64 | L99: =TRUNC(G99 * K99, 2) -> 6842.18
B100: 2.5.2 | E100: ARMAÇÃO | I100: =SUBTOTAL(9,I101:I106) -> 30085.13 | L100: =SUBTOTAL(9,L101:L106) -> 39160.36
B101: 2.5.2.1 | C101: 060303 | D101: AGETOP CIVIL | E101: ACO CA-50 - 6,3 MM (1/4") - (OBRAS CIVIS) | F101: Kg | G101: 154.98 | H101: 11.96 | I101: =TRUNC(G101 * H101, 2) -> 1853.56 | J101: =+$L$3 -> 0.302 | K101: =TRUNC(H101 * (1 + J101), 2) -> 15.57 | L101: =TRUNC(G101 * K101, 2) -> 2413.03
B102: 2.5.2.2 | C102: 060304 | D102: AGETOP CIVIL | E102: ACO CA-50 - 8,0 MM (5/16") - (OBRAS CIVIS) | F102: Kg | G102: 497.56 | H102: 11.8 | I102: =TRUNC(G102 * H102, 2) -> 5871.2 | J102: =+$L$3 -> 0.302 | K102: =TRUNC(H102 * (1 + J102), 2) -> 15.36 | L102: =TRUNC(G102 * K102, 2) -> 7642.52
B103: 2.5.2.3 | C103: 060305 | D103: AGETOP CIVIL | E103: ACO CA-50 - 10,0 MM (3/8") - (OBRAS CIVIS) | F103: Kg | G103: 780.17 | H103: 11.53 | I103: =TRUNC(G103 * H103, 2) -> 8995.36 | J103: =+$L$3 -> 0.302 | K103: =TRUNC(H103 * (1 + J103), 2) -> 15.01 | L103: =TRUNC(G103 * K103, 2) -> 11710.35
B104: 2.5.2.4 | C104: 060306 | D104: AGETOP CIVIL | E104: ACO CA-50 - 12,5 MM (1/2") - (OBRAS CIVIS) | F104: Kg | G104: 288.73 | H104: 12.27 | I104: =TRUNC(G104 * H104, 2) -> 3542.71 | J104: =+$L$3 -> 0.302 | K104: =TRUNC(H104 * (1 + J104), 2) -> 15.97 | L104: =TRUNC(G104 * K104, 2) -> 4611.01
...

Sheet CAPA - BDI (CD)
C13: BONIFICAÇÃO DE DESPESAS INDIRETAS - BDIs COM DESONERAÇÃO
B500: CREA 101881435-3/D-GO CREA 1019149965D-GO

Sheet BDI NORMAL (CD)
B1: BONIFICAÇÃO DE DESPESAS INDIRETAS BDI - NORMAL COM DESONERAÇÃO
B4: OBJETO: | C4: ='DADOS DA OBRA'!B12 -> CONCLUSÃO DO REMANESCENTE DA OBRA DE REFORMA E AMPLIAÇÃO DA EFG EM ARTES BASILEU FRANÇA, LOCALIZADA EM GOIÂNIA-GO. | L4: DATA: | M4: ='DADOS DA OBRA'!$J$21 -> 10/04/2026
B5: LOCAL: | C5: ='DADOS DA OBRA'!$B$15&", "&'DADOS DA OBRA'!$B$18&"" -> AVENIDA UNIVERSITÁRIA, N. 1750, SETOR UNIVERSITÁRIO | L5: REVISÃO: | M5: ='CAPA - ORÇAMENTO'!$D$18 -> 00
B6: MUNICÍPIO: | C6: ='DADOS DA OBRA'!$J$18 & "-" & 'DADOS DA OBRA'!$M$18 -> GOIÂNIA-GO
B8: Município da Obra: | E8: ='DADOS DA OBRA'!$J$18 & "-" & 'DADOS DA OBRA'!$M$18 -> GOIÂNIA-GO
B9: Base de cálculo ISS do município: | E9: 0.4 | F9: ISS: | G9: 0.05
B10: * Considerou-se, para os serviços de construção civil, ISS com alíquota nominal de 5%, conforme art. 249 da Lei Complementar Nº 027 de 12 de dezembro de 2024 de Pirenópolis. Resultando em carga efetiva de 3% sobre o valor bruto, em razão da redução de 40% da base de cálculo prevista no art. 238, §2º.
G12: Descrição | J12: Valor percentual adotado
G14: (AC) - Administração Central | J14: 4
G15: (S) + (G) - Seguro e Garantia | J15: 0.12
G16: (R) - Risco | J16: 0.97
G17: (DF) - Despesas Financeiras | J17: 1.23
G18: (L) - Lucro | J18: 7.4
G19: (I1) - PIS | J19: 0.65
G20: (I2) - COFINS | J20: 3
G21: (I3) - ISS | J21: 5
G22: (IVA) - Imposto Valor Agregado | H22: IBS - (Imposto sobre Bens e Serviços) | J22: =0.1*0 -> 0
H23: CBS - (Contribuição sobre Bens e Serviços) | J23: =0.9*0 -> 0
G24: (I4) - Contribuição Previdenciária (CPRB) | J24: =4.5*0.8 -> 3.6
G25: BDI Adotado | J25: =TRUNC((((((1+J14/100+J15/100+J16/100)*(1+J17/100)*(1+J18/100))/(1-(J19/100+J20/100+J21/100+J24/100+J22/100+J23/100)))-1)*100),2) -> 30.2
B27: O valores do BDI acima foram calculados com emprego da equação a seguir:
B28: Onde:
B29: AC - taxa de rateio da Administração Central
B30: R, S, G - taxa de risco, seguro e garantia do empreendimento
B31: DF - taxa das despesas financeiras
B32: L - taxa de lucro
B33: I - taxa de tributos, soma (I1 + I2 + I3 + I4) .: (onerado: I = COFINS+PIS+ISS / desonerado: I = COFINS+PIS+ISS+CPRB)
B34: IVA - Imposto sobre Valor Agregado: composto por IBS (0,1% menos deduções) e CBS (0,9% menos deduções). Apartir de 01 janeiro até 31 de dezembro de 2026, essas alíquotas possuem caráter apenas demonstrativo
B35: *Fonte da composição, valores de referência e fórmula do BDI: GOINFRA CIVIL (ONERADO-JULHO/2025). Acrescido do IVA (Lei Complementar nº 214), vigente desde 01 Janeiro de 2026. Devido à desatualização da tabela oficial, a demonstração foi inserida para cumprimento legal.
B36: *Alíquota do IVA conforme a Lei Complementar nº 214, de 16 de janeiro de 2025, art. 343, 346 e 348, conforme disposições da nova Reforma Tributária, sendo consideradas alíquotas de teste com deduções e compensações. As incorporadoras, por já recolherem COFINS, ISS e PIS, ficam isentas da incidência do IVA (IBS + CBS), permanecendo apenas demonstrado para fins de teste da reforma tributária.
B500: CREA 101881435-3/D-GO CREA 1019149965D-GO

Sheet BDI DIFERENCIADO (CD) 
B1: BONIFICAÇÃO DE DESPESAS INDIRETAS BDI - NORMAL COM DESONERAÇÃO
B4: OBJETO: | C4: ='DADOS DA OBRA'!B12 -> CONCLUSÃO DO REMANESCENTE DA OBRA DE REFORMA E AMPLIAÇÃO DA EFG EM ARTES BASILEU FRANÇA, LOCALIZADA EM GOIÂNIA-GO. | L4: DATA: | M4: ='DADOS DA OBRA'!$J$21 -> 10/04/2026
B5: LOCAL: | C5: ='DADOS DA OBRA'!$B$15&", "&'DADOS DA OBRA'!$B$18&"" -> AVENIDA UNIVERSITÁRIA, N. 1750, SETOR UNIVERSITÁRIO | L5: REVISÃO: | M5: ='CAPA - ORÇAMENTO'!$D$18 -> 00
B6: MUNICÍPIO: | C6: ='DADOS DA OBRA'!$J$18 & "-" & 'DADOS DA OBRA'!$M$18 -> GOIÂNIA-GO
B8: Município da Obra: | E8: ='DADOS DA OBRA'!$J$18 & "-" & 'DADOS DA OBRA'!$M$18 -> GOIÂNIA-GO
B9: Base de cálculo ISS do município: | E9: 0.4 | F9: ISS: | G9: 0.05
B10: * Considerou-se, para os serviços de construção civil, ISS com alíquota nominal de 5%, conforme art. 249 da Lei Complementar Nº 027 de 12 de dezembro de 2024 de Pirenópolis. Resultando em carga efetiva de 3% sobre o valor bruto, em razão da redução de 40% da base de cálculo prevista no art. 238, §2º.
G12: Descrição | J12: Valor percentual adotado
G14: (AC) - Administração Central | J14: 3.45
G15: (S) + (G) - Seguro e Garantia | J15: 0.06
G16: (R) - Risco | J16: 0.56
G17: (DF) - Despesas Financeiras | J17: 1.23
G18: (L) - Lucro | J18: 4.8
G19: (I1) - PIS | J19: 0.65
G20: (I2) - COFINS | J20: 3
G21: (I3) - ISS | J21: 5
G22: (IVA) - Imposto Valor Agregado | H22: IBS - (Imposto sobre Bens e Serviços) | J22: =0.1*0 -> 0
H23: CBS - (Contribuição sobre Bens e Serviços) | J23: =0.9*0 -> 0
G24: (I4) - Contribuição Previdenciária (CPRB) | J24: =4.5*0.8 -> 3.6
G25: BDI Adotado | J25: =TRUNC((((((1+J14/100+J15/100+J16/100)*(1+J17/100)*(1+J18/100))/(1-(J19/100+J20/100+J21/100+J24/100+J22/100+J23/100)))-1)*100),2) -> 25.81
B27: O valores do BDI acima foram calculados com emprego da equação a seguir:
B28: Onde:
B29: AC - taxa de rateio da Administração Central
B30: R, S, G - taxa de risco, seguro e garantia do empreendimento
B31: DF - taxa das despesas financeiras
B32: L - taxa de lucro
B33: I - taxa de tributos, soma (I1 + I2 + I3 + I4) .: (onerado: I = COFINS+PIS+ISS / desonerado: I = COFINS+PIS+ISS+CPRB)
B34: IVA - Imposto sobre Valor Agregado: composto por IBS (0,1% menos deduções) e CBS (0,9% menos deduções). Apartir de 01 janeiro até 31 de dezembro de 2026, essas alíquotas possuem caráter apenas demonstrativo
B35: *Fonte da composição, valores de referência e fórmula do BDI: GOINFRA CIVIL (ONERADO-JULHO/2025). Acrescido do IVA (Lei Complementar nº 214), vigente desde 01 Janeiro de 2026. Devido à desatualização da tabela oficial, a demonstração foi inserida para cumprimento legal.
B36: *Alíquota do IVA conforme a Lei Complementar nº 214, de 16 de janeiro de 2025, art. 343, 346 e 348, conforme disposições da nova Reforma Tributária, sendo consideradas alíquotas de teste com deduções e compensações. As incorporadoras, por já recolherem COFINS, ISS e PIS, ficam isentas da incidência do IVA (IBS + CBS), permanecendo apenas demonstrado para fins de teste da reforma tributária.
B500: CREA 101881435-3/D-GO CREA 1019149965D-GO

Sheet CAPA - ENCARGOS SOCIAIS (CD)
B13: LEIS SOCIAIS COM DESONERAÇÃO
B500: CREA 101881435-3/D-GO CREA 1019149965D-GO

Sheet ENCARGOS SOCIAIS (CD)
B1: DEMONSTRATIVO DE ENCARGOS SOCIAIS (MÃO DE OBRA) - COM DESONERAÇÃO GOIÁS - DEZEMBRO / 2025
AC2: DATA: | AD2: ='DADOS DA OBRA'!$J$21 -> 10/04/2026
B3: OBJETO: | C3: ='ORÇAMENTO RESUMO (SD)'!C3 -> CONCLUSÃO DO REMANESCENTE DA OBRA DE REFORMA E AMPLIAÇÃO DA EFG EM ARTES BASILEU FRANÇA, LOCALIZADA EM GOIÂNIA-GO. | AC3: REVISÃO: | AD3: ='CAPA - ORÇAMENTO'!$D$18 -> 00
B4: LOCAL: | C4: ='DADOS DA OBRA'!$B$15&", "&'DADOS DA OBRA'!$B$18&"" -> AVENIDA UNIVERSITÁRIA, N. 1750, SETOR UNIVERSITÁRIO
B5: MUNICÍPIO: | C5: ='DADOS DA OBRA'!$J$18 & "-" & 'DADOS DA OBRA'!$M$18 -> GOIÂNIA-GO
B12: CÓDIGO | C12: DESCRIÇÃO | D12: UNID. | E12: ENCARGOS SOCIAIS (%) | N12: ENCARGOS TRABALHISTAS (%) | X12: VERBAS RESCISÓRIAS (%) | AC12: REINCIDÊNCIAS (%) | AE12: TOTAL (%)
E13: A1 | F13: A2 | G13: A3 | H13: A4 | I13: A5 | J13: A6 | K13: A7 | L13: A8 | M13: A9 | N13: B1 | O13: B2 | P13: B3 | Q13: B4 | R13: B5 | S13: B6 | T13: B7 | U13: B8 | V13: B9 | W13: B10 | X13: C1 | Y13: C2 | Z13: C3 | AA13: C4 | AB13: C5 | AC13: D1 | AD13: D2
B14: 1 | C14: ENGENHEIRO | D14: mês | E14: 0.05 | F14: 0.08 | G14: 0.025 | H14: 0.015 | I14: 0.016 | J14: 0.002 | K14: 0.03 | L14: 0.01 | M14: 0 | N14: 0 | O14: 0 | P14: 0.090127101 | Q14: 0.008711775 | R14: 0.0004892415 | S14: 0.0007628965 | T14: 0.092387933 | U14: 0.0074016325 | V14: 0.0005197271 | W14: 0 | X14: 0.026164447 | Y14: 0.0006098967 | Z14: 0.03305681 | AA14: 0.03841281 | AB14: 0.0092520406 | AC14: 0.041071873 | AD14: 0.0022322122 | AE14: 0.5792
B15: 2 | C15: ENCARREGADO | D15: mês | E15: 0.05 | F15: 0.08 | G15: 0.025 | H15: 0.015 | I15: 0.016 | J15: 0.002 | K15: 0.03 | L15: 0.01 | M15: 0 | N15: 0 | O15: 0 | P15: 0.071712287 | Q15: 0.008707146 | R15: 0.0004889816 | S15: 0.0006991059 | T15: 0.092338843 | U15: 0.0073976996 | V15: 5.22085e-05 | W15: 0 | X15: 0.03757808 | Y15: 0.0009489457 | Z15: 0.05140617 | AA15: 0.037804681 | AB15: 0.0092471245 | AC15: 0.036741408 | AD15: 0.0032226061 | AE15: 0.5863
B16: 3 | C16: MESTRE DE OBRAS | D16: mês | E16: 0.05 | F16: 0.08 | G16: 0.025 | H16: 0.015 | I16: 0.016 | J16: 0.002 | K16: 0.03 | L16: 0.01 | M16: 0 | N16: 0 | O16: 0 | P16: 0.071712287 | Q16: 0.008707146 | R16: 0.0004889816 | S16: 0.0006991059 | T16: 0.092338843 | U16: 0.0073976996 | V16: 5.22085e-05 | W16: 0 | X16: 0.03757808 | Y16: 0.0009489457 | Z16: 0.05140617 | AA16: 0.037804681 | AB16: 0.0092471245 | AC16: 0.036741408 | AD16: 0.0032226061 | AE16: 0.5863
B17: 4 | C17: PEDREIRO | D17: h | E17: 0.05 | F17: 0.08 | G17: 0.025 | H17: 0.015 | I17: 0.016 | J17: 0.002 | K17: 0.03 | L17: 0.01 | M17: 0 | N17: 0.18450691 | O17: 0.047704828 | P17: 0.057103691 | Q17: 0.0087074406 | R17: 0.0004889981 | S17: 0.0007786734 | T17: 0.092341967 | U17: 0.0073979499 | V17: 6.5674e-06 | W17: 0 | X17: 0.04423689 | Y17: 0.0012186526 | Z17: 0.066018932 | AA17: 0.044769185 | AB17: 0.0092474374 | AC17: 0.086363344 | AD17: 0.003816804 | AE17: 0.8827
B18: 5 | C18: SERVENTE | D18: h | E18: 0.05 | F18: 0.08 | G18: 0.025 | H18: 0.015 | I18: 0.016 | J18: 0.002 | K18: 0.03 | L18: 0.01 | M18: 0 | N18: 0.18299755 | O18: 0.047308452 | P18: 0.045061146 | Q18: 0.0087094651 | R18: 0.0004891118 | S18: 0.0008940072 | T18: 0.092363437 | U18: 0.00739967 | V18: 0.0001237038 | W18: 0 | X18: 0.05231318 | Y18: 0.001441141 | Z18: 0.078090102 | AA18: 0.044331089 | AB18: 0.0092495874 | AC18: 0.08324084 | AD18: 0.0045136346 | AE18: 0.8865
B19: 6 | C19: ARMADOR | D19: h | E19: 0.05 | F19: 0.08 | G19: 0.025 | H19: 0.015 | I19: 0.016 | J19: 0.002 | K19: 0.03 | L19: 0.01 | M19: 0 | N19: 0.18147939 | O19: 0.046910046 | P19: 0.033481443 | Q19: 0.0087081277 | R19: 0.0004890367 | S19: 0.0008528023 | T19: 0.092349254 | U19: 0.0073985337 | V19: 1.13973e-05 | W19: 0 | X19: 0.06006707 | Y19: 0.0016547478 | Z19: 0.089650895 | AA19: 0.043893761 | AB19: 0.0092481671 | AC19: 0.080125584 | AD19: 0.0051826481 | AE19: 0.8895
B20: 8 | C20: AJUDANTE | D20: h | E20: 0.05 | F20: 0.08 | G20: 0.025 | H20: 0.015 | I20: 0.016 | J20: 0.002 | K20: 0.03 | L20: 0.01 | M20: 0 | N20: 0.18299755 | O20: 0.047308452 | P20: 0.045061146 | Q20: 0.0087094651 | R20: 0.0004891118 | S20: 0.0008940072 | T20: 0.092363437 | U20: 0.00739967 | V20: 0.0001237038 | W20: 0 | X20: 0.05231318 | Y20: 0.001441141 | Z20: 0.078090102 | AA20: 0.044331089 | AB20: 0.0092495874 | AC20: 0.08324084 | AD20: 0.0045136346 | AE20: 0.8865
B21: 10 | C21: CARPINTEIRO | D21: h | E21: 0.05 | F21: 0.08 | G21: 0.025 | H21: 0.015 | I21: 0.016 | J21: 0.002 | K21: 0.03 | L21: 0.01 | M21: 0 | N21: 0.18454519 | O21: 0.047714821 | P21: 0.057297394 | Q21: 0.0087080962 | R21: 0.0004890349 | S21: 0.0008452543 | T21: 0.092348919 | U21: 0.0073985069 | V21: 1.5314e-05 | W21: 0 | X21: 0.044109987 | Y21: 0.0012151567 | Z21: 0.065834498 | AA21: 0.044779601 | AB21: 0.0092481336 | AC21: 0.08643721 | AD21: 0.0038058547 | AE21: 0.8828
B22: 11 | C22: ENCANADOR | D22: h | E22: 0.05 | F22: 0.08 | G22: 0.025 | H22: 0.015 | I22: 0.016 | J22: 0.002 | K22: 0.03 | L22: 0.01 | M22: 0 | N22: 0.18359641 | O22: 0.047465761 | P22: 0.049916299 | Q22: 0.0087081739 | R22: 0.0004890393 | S22: 0.0008654754 | T22: 0.092349744 | U22: 0.0073985729 | V22: 4.0477e-06 | W22: 0 | X22: 0.049055717 | Y22: 0.0013514033 | Z22: 0.073216693 | AA22: 0.044505393 | AB22: 0.0092482162 | AC22: 0.084483436 | AD22: 0.0042325773 | AE22: 0.8849
B23: 12 | C23: ELETRICISTA | D23: h | E23: 0.05 | F23: 0.08 | G23: 0.025 | H23: 0.015 | I23: 0.016 | J23: 0.002 | K23: 0.03 | L23: 0.01 | M23: 0 | N23: 0.18414929 | O23: 0.047610858 | P23: 0.05414729 | Q23: 0.0087085728 | R23: 0.0004890617 | S23: 0.0009065418 | T23: 0.092353974 | U23: 0.0073989118 | V23: 8.8169e-06 | W23: 0 | X23: 0.046222584 | Y23: 0.0012733552 | Z23: 0.068991342 | AA23: 0.044664746 | AB23: 0.0092486398 | AC23: 0.085618618 | AD23: 0.0039881317 | AE23: 0.8838
B24: 13 | C24: POCEIRO | D24: h | E24: 0.05 | F24: 0.08 | G24: 0.025 | H24: 0.015 | I24: 0.016 | J24: 0.002 | K24: 0.03 | L24: 0.01 | M24: 0 | N24: 0.18187862 | O24: 0.047014879 | P24: 0.036645991 | Q24: 0.0087077238 | R24: 0.000489014 | S24: 0.0008177902 | T24: 0.09234497 | U24: 0.0073981905 | V24: 0 | W24: 0 | X24: 0.05794565 | Y24: 0.0015963061 | Z24: 0.086480635 | AA24: 0.04400951 | AB24: 0.0092477381 | AC24: 0.080950509 | AD24: 0.0049996098 | AE24: 0.8885
B25: 15 | C25: MONTADOR DE ESTRUT. METALICA | D25: h | E25: 0.05 | F25: 0.08 | G25: 0.025 | H25: 0.015 | I25: 0.016 | J25: 0.002 | K25: 0.03 | L25: 0.01 | M25: 0 | N25: 0.18366354 | O25: 0.047483312 | P25: 0.050306916 | Q25: 0.0087090012 | R25: 0.0004890858 | S25: 0.0009574396 | T25: 0.092358517 | U25: 0.0073992758 | V25: 7.1558e-06 | W25: 0 | X25: 0.048797202 | Y25: 0.0013442816 | Z25: 0.072837773 | AA25: 0.044523976 | AB25: 0.0092490947 | AC25: 0.0846154 | AD25: 0.0042102724 | AE25: 0.885
... B44: 39 | C44: APONTARIFE | D44: mês | E44: 0.05 | F44: 0.08 | G44: 0.025 | H44: 0.015 | I44: 0.016 | J44: 0.002 | K44: 0.03 | L44: 0.01 | M44: 0 | N44: 0 | O44: 0 | P44: 0.055215976 | Q44: 0.0087098641 | R44: 0.0004891342 | S44: 0.0008795468 | T44: 0.092367667 | U44: 0.0074000089 | V44: 0.0001839139 | W44: 0 | X44: 0.045512073 | Y44: 0.0012537818 | Z44: 0.067940914 | AA44: 0.037287876 | AB44: 0.0092500111 | AC44: 0.03305773 | AD44: 0.0039268281 | AE44: 0.5915
C48: Legenda:
C49: Classificação | D49: Parcela | E49: Descrição
C50: Grupo A - Encargos Sociais (%) | D50: A1 | E50: Previdência Social
D51: A2 | E51: FGTS
D52: A3 | E52: Salário Educação
D53: A4 | E53: SESC ou SESI | P53: CONSIDERAÇÕES SOBRE O USO DOS DADOS DESTA PLANILHA:
D54: A5 | E54: SENAI / SEBRAE | P54: 1. Para fins de apresentação dos valores percentuais obtidos para cada parcela dos encargos sociais e trabalhistas adotou-se apenas duas casas decimais em porcentagem, o que pode promover pequenas diferenças entre o valor divulgado na coluna Total (%) em relação a uma eventual soma dos valores visíveis das parcelas. 2. Sobre os encargos sociais e trabalhistas apresentados na presente tabela, não está aplicada a média móvel. A média móvel é parte da metodologia de cálculo dos salários e encargos sociais e trabalhistas, tendo por objetivo estabilizar os resultados e realizar o abrandamento das variações decorrentes de eventuais alterações nos tamanhos das amostras, por meio da utilização da média móvel aritmética (ou média móvel simples), com exceção dos encargos do Grupo A referentes às leis sociais. Assim, posteriormente à obtenção do somatório dos percentuais dos encargos dos grupos B, C e D, é aplicada a média móvel aritmética dos três últimos resultados dos somatórios dos encargos dos mesmos grupos, e adicionado o somatório do grupo A da referência atual, obtendo desta forma, os percentuais efetivamente utilizados no cálculo dos custos da Mão de Obra.
D55: A6 | E55: INCRA
D56: A7 | E56: Seguro Contra Risco e Acidente de Trabalho
D57: A8 | E57: SECONCI
D58: A9 | E58: FAE - Financiamento de Aposentadoria Especial
C59: Grupo B - Encargos Trabalhistas (%) | D59: B1 | E59: Repouso Semanal Remunerado - Domingos
D60: B2 | E60: Feriados
D61: B3 | E61: Férias Gozadas + 1/3
D62: B4 | E62: Auxílio Enfermidade
D63: B5 | E63: Auxílio Acidente de Trabalho
D64: B6 | E64: Licença Paternidade
D65: B7 | E65: 13° Salário
D66: B8 | E66: Faltas Justificadas
D67: B9 | E67: Férias sobre Licença Maternidade
D68: B10 | E68: Reciclagem Tecnológica
C69: Grupo C - Verbas Rescisórias (%) | D69: C1 | E69: Aviso Prévio Indenizado
D70: C2 | E70: Aviso Prévio Trabalhado
D71: C3 | E71: Férias Indenizadas + 1/3
D72: C4 | E72: Depósito por Rescisão Sem Justa Causa
D73: C5 | E73: Indenização Adicional
C74: Grupo D - Reincidências (%) | D74: D1 | E74: Reincidência de A sobre B
D75: D2 | E75: Reincidência de A sobre Aviso Prévio Trabalhado + Reincidência de FGTS sobre Aviso Prévio Indenizado
B78: FONTE: GOINFRA CIVIL - ENCARGOS SOCIAIS DEZEMBRO/2025
B502: CREA 101881435-3/D-GO CREA 1019149965D-GO

Sheet ENCARGOS TOTAIS (CD)
B1: DEMONSTRATIVO DE ENCARGOS TOTAIS COM DESONERAÇÃO GOIÁS - DEZEMBRO / 2025
Z2: DATA: | AA2: ='DADOS DA OBRA'!$J$21 -> 10/04/2026
B3: OBJETO: | C3: ='ORÇAMENTO RESUMO (SD)'!C3 -> CONCLUSÃO DO REMANESCENTE DA OBRA DE REFORMA E AMPLIAÇÃO DA EFG EM ARTES BASILEU FRANÇA, LOCALIZADA EM GOIÂNIA-GO. | Z3: REVISÃO: | AA3: ='CAPA - ORÇAMENTO'!$D$18 -> 00
B4: LOCAL: | C4: ='DADOS DA OBRA'!$B$15&", "&'DADOS DA OBRA'!$B$18&"" -> AVENIDA UNIVERSITÁRIA, N. 1750, SETOR UNIVERSITÁRIO
B5: MUNICÍPIO: | C5: ='DADOS DA OBRA'!$J$18 & "-" & 'DADOS DA OBRA'!$M$18 -> GOIÂNIA-GO
B12: CÓDIGO | C12: CATEGORIA | D12: UNIDADE | E12: SALÁRIO | F12: % INSALUBRIDADE/ PERICULOSIDADE | G12: INSALUBRIDADE / PERICULOSIDADE | H12: % ENCARGOS SOCIAIS | I12: ENCARGOS SOCIAIS (R$) | J12: ENCARGOS COMPLEMENTARES | T12: ENCARGOS ADICIONAIS | Z12: ENCARGOS TOTAIS | AB12: VALOR TOTAL
J13: ALIMENTAÇÃO | L13: EPI | N13: FERRAMENTA | P13: TRANSPORTE | R13: EXAM. OCUPACIONAL | T13: CESTA BÁSICA | V13: ASSIST. MÉDICA | X13: SEGURO DE VIDA
J14: % | K14: R$ | L14: % | M14: R$ | N14: % | O14: R$ | P14: % | Q14: R$ | R14: % | S14: R$ | T14: % | U14: R$ | V14: % | W14: R$ | X14: % | Y14: R$ | Z14: % | AA14: R$ | AB14: R$
B15: 35 | C15: ADMINISTRATIVO DE OBRAS | D15: mês | E15: 3102.081 | F15: 0 | G15: 0 | H15: 0.5827 | I15: 1807.5826 | J15: 0.2321 | K15: 719.96765 | L15: 0.0203 | M15: 62.94338 | N15: 0 | O15: 0 | P15: 0.0092 | Q15: 28.567998 | R15: 0.0017 | S15: 5.366626 | T15: 0 | U15: 0 | V15: 0 | W15: 0 | X15: 0.0032 | Y15: 9.98 | Z15: 0.849239 | AA15: 2634.4083 | AB15: 5736.48
B16: 8 | C16: AJUDANTE | D16: h | E16: 8.234 | F16: 0 | G16: 0 | H16: 0.8887 | I16: 7.317556 | J16: 0.4776 | K16: 3.932745 | L16: 0.0464 | M16: 0.382165 | N16: 0.0069 | O16: 0.056662 | P16: 0.0703 | Q16: 0.579038 | R16: 0.0039 | S16: 0.031751 | T16: 0 | U16: 0 | V16: 0 | W16: 0 | X16: 0.0066 | Y16: 0.054515 | Z16: 1.500417 | AA16: 12.354432 | AB16: 20.58
B17: 30 | C17: AJUDANTE DE CARPINTEIRO | D17: h | E17: 8.234 | F17: 0 | G17: 0 | H17: 0.8887 | I17: 7.317556 | J17: 0.4776 | K17: 3.932745 | L17: 0.0464 | M17: 0.382165 | N17: 0.0069 | O17: 0.056662 | P17: 0.0703 | Q17: 0.579038 | R17: 0.0039 | S17: 0.031751 | T17: 0 | U17: 0 | V17: 0 | W17: 0 | X17: 0.0066 | Y17: 0.054515 | Z17: 1.500417 | AA17: 12.354432 | AB17: 20.58
B18: 17 | C18: ALMOXARIFE/APONTADOR | D18: mês | E18: 2543.2 | F18: 0 | G18: 0 | H18: 0.5928 | I18: 1507.609 | J18: 0.2831 | K18: 719.96765 | L18: 0.027 | M18: 68.781621 | N18: 0 | O18: 0 | P18: 0.0244 | Q18: 62.100857 | R18: 0.002 | S18: 5.056897 | T18: 0 | U18: 0 | V18: 0 | W18: 0 | X18: 0.0039 | Y18: 9.98 | Z18: 0.933271 | AA18: 2373.496 | AB18: 4916.69
B19: 23 | C19: APLICADOR DE EPOXI | D19: h | E19: 11.56 | F19: 0 | G19: 0 | H19: 0.8751 | I19: 10.116156 | J19: 0.3402 | K19: 3.932745 | L19: 0.0419 | M19: 0.484546 | N19: 0.0069 | O19: 0.080158 | P19: 0.0293 | Q19: 0.339219 | R19: 0.0026 | S19: 0.029811 | T19: 0 | U19: 0 | V19: 0 | W19: 0 | X19: 0.0047 | Y19: 0.054515 | Z19: 1.300792 | AA19: 15.03715 | AB19: 26.59
B20: 39 | C20: APONTARIFE | D20: mês | E20: 3306.16 | F20: 0 | G20: 0 | H20: 0.5928 | I20: 1959.8916 | J20: 0.2178 | K20: 719.96765 | L20: 0.0208 | M20: 68.781621 | N20: 0 | O20: 0 | P20: 0.0049 | Q20: 16.323257 | R20: 0.0015 | S20: 5.056897 | T20: 0 | U20: 0 | V20: 0 | W20: 0 | X20: 0.003 | Y20: 9.98 | Z20: 0.840855 | AA20: 2780.0011 | AB20: 6086.16
B21: 6 | C21: ARMADOR | D21: h | E21: 11.56 | F21: 0 | G21: 0 | H21: 0.8908 | I21: 10.297648 | J21: 0.3402 | K21: 3.932745 | L21: 0.0425 | M21: 0.490999 | N21: 0.0041 | O21: 0.04714 | P21: 0.0293 | Q21: 0.339219 | R21: 0.0032 | S21: 0.036457 | T21: 0 | U21: 0 | V21: 0 | W21: 0 | X21: 0.0047 | Y21: 0.054515 | Z21: 1.314768 | AA21: 15.198723 | AB21: 26.75
B22: 28 | C22: AZULEJISTA | D22: h | E22: 11.56 | F22: 0 | G22: 0 | H22: 0.8819 | I22: 10.194764 | J22: 0.3402 | K22: 3.932745 | L22: 0.0419 | M22: 0.484546 | N22: 0.0026 | O22: 0.030375 | P22: 0.0293 | Q22: 0.339219 | R22: 0.0025 | S22: 0.029196 | T22: 0 | U22: 0 | V22: 0 | W22: 0 | X22: 0.0047 | Y22: 0.054515 | Z22: 1.303232 | AA22: 15.06536 | AB22: 26.62
B23: 34 | C23: CALCETEIRO | D23: h | E23: 11.56 | F23: 0 | G23: 0 | H23: 0.8895 | I23: 10.28262 | J23: 0.3402 | K23: 3.932745 | L23: 0.0331 | M23: 0.382165 | N23: 0.0588 | O23: 0.679706 | P23: 0.0293 | Q23: 0.339219 | R23: 0.0032 | S23: 0.037437 | T23: 0 | U23: 0 | V23: 0 | W23: 0 | X23: 0.0047 | Y23: 0.054515 | Z23: 1.358859 | AA23: 15.708407 | AB23: 27.26
B24: 20 | C24: CALHEIRO | D24: h | E24: 10.4164 | F24: 0 | G24: 0 | H24: 0.8861 | I24: 9.229972 | J24: 0.3776 | K24: 3.932745 | L24: 0.0471 | M24: 0.490999 | N24: 0.0653 | O24: 0.679706 | P24: 0.0405 | Q24: 0.421675 | R24: 0.0028 | S24: 0.029617 | T24: 0 | U24: 0 | V24: 0 | W24: 0 | X24: 0.0052 | Y24: 0.054515 | Z24: 1.424602 | AA24: 14.839229 | AB24: 25.25
B25: 10 | C25: CARPINTEIRO | D25: h | E25: 11.56 | F25: 0 | G25: 0 | H25: 0.8846 | I25: 10.225976 | J25: 0.3402 | K25: 3.932745 | L25: 0.0425 | M25: 0.490999 | N25: 0.0036 | O25: 0.041337 | P25: 0.0293 | Q25: 0.339219 | R25: 0.0023 | S25: 0.026772 | T25: 0 | U25: 0 | V25: 0 | W25: 0 | X25: 0.0047 | Y25: 0.054515 | Z25: 1.307229 | AA25: 15.111563 | AB25: 26.67
B26: 12 | C26: ELETRICISTA | D26: h | E26: 11.56 | F26: 0 | G26: 0 | H26: 0.8847 | I26: 10.227132 | J26: 0.3402 | K26: 3.932745 | L26: 0.0658 | M26: 0.760588 | N26: 0.0099 | O26: 0.114932 | P26: 0.0293 | Q26: 0.339219 | R26: 0.0024 | S26: 0.028054 | T26: 0 | U26: 0 | V26: 0 | W26: 0 | X26: 0.0047 | Y26: 0.054515 | Z26: 1.337127 | AA26: 15.457185 | AB26: 27.01
... B43: 16 | C43: VIGIA DE OBRA DIURNO (SALÁRIO X 1,0000)* | D43: mês | E43: 1613.6447 | F43: 0 | G43: 0 | H43: 0.5912 | I43: 953.98675 | J43: 0.4462 | K43: 719.96765 | L43: 0.0396 | M43: 63.974569 | N43: 0 | O43: 0 | P43: 0.073 | Q43: 117.87417 | R43: 0.0029 | S43: 4.609379 | T43: 0 | U43: 0 | V43: 0 | W43: 0 | X43: 0.0062 | Y43: 9.98 | Z43: 1.159111 | AA43: 1870.3925 | AB43: 3484.03
B45: FONTE: GOINFRA CIVIL - ENCARGOS TOTAIS DEZEMBRO/2025
B469: CREA 101881435-3/D-GO CREA 1019149965D-GO
